Workbook
Name AgencyCampus: Source!$F$2:$F$53
Name Independent_Verifier: '[1]Drop-Down Lists'!$H$2
Name Names: 'EV Charging Stations source'!#REF!
Name Official_Names: '[1]Drop-Down Lists'!$F$2:$F$352
Name State_Abbreviations: '[1]Drop-Down Lists'!$E$2:$E$51
Name Utility_Providers: '[1]Drop-Down Lists'!$G$2:$G$6

Sheet Intro & Instructions
A1: EXECUTIVE OFFICE OF ENERGY AND ENVIRONMENTAL AFFAIRS
A2: DEPARTMENT OF ENERGY RESOURCES
A3: Leading by Example Program
A4: Fiscal Year 2026 Energy Tracking and Reporting Form
A5: July 1, 2025 through June 30, 2026
A7: Leading by Example Program FY26 Energy Tracking and Reporting Form
A8: Measuring and tracking energy data for Massachusetts state agencies and public higher education is a critical component of the state’s Leading by Example Program (LBE). In order to track progress in meeting greenhouse gas, energy reduction targets, and renewable energy goals, collecting & analyzing agency and campus energy data is imperative.
A9: With the help of your agency, Leading by Example tracks energy consumption and cost data for a variety of fuel sources in the Commonwealth, as well as information on other sustainability efforts. Please use this form to submit your agency/campus FY26 energy data to LBE. The FY26 Tracking Form divides the fuels tracked into separate tabs for easier navigation. The summary boxes below describe information requested in each tab, as well as highlights any new additions to the FY26 form. Reporting should include all owned facilities within your agency/campus and be consistent from year to year.
A10: Thank you for working with us to track your energy and sustainability data for your facilities - we appreciate your time and effort!
A12: The deadline for submitting the FY26 Tracking Form is Friday, December 4, 2026.
A13: Please submit via email to Sophia Vitello (sophia.vitello@mass.gov).
A14: Please contact Sophia Vitello via email or by phone at 617-626-7353 if you need assistance in gathering your energy data.
A16: RECENT & UPDATED ELEMENTS OF FY26 TRACKING FORM
A17: General | C17: Where appropriate, we have automated additional tabs to pre-populate with previously submitted data. As with last year's form, ALL pre-populated fields rely on the selection of your agency/campus from the "Contact Information" tab dropdown. If not selected, no data will pre-populate. Additionally, you will no longer be able to select your agency/campus on individual tabs. We have also condensed or removed some sheets to try simplify the reporting process.
A18: Data Sources | C18: For the FY26 form, in an effort to relieve the reporting burden as much as possible on state entities, LBE has created a Data Sources tab that shows which categories of data LBE can collect from external resources such as utility databases that entities do not need to report in this form and which data we still rely on the entity to report.
A20: To the best of your ability, please enter the correct information and energy consumption data in the following tabs:
A21: Contact Info | B21: Select your agency/campus from the dropdown list provided and contact information will autpopulate. Additional fields are available for contact information that is incorrect or not listed.
A22: Square Footage | B22: Agency/campus square footage is pre-populated using your FY25 reported data. If square footage has changed from last year or is incorrect, please provide new/corrected square footage in the space provided. If you have added a new building or demolished an existing building, please provide as much information as possible in the fields provided.
A23: Electricity Consumption | B23: This tab includes electricity consumption and costs associated with grid electricity purchases, on-site generation, and net meter credit agreements. Please fill out electricity data for all the sources that apply to your facilities. Please note that we also ask for data on Renewable Energy Certificates and Alternative Energy Credits purchased/sold separate from the DCAMM state contract.
A24: Building Fuel Consumption | B24: This tab includes energy data associated with all building fuels except for electricity and on-site generation at buildings. Please enter consumption information for all non-electric building energy use in this tab, including natural gas, oil, propane, etc.
A25: Vehicle & Other Fuel Consumption | B25: This tab includes vehicle energy data, as well as energy data associated with any facility operations not attributed to building or vehicle use (e.g. fuel for boats/aircraft, landscaping equipment, etc.).
A26: Installed Clean Power | B26: On this tab you will find a pre-populated list of renewable, onsite generation, energy storage, and renewable thermal projects that have been reported to LBE for your agency/campus, along with their installed capacity. Please make any corrections, where necessary, and enter any additional renewable projects that you have installed.
A27: Vehicle Fleet | B27: This tab requests information about vehicle fleets. All LBE partners should respond to Sections I and II. Section III is applicable to those entities that do not purchase/lease vehicles through the Office of Vehicle Management (OVM). Please only include vehicles that are owned and operated by your agency or the Commonwealth. GVWR refers to the Gross Vehicle Weight Rating of an asset.
A28: EV Charging Stations | B28: This tab requests information about current and upcoming EV charging stations at your facilities.
A29: EE-Decarb Projects | B29: This tab includes a request for information on any energy efficiency or decarbonization projects that were initiated and/or completed in FY26.
A30: Embodied Carbon | B30: This tab includes a request for information on any projects that incorporated embodied carbon considerations in the decision-making process in FY26.
A31: Sustainability | B31: This tab requests information on a suite of sustainability efforts at your facilities including, waste diversion, water use & conervation, sustainable lanscaping activities, and other sustainability efforts not captured elsewhere in the tracking form.
A33: If a cell is highlighted in yellow, please make sure to check the values. If the highlighted data is incorrect, please include explanation if possible for any discrepancies.
A34: The deadline for submitting the FY26 Tracking Form is Friday, December 4, 2026.
A35: Please submit via email to Sophia Vitello (sophia.vitello@mass.gov).
A36: Please contact Sophia Vitello via email or by phone at 617-626-7353 if you need assistance in gathering your energy data.

Sheet Data Sources
A1: Please consult the list below to determine what data your entity needs to report (as compared to the data that LBE can collect through external resources). Contact sophia.vitello@mass.gov with any questions on the information below. As noted in column I, LBE relies on entity reporting for the additional form tabs, such as renewable deployment, sustainability efforts, and energy efficiency projects.
A3: Energy & Fuel Data Source Key
A4: MEI/CEI | B4: LBE collects data from online utility database. LBE is able to collect your entity's grid electricity and/or natural gas data from the online utility databases (MEI & CEI); LBE will provide utility usage numbers for your entity to review.
A5: Agency (highlighted in red) | B5: State entity must provide data. LBE is unable to collect this data from external resources and asks that your entity report this data.
A6: Agency (missing accounts in MEI) (highlighted in red) | B6: State entity must provide data. LBE is able to collect this data from its online utility database (MEI) but first needs your entity to report utility account numbers to ensure database can collect complete data.
A7: OSD | B7: LBE collects data from OSD vendor reports. LBE is able to collect data from the OSD statetwide contract vendor reports for delivered and/or vehicle fuels. If LBE currently lists OSD as the data source for delivered and/or vehicle fuels but your entity does not purchase off contract, please note that and report the correct number in the tracking form. Otherwise, LBE will provide these delivered/vehicle fuel usage numbers for your entity to review.
A8: OVM | B8: LBE collects data from OVM database. LBE is able to collect your entity's fleet inventory from the Office of Vehicle Management's (OVM) state fleet database. If your entity does not utilize OVM's database but OVM is listed as the source, please note that and report the correct fleet inventory either in the form or as an attachment.
A9: N/A (for propane) | B9: No propane usage N/A is listed for entities that have not used propane historically. If your entity is listed as N/A but did use propane in FY26, please report use and cost in the form.
A11: State Entity | B11: Grid Electricity | C11: Natural Gas | D11: Delivered Fuels | E11: Vehicle Fuels | F11: Propane | G11: Fleet | H11: EVSE | I11: All Other Form Tabs
A12: Berkshire Comm. College | B12: Agency (missing accounts in MEI) | C12: MEI | D12: Agency | E12: OSD | F12: N/A | G12: Agency | H12: Agency | I12: Agency
A13: Bridgewater State University | B13: Agency (missing accounts in MEI) | C13: Agency (missing accounts in MEI) | D13: OSD | E13: OSD | F13: N/A | G13: Agency | H13: Agency | I13: Agency
A14: Bristol Comm. College | B14: MEI | C14: Agency (missing accounts in MEI) | D14: Agency | E14: OSD | F14: N/A | G14: Agency | H14: Agency | I14: Agency
A15: Bunker Hill Comm. College | B15: MEI | C15: MEI | D15: Agency | E15: OSD | F15: N/A | G15: Agency | H15: Agency | I15: Agency
A16: Bureau of the State House | B16: MEI | C16: MEI | D16: OSD | E16: OSD | F16: N/A | G16: OVM | H16: Agency | I16: Agency
A17: Cape Cod Comm. College | B17: MEI | C17: MEI | D17: Agency | E17: OSD | F17: N/A | G17: Agency | H17: Agency | I17: Agency
A18: Chelsea Soldiers' Home | B18: MEI | C18: MEI | D18: OSD | E18: OSD | F18: N/A | G18: OVM | H18: Agency | I18: Agency
A19: Dept. of Conservation and Recreation | B19: MEI | C19: MEI | D19: OSD | E19: OSD | F19: Agency | G19: OVM | H19: Agency | I19: Agency
A20: Dept. of Correction | B20: MEI | C20: MEI | D20: OSD | E20: OSD | F20: Agency | G20: OVM | H20: Agency | I20: Agency
A21: Dept. of Developmental Services | B21: MEI | C21: MEI | D21: OSD | E21: OSD | F21: Agency | G21: OVM | H21: Agency | I21: Agency
A22: Dept. of Fire Services | B22: MEI | C22: MEI | D22: OSD | E22: OSD | F22: Agency | G22: OVM | H22: Agency | I22: Agency
... A61: Worcester State University | B61: Agency (missing accounts in MEI) | C61: Agency (missing accounts in MEI) | D61: Agency | E61: OSD | F61: Agency | G61: Agency | H61: Agency | I61: Agency

Sheet Contact Information 
A1: INSTRUCTIONS ON FILLING OUT TAB
A2: Contact Info | B2: Select your agency/campus from a dropdown list provided and contact information will auto-populate. If contact information is incorrect, please note changes where appropriate and clearly mark the change (highlighting, underlining, etc). If additional contacts should be included for your campus, please list them in the yellow boxes.
B3: Note: If your agency/campus is not selected from the dropdown menu below, subsequent tabs will not display any pre-populated data.
B4: Please answer all items in yellow, where appropriate.
A6: Contact Information
C8: Agency/Campus: | I8: Please select your answer from the dropdown
A10: Contact Name 1: | C10: =IFERROR(VLOOKUP($I$8,'Contacts Source'!$A$1:$Q$53,2,FALSE),"") -> - | I10: Email: | K10: =IFERROR(VLOOKUP($I$8,'Contacts Source'!$A$1:$Q$53,4,FALSE),"") -> -
A11: Title: | C11: =IFERROR(VLOOKUP($I$8,'Contacts Source'!$A$1:$Q$53,3,FALSE),"") -> - | I11: Phone: | K11: =IFERROR(VLOOKUP($I$8,'Contacts Source'!$A$1:$Q$53,5,FALSE),"") -> -
A13: Contact Name 2: | C13: =IFERROR(VLOOKUP($I$8,'Contacts Source'!$A$1:$Q$53,6,FALSE),"") -> - | I13: Email: | K13: =IFERROR(VLOOKUP($I$8,'Contacts Source'!$A$1:$Q$53,8,FALSE),"") -> -
A14: Title: | C14: =IFERROR(VLOOKUP($I$8,'Contacts Source'!$A$1:$Q$53,7,FALSE),"") -> - | I14: Phone: | K14: =IFERROR(VLOOKUP($I$8,'Contacts Source'!$A$1:$Q$53,9,FALSE),"") -> -
A16: Contact Name 3: | C16: =IFERROR(VLOOKUP($I$8,'Contacts Source'!$A$1:$Q$53,10,FALSE),"") -> - | I16: Email: | K16: =IFERROR(VLOOKUP($I$8,'Contacts Source'!$A$1:$Q$53,12,FALSE),"") -> -
A17: Title: | C17: =IFERROR(VLOOKUP($I$8,'Contacts Source'!$A$1:$Q$53,11,FALSE),"") -> - | I17: Phone: | K17: =IFERROR(VLOOKUP($I$8,'Contacts Source'!$A$1:$Q$53,13,FALSE),"") -> -
A19: Contact Name 4: | C19: =IFERROR(VLOOKUP($I$8,'Contacts Source'!$A$1:$Q$53,14,FALSE),"") -> - | I19: Email: | K19: =IFERROR(VLOOKUP($I$8,'Contacts Source'!$A$1:$Q$53,16,FALSE),"") -> -
A20: Title: | C20: =IFERROR(VLOOKUP($I$8,'Contacts Source'!$A$1:$Q$53,15,FALSE),"") -> - | I20: Phone: | K20: =IFERROR(VLOOKUP($I$8,'Contacts Source'!$A$1:$Q$53,17,FALSE),"") -> -

Sheet Contacts Source
A1: Agency | B1: Contact | C1: Contact Title | D1: Email | E1: Phone | F1: Alternate Contact | G1: Alternate Contact Title | H1: Alternate Email | I1: Alternate Phone | J1: Alternate Contact 2 | K1: Alternate Contact Title 2 | L1: Alternate Email 2 | M1: Alternate Phone 2 | N1: Alternate Contact 3 | O1: Alternate Contact Title 3 | P1: Alternate Email 3 | Q1: Alternate Phone 3
A2: Please select your answer from the dropdown | B2: - | C2: - | D2: - | E2: - | F2: - | G2: - | H2: - | I2: - | J2: - | K2: - | L2: - | M2: - | N2: - | O2: - | P2: - | Q2: -
A3: Berkshire Community College | B3: Jason Dion | C3: Director of Facilites | D3: jdion@berkshirecc.edu | E3: 413-236-3015 | F3: David Moran | G3: Building Maintenance Supervisor | H3: dmoran@berkshirecc.edu | I3: (413) 236-3028 | J3: - | K3: - | L3: - | M3: - | N3: - | O3: - | P3: - | Q3: -
A4: Bridgewater State University | B4: Patricia Delaney | C4: Asst. Director EH&S Officer | D4: PDELANEY@bridgew.edu | E4: 508-531-2751 | F4: Karen Jason | G4: Vice President Operations | H4: kjason@bridgew.edu | I4: 508-531-2750 | J4: Mark Carmody | K4: Associate Vice President Operations | L4: m1carmody@bridgew.edu | M4: 508-531-2972 | N4: - | O4: - | P4: - | Q4: -
A5: Bristol Community College | B5: Jo Ann Bentley | C5: Asst. VP of Administration & Finance | D5: JoAnn.Bentley@bristolcc.edu | E5: 508-678-2811 x3058 | F5: Barbara Cadima | G5: Facilities | H5: Barbara.Cadima@bristolcc.edu | I5: 774-357-2533 | J5: - | K5: - | L5: - | M5: - | N5: - | O5: - | P5: - | Q5: -
A6: Bunker Hill Community College | B6: Gary Bigelow | C6: Executive Director of Facilities | D6: gbigelow@bhcc.mass.edu | E6: 617-936-1985 | F6: - | G6: - | H6: - | I6: - | J6: - | K6: - | L6: - | M6: - | N6: - | O6: - | P6: - | Q6: -
A7: Bureau of the State House | B7: - | C7: - | D7: - | E7: - | F7: - | G7: - | H7: - | I7: - | J7: - | K7: - | L7: - | M7: - | N7: - | O7: - | P7: - | Q7: -
A8: Cape Cod Community College | B8: Joseph MacKinnon | C8: Director, Facilities Management | D8: jmackinnon@capecod.edu | E8: - | F8: Mark Waldruff | G8: Facilities Associate | H8: mwaldruff@capecod.edu | I8: 508-362-2131 x4324 | J8: Steve Zazzera | K8: Project Specialist | L8: szazzera@capecod.edu | M8: 774-330-4411 | N8: - | O8: - | P8: - | Q8: -
A9: Chelsea Soldiers' Home | B9: Robert Maniatis | C9: Chief Operating Officer | D9: robert.maniatis@mass.gov | E9: 617-887-7170 | F9: Scott Consaul | G9: Director of Facilities | H9: scott.consaul2@mass.gov | I9: 617-887-8691 | J9: - | K9: - | L9: - | M9: - | N9: - | O9: - | P9: - | Q9: -
A10: Dept. of Conservation and Recreation | B10: Ryan Kingston | C10: Decarbonization Planning Manager | D10: ryan.c.kingston@mass.gov | E10: - | F10: Susan F. Hamilton | G10: Assistant Deputy Commissioner | H10: susan.f.hamilton@mass.gov | I10: 617-719-8210 | J10: - | K10: - | L10: - | M10: - | N10: - | O10: - | P10: - | Q10: -
A11: Dept. of Correction | B11: Andy Bakinowski | C11: Environmental Consultant | D11: Andrew.W.Bakinowski@doc.state.ma.us | E11: (508)422-3660 | F11: - | G11: - | H11: - | I11: - | J11: - | K11: - | L11: - | M11: - | N11: - | O11: - | P11: - | Q11: -
A12: Dept. of Developmental Services | B12: - | C12: - | D12: - | E12: - | F12: - | G12: - | H12: - | I12: - | J12: - | K12: - | L12: - | M12: - | N12: - | O12: - | P12: - | Q12: -
... A43: Roxbury Community College | B43: Shami Qazi | C43: Director of Facilities | D43: sqazi@rcc.mass.edu | E43: - | F43: Ken Hall | G43: Facilities Manager | H43: khall@rcc.mass.edu | I43: - | J43: - | K43: - | L43: - | M43: - | N43: - | O43: - | P43: - | Q43: -
A44: Salem State University | B44: John Macdonald | C44: Energy Manager | D44: jmacdonald2@salemstate.edu | E44: 978-542-5147 | F44: Suzanne Gray | G44: Staff Associate | H44: sgray2@salemstate.edu | I44: 978-542-4839 | J44: Luigi Marcone | K44: AVP, Capital Planning and Facilities Management | L44: lmarcone@salemstate.edu | M44: 978-542-5137
A45: Springfield Technical Community College | B45: Debra Avery | C45: Senior Director of Facilities | D45: ddavery@stcc.edu | E45: 413-755-4607 | F45: Peter Smith | G45: Program Manager | H45: pm2301smith@stcc.edu | I45: 413-755-4688 | J45: - | K45: - | L45: - | M45: - | N45: - | O45: - | P45: - | Q45: -
A46: Trial Court | B46: - | C46: - | D46: - | E46: - | F46: - | G46: - | H46: - | I46: - | J46: - | K46: - | L46: - | M46: - | N46: - | O46: - | P46: - | Q46: -
A47: UMass Amherst | B47: Ezra Small | C47: Campus Sustainability Manager | D47: esmall@umass.edu | E47: 413-545-0799 | F47: - | G47: - | H47: - | I47: - | J47: - | K47: - | L47: - | M47: - | N47: - | O47: - | P47: - | Q47: -
A48: UMass Boston | B48: Janna Cohen-Rosenthal | C48: Sustainability & Resiliency Planner | D48: Janna.CohenRosenthal@umb.edu | E48: - | F48: Dennis Swinford | G48: Dir. Campus Planning & Sustainability | H48: dennis.swinford@umb.edu | I48: (617) 287-5162 | J48: - | K48: - | L48: - | M48: - | N48: - | O48: - | P48: - | Q48: -
A49: UMass Dartmouth | B49: Jamie Jacquart | C49: Asst. Director of Campus Sustainability | D49: jjacquart@umassd.edu | E49: 508-999-8880 | F49: J. Jerue | G49: Assistant Vice Chancellor for Facilities Operations | H49: jjerue@umassd.edu | I49: 508-999-9216 | J49: Karen Parker | K49: Director of Facilities Operations | L49: kparker8@umassd.edu | M49: 508-999-8100 | N49: -- | O49: -- | P49: -- | Q49: --
A50: UMass Lowell | B50: Nicole Kelly | C50: Assistant Director, Office of Sustainability | D50: Nicole_Kelly@uml.edu | E50: 978-934-2303 | N50: - | O50: - | P50: - | Q50: -
A51: UMass Medical | B51: Suzanne Wood | C51: Sustainability & Energy Manager | D51: suzanne.wood@umassmed.edu | E51: 508-856-6324 | F51: - | G51: - | H51: - | I51: - | J51: - | K51: - | L51: - | M51: - | N51: - | O51: - | P51: - | Q51: -
A52: Westfield State University | B52: Thomas Therrien | C52: Exec. Director, Facilities & Operations | D52: ttherrien@westfield.ma.edu | E52: 413-572-8689 | F52: Shawn Robbins | G52: Director, Environmental Health and Safety | H52: srobbins@westfield.ma.edu | I52: 413-572-5209 | J52: - | K52: - | L52: - | M52: - | N52: - | O52: - | P52: - | Q52: -
A53: Worcester State University | B53: Nancy Ramsdell | C53: Director Operations & Planning Support Services, Facilities | D53: nramsdell@worcester.edu | E53: 508-929-8720 | F53: Jill Parrett | H53: jparrett@worcester.edu | J53: - | K53: - | L53: - | M53: - | N53: - | O53: - | P53: - | Q53: -

Sheet Square Footage
A1: INSTRUCTIONS ON FILLING OUT TAB
A2: Square Footage | D2: Select your agency/campus from a dropdown list provided and provide square footage and space optimization information. If you have added a new building or demolished an existing building, please provide an occupancy date.
D3: Please answer items in yellow, where applicable.
A5: Square Footage & Space Optimization
A6: LBE is tracking Energy Usage Intensity (EUI: kBtu/SF) for the various agencies. We use your square footage to determine the EUI for your overall agency. If square footage has changed since last year, please use the space in Question 2 for updated square footage for FY26 and include occupancy dates/details for any new buildings.
A8: 1 | B8: Current square footage in LBE database (as reported in your last tracking form submission) | K8: =IFERROR(VLOOKUP('Contact Information '!I8,Source!$F$3:$G$53,2,FALSE), "Please Select Your Agency/Campus on Contact Tab") -> Please Select Your Agency/Campus on Contact Tab
A10: 2 | B10: Should LBE use the above square footage for FY26 reporting? | K10: Please Select
B11: =IF(K10="no","Please provide updated FY26 square footage here -->","")
A13: If reporting a different square footage from last year, please indicate the increases or decreases in square footage and provide available details below
A14: Name of Building | E14: Building Type | H14: Square Footage | K14: Type of Change (+/-) | N14: Date of Change | Q14: Approximate Date of Change
A22: Please provide any additional notes regarding square footage changes below:

Sheet Electricity Consumption
A1: INSTRUCTIONS ON FILLING OUT TAB
A2: Electricity | B2: This tab includes electricity consumption and costs associated with grid electricity purchases, on-site generation, and net meter credit agreements. Please fill out electricity data for all the sources that apply to your facilities. Please note that we also ask for data on Renewable Energy Certificates, Alternative Energy Credits and SMART incentives. If these incentives are managed by DCAMM, you do not need to report as part of this tracking form submission. If these incentives are managed by your agency/campus or another entity separate from DCAMM, please report any available information in Section V below. If "Calculated Rate" cell is highlighted, please verify the total consumption and cost.
B3: Please answer all items in yellow if applicable.
A5: Electricity Purchases, On-site Generation, Net-metering & RECs/AECs
A6: Section I: Grid electricity purchases
A7: Section II: On-site power generation owned and operated by Commonwealth
A8: Section III: On-site power generation through power purchase agreement
A9: Section IV: Net metering credit purchase agreements
A10: Section V: Energy credits. Please include RECs/AECs sold or purchased through state contract vendors or others
A12: Section I
A13: Grid Electricity Purchases
A14: CATEGORY | B14: FY26 CONSUMPTION | C14: UNIT* | D14: TOTAL COST (Include Supply + T&D) | E14: CALCULATED RATE | F14: NOTES
A15: Grid Electricity | C15: kWh | E15: =IFERROR(D15/B15,0) -> 0
A17: Section II
A18: OnSite Generation - State Owned
A19: On-site power generation owned and operated by Commonwealth
A20: CATEGORY | B20: FY26 GENERATION | C20: UNIT* | D20: REQUESTED INFORMATION (highlighted cells only) | F20: NOTES
A21: CHP/ Co-Generation
A22: Onsite Electricity Generation | B22: 0 | C22: kWh | D22: List fuel used for equipment
A23: Onsite Thermal Output | B23: 0 | C23: kBtu
A24: Solar PV
A25: Generation consumed on site | B25: 0 | C25: kWh
A26: Excess Generation to Grid | B26: 0 | C26: kWh
A27: Wind
A28: Generation consumed on site | B28: 0 | C28: kWh
A29: Excess Generation to Grid | B29: 0 | C29: kWh
A30: Hydro
A31: Generation consumed on site | B31: 0 | C31: kWh
A32: Excess Generation to Grid | B32: 0 | C32: kWh
A33: Anaerobic Digestion (AD)
A34: Generation consumed on site | B34: 0 | C34: kWh
A35: Excess Generation to Grid | B35: 0 | C35: kWh
A36: Other Renewables
A37: Generation consumed on site | B37: 0 | C37: kWh | D37: List renewable type
A38: Excess Generation to Grid | B38: 0 | C38: kWh
A40: Section III
A41: OnSite Generation - PPA
A42: Power generation through power purchase agreement
A43: CATEGORY | B43: FY26 GENERATION | C43: UNIT* | D43: RATE | E43: TOTAL EXPENDITURES | F43: REQUESTED INFORMATION (highlighted cells only) | G43: NOTES
A44: CHP/ Co-Generation
A45: Onsite Electricity Generation | B45: 0 | C45: kWh | D45: =IFERROR(E45/B45,) -> 0 | E45: 0 | F45: List fuel used for equipment
A46: Onsite Thermal Output | B46: 0 | C46: kBtu | D46: =IFERROR(E46/B46,) -> 0 | E46: 0
A47: Solar PV
A48: Generation consumed on site | B48: 0 | C48: kWh | D48: =IFERROR(E48/B48,) -> 0 | E48: 0
A49: Excess Generation to Grid | B49: 0 | C49: kWh | D49: =IFERROR(E49/B49,) -> 0 | E49: 0
A50: Wind
A51: Generation consumed on site | B51: 0 | C51: kWh | D51: =IFERROR(E51/B51,) -> 0 | E51: 0
A52: Excess Generation to Grid | B52: 0 | C52: kWh | D52: =IFERROR(E52/B52,) -> 0 | E52: 0
A53: Hydro
A54: Generation consumed on site | B54: 0 | C54: kWh | D54: =IFERROR(E54/B54,) -> 0 | E54: 0
A55: Excess Generation to Grid | B55: 0 | C55: kWh | D55: =IFERROR(E55/B55,) -> 0 | E55: 0
A56: Anaerobic Digestion (AD)
A57: Generation consumed on site | B57: 0 | C57: kWh | D57: =IFERROR(E57/B57,) -> 0 | E57: 0
A58: Excess Generation to Grid | B58: 0 | C58: kWh | D58: =IFERROR(E58/B58,) -> 0 | E58: 0
A59: Other Renewables
A60: Generation consumed on site | B60: 0 | C60: kWh | D60: =IFERROR(E60/B60,) -> 0 | E60: 0 | F60: List renewable type
A61: Excess Generation to Grid | B61: 0 | C61: kWh | D61: =IFERROR(E61/B61,) -> 0 | E61: 0 | F61: List renewable type
A63: Section IV
A64: Net metering credit purchase agreements (off-take only)
A65: Project Name | B65: Net Metering Generation (kWh) | D65: Net-metering Credit ($) | E65: Net Savings (S) | F65: Renewable Technology Type | G65: Size of Installation Off-Take Portion Only (MW)
B67: 0 | D67: 0 | E67: =IFERROR(D67/B67,0) -> 0 | F67: Select Technology
A68: =IF(F67="other","Please provide 'Other' technology details here","")
B69: 0 | D69: 0 | E69: =IFERROR(D69/B69,0) -> 0 | F69: Select Technology
B70: 0 | D70: 0 | E70: =IFERROR(D70/B70,0) -> 0 | F70: Select Technology
B72: 0 | D72: 0 | E72: =IFERROR(D72/B72,0) -> 0 | F72: Select Technology
A74: Section V
A75: AECs, RECs and SMART Incentives
A76: If incentives are managed by DCAMM, you do not need to report as part of this tracking form submission.
A77: If managed by your agency/campus or another entity separate from DCAMM, please report any available information below.
A78: Category | B78: FY26 Purchased/Sold | C78: Unit* | D78: Total Revenue/Cost (S) | E78: Notes
A79: Alternative Energy Certificates
A80: AECs Sold | B80: 0 | C80: AEC | D80: 0
A81: Renewable Energy Certificates
A82: MA Class I Sold | B82: 0 | C82: REC | D82: 0
A83: MA Class II Sold | B83: 0 | C83: REC | D83: 0
A84: MA SRECs Sold | B84: 0 | C84: REC | D84: 0
A85: Other RECs Sold | B85: 0 | C85: REC | D85: 0
A86: Additional RECs Purchased
B87: 0 | C87: REC | D87: 0 | E87: REC details (certified by, technology, location of installation):
A88: Project Name | B88: FY26 Qualified Generation Units (MW) | D88: Total Revenue ($) | E88: Installation Size | F88: Project Type | G88: Notes
A89: SMART Incentives
B90: 0 | D90: 0 | F90: Select System Type
B91: 0 | D91: 0 | F91: Select System Type
B92: 0 | D92: 0 | F92: Select System Type

Sheet Building Fuel Consumption
A1: INSTRUCTIONS ON FILLING OUT TAB
A2: Other Building Fuels | B2: This tab includes energy data associated with all building fuels except for electricity and on-site generation at buildings. Please enter consumption information all non-electric building energy use in this tab, including natural gas, oil, propane, etc. If "Calculated Rate" cell is highlighted, please verify the total consumption and cost.
B3: Please answer all items in yellow, if applicable.
A5: Building Energy Use (Fuels other than Electricity)
A6: CATEGORY | B6: FY26 CONSUMPTION | C6: UNIT | D6: TOTAL COST | E6: CALCULATED RATE | F6: ADDITIONAL INFORMATION | G6: NOTES
A7: Natural Gas | B7: 0 | C7: therms | D7: 0 | E7: =IFERROR(D7/B7,0) -> 0
A8: Liquid Natural Gas | B8: 0 | C8: therms | D8: 0 | E8: =IFERROR(D8/B8,0) -> 0
A10: Fuel Oil #2 for Buildings/CHP | B10: 0 | C10: gallons | D10: 0 | E10: =IFERROR(D10/B10,0) -> 0
A11: Diesel for Buildings/CHP
A12: Bioheat #2 Heating Oil | B12: 0 | C12: gallons | D12: 0 | E12: =IFERROR(D12/B12,0) -> 0
A13: Fuel Oil #2 for Emergency Generators
A14: Diesel for Emergency Generators | B14: 0 | C14: gallons | D14: 0 | E14: =IFERROR(D14/B14,0) -> 0
A15: Fuel Oil #4 | B15: 0 | C15: gallons | D15: 0 | E15: =IFERROR(D15/B15,0) -> 0
A16: Fuel Oil #6 | B16: 0 | C16: gallons | D16: 0 | E16: =IFERROR(D16/B16,0) -> 0
A17: Propane (cooking and/or heating) | B17: 0 | C17: gallons | D17: 0 | E17: =IFERROR(D17/B17,0) -> 0
A19: Purchased Steam | B19: 0 | C19: mlbs | D19: 0 | E19: =IFERROR(D19/B19,0) -> 0
A20: Wood Chips | B20: 0 | C20: tons | D20: 0 | E20: =IFERROR(D20/B20,0) -> 0
A21: Pellets | B21: 0 | C21: tons | D21: 0 | E21: =IFERROR(D21/B21,0) -> 0
A22: Other (please list) | B22: 0 | C22: Select Units | D22: 0 | E22: =IFERROR(D22/B22,0) -> 0
A24: For purchased bioheat, please provide any available information below:
A25: Vendor Name
A26: Blend (e.g. B5, B10, B20, etc.)
A27: Bioheat source (e.g. soy, cooking oil, etc.)
A28: Associated emission reductions
A29: Do you know if the fuel meets APS eligibility requirements?

Sheet Vehicle&Other Fuel Consumption
A1: INSTRUCTIONS ON FILLING OUT TAB
A2: Vehicle & Other Fuels | B2: This tab includes vehicle energy data, as well as energy data associated with any facility operations not attributed to building or vehicle use (e.g. fuel for boats/aircraft, landscaping equipment, etc.). If an "Calculated Rate" cell is highlighted, please verify the total consumption and cost.
B3: Please answer all items in yellow if applicable.
A5: Vehicle Energy Use
A6: FUEL TYPE | B6: FY26 CONSUMPTION | C6: UNIT | D6: TOTAL COST | E6: CALCULATED RATE | F6: ADDITIONAL INFORMATION | G6: NOTES
A7: Gasoline | B7: 0 | C7: gallons | D7: 0 | E7: =IFERROR(D7/B7,0) -> 0
A8: Diesel | B8: 0 | C8: gallons | D8: 0 | E8: =IFERROR(D8/B8,0) -> 0
A9: Renewable Diesel | B9: 0 | C9: gallons | D9: 0 | E9: =IFERROR(D9/B9,0) -> 0 | F9: Note feedstocks (i.e., used cooking oil)
A10: Biodiesel blend | B10: 0 | C10: gallons | D10: 0 | E10: =IFERROR(D10/B10,0) -> 0
A11: Ethanol (E85) | B11: 0 | C11: gallons | D11: 0 | E11: =IFERROR(D11/B11,0) -> 0
A12: Compressed Natural Gas (CNG) | B12: 0 | C12: gallons | D12: 0 | E12: =IFERROR(D12/B12,0) -> 0
A13: Propane | C13: gallons | E13: =IFERROR(D13/B13,0) -> 0
A14: Jet Fuel | B14: 0 | C14: gallons | D14: 0 | E14: =IFERROR(D14/B14,0) -> 0
A15: Electric | B15: 0 | C15: kWh | D15: 0 | E15: =IFERROR(D15/B15,0) -> 0 | F15: Is this kWh included in your overall grid electricity value?
A16: Other | B16: 0 | C16: Select Units | D16: 0 | E16: =IFERROR(D16/B16,0) -> 0
A18: Other Fuel Energy Use
A19: Please provide below consumption data for fuels use to provide power, heat or other energy to needs that are not associated with the day to day operations and building maintenance of state facilities. Examples of this may include, but are not limited to, fuel used for training, industrial, grounds maintenance, or maritime purposes.
A20: FUEL TYPE | B20: FY26 CONSUMPTION | C20: UNIT | D20: TOTAL COST | E20: CALCULATED RATE | F20: FUEL PURPOSE | G20: NOTES
B21: 0 | D21: 0 | E21: =IFERROR(D21/B21,0) -> 0
B22: 0 | D22: 0 | E22: =IFERROR(D22/B22,0) -> 0
B23: 0 | D23: 0 | E23: =IFERROR(D23/B23,0) -> 0
B24: 0 | D24: 0 | E24: =IFERROR(D24/B24,0) -> 0
B25: 0 | D25: 0 | E25: =IFERROR(D25/B25,0) -> 0
B26: 0 | D26: 0 | E26: =IFERROR(D26/B26,0) -> 0
A28: For purchased biofuel, please provide any available information below:
A29: Vendor Name
A30: Blend (e.g. B5, B10, B20, etc.)
A31: Bioheat source (e.g. soy, cooking oil, etc.)
A32: Associated emission reductions

Sheet Source
A1: Select Technology | B1: Select Technology | D1: Select Units | F1: Agency | G1: FY25 Square Footage | I1: Please Select | L1: NG Units | M1: Fuel Oil Units | N1: Propane | O1: Woods | P1: Steam | Q1: other | S1: Please Select | T1: Please Select | U1: Please Select | V1: Please Select | W1: Please Select | X1: Please Select | Z1: Select Ownership Model | AB1: Please Select | AD1: Please Select | AG1: Select System Type | AI1: Select Ownership Model | AK1: Please Select from the Dropdown | AM1: Select System Type | AO1: Please Select | AQ1: Other - Please Select | AS1: Please Select | AV1: Please Select | AZ1: Please Select | BC1: Do you have irrigation | BD1: Irrigation assessment | BE1: Irrigation tracking | BG1: Please Select
A2: Anaerobic Digestion | B2: Air source heat pump | D2: MMBtu | F2: Please select your answer from the dropdown | G2: - | I2: Yes | L2: therms | M2: gallons | N2: gallons | O2: tons | P2: mlbs | Q2: therms | S2: Yes | T2: Yes | U2: 1 station | V2: 3 Heads | W2: Level 1 | X2: Single Head | Z2: Agency/State Owned | AB2: Public | AD2: No Changes, Please Use Last Year's Data | AG2: Energy Storage (Stand alone) | AI2: Site owned & operated | AK2: Peak demand mgmt/energy cost savings | AM2: Behind-the-Meter | AO2: Single stream | AQ2: CNG | AS2: Yes | AV2: Implemented | AZ2: Peak demand mgmt/energy cost savings | BC2: Yes | BD2: Yes | BE2: Yes | BG2: Zero-turn mower
A3: Clean Combined Heat and Power (CHP)/Co-Generation | B3: Biomass | D3: MW | F3: Berkshire Community College | G3: 304401 | I3: No | L3: CCF | M3: barrels | N3: other | O3: Btu | P3: Btu | Q3: CCF | S3: No | T3: No | U3: 2-5 stations | V3: Plugs | W3: Level 2 | X3: Dual Head | Z3: Power Purchase Agreement | AB3: Fleet Charging Only | AD3: Some Changes, Please See Updates Below | AG3: Energy Storage (Paired w/ RPS Class 1 resource) | AI3: 3rd part-owned & operated | AK3: Integration with on-site renewables | AM3: Standalone (w/ off-takers) | AO3: Multi-stream | AQ3: LNG | AS3: No | AV3: In Progress | AZ3: Integration with on-site renewables | BC3: No | BD3: No | BE3: No | BG3: Stand-on mower
A4: Hydro | B4: Clean Combined Heat and Power (CHP) | D4: kW | F4: Bridgewater State University | G4: 2062731 | I4: Not sure | L4: Btu | M4: other | O4: MMBtu | P4: MMBtu | Q4: Btu | S4: Do Not Generate | T4: Not Sure | U4: 5-8 stations | W4: Fast Charger | X4: Other | Z4: Other | AB4: Employee Charging Only | AD4: Never Reported, All New Data | AG4: Energy Storage (Paired w/ RPS Class 2 resource) | AI4: Other (please describe in notes) | AK4: Resilience & power backup | AM4: Standalone (w/o off-takers) | AO4: Other | AQ4: LPG | AS4: Not sure? | AV4: Planned | AZ4: Resilience & power backup | BC4: Unsure | BD4: Maybe | BG4: Ride-on mower
A5: Wind | B5: Ground source heat pump | D5: kBtu/hr | F5: Bristol Community College | G5: 404491 | L5: MMBtu | O5: kW | P5: other | Q5: MMBtu | S5: Do Not Know | T5: n/a | U5: more than 5 stations | V5: Other | W5: Other | AB5: Other | AG5: Other | AK5: Revenue generation | AQ5: Propane | AS5: Help! What's EO594?! | AV5: Unsure | AZ5: Revenue generation | BG5: Push mower
A6: Solar PV (Building) | B6: Solar Thermal | D6: Gallons | F6: Bunker Hill Community College | G6: 481475 | L6: gallons | O6: other | Q6: gallons | AK6: Other | AQ6: Dual-fuel/Bi-fuel | AZ6: Multiple - please list at right | BG6: Leaf blower
A7: Solar PV (Ground) | B7: Other | D7: Other | F7: Bureau of the State House | G7: 650000 | L7: other | Q7: barrels | BG7: String trimmer
A8: Solar PV (Canopy) | F8: Cape Cod Community College | G8: 330254 | Q8: other | BG8: Pole saw
A9: Other | F9: Chelsea Soldiers' Home | G9: 721058 | BG9: Chainsaw
F10: Dept. of Conservation and Recreation | G10: N/A | BG10: Other
F11: Dept. of Correction | G11: 5903400
F12: Dept. of Developmental Services | G12: 1238051
A13: Decarb/Electrification Projects | F13: Dept. of Fire Services | G13: 201174
A14: Decarb Plan/Roadmap | F14: Dept. of Fish and Game | G14: N/A
A15: Project Implementation | F15: Dept. of Mental Health | G15: 1812030
F16: Dept. of Public Health | G16: 2481221
F17: Dept. of State Police | G17: 781119
F18: Dept. of Youth Services | G18: 559530
F19: Div. of Capital Asset Management | G19: 2856249
F20: Environmental Police | G20: N/A
F21: Fitchburg State University | G21: 1589858
F22: Framingham State University | G22: 1444264
F23: Greenfield Community College | G23: 305637
F24: Holyoke Community College | G24: 594566
F25: Holyoke Soldiers' Home | G25: 228576
F26: MA Data Centers | G26: N/A
F27: Mass. Bay Community College | G27: 349412
F28: Mass. Bay Transportation Authority | G28: 9754756
F29: Mass. College of Art & Design | G29: 1147269
F30: Mass. College of Liberal Arts | G30: 797073
F31: Mass. Maritime Academy | G31: 750859
F32: Mass. Water Resources Authority | G32: N/A
F33: Massasoit Community College | G33: 562339
F34: MassDEP - owned | G34: 21828
F35: MassDOT - Highway & Turnpike Divisions | G35: N/A
F36: MassPort Authority | G36: N/A
F37: Middlesex Community College | G37: 479716
F38: Military Division | G38: 1356040
F39: Mount Wachusett Community College | G39: 537032
F40: North Shore Community College | G40: 497777
F41: Northern Essex Community College | G41: 522938
F42: Quinsigamond Community College | G42: 368529
F43: Roxbury Community College | G43: 421634
F44: Salem State University | G44: 1570136
F45: Springfield Technical Community College | G45: 1072079
F46: Trial Court | G46: 4906180
F47: UMass Amherst | G47: 13119822
F48: UMass Boston | G48: 3072218
... F53: Worcester State University | G53: 1240765

Sheet Vehicle Fleet
A1: INSTRUCTIONS ON FILLING OUT TAB
A2: Vehicle Fleet | B2: This tab requests information about vehicle fleets. All LBE partners should respond to Section I. Section II is applicable only to those entities that do not purchase/lease vehicles through the Office of Vehicle Management (OVM). Please only include leased and owned on-road vehicles that are operated by your agency or the Commonwealth.
B3: Please answer all items in yellow where applicable.
B4: Section I: Current and future fleet questions. Please answer to the best of your ability.
B5: Section II: Fleet Overview & Inventory. Please provide the requested fleet information and inventory (if possible) as indicated.
A7: Section I: Fleet Questions
A8: Please answer the related fleet questions below before proceeding to the next section.
A9: Have you purchased/leased or do you plan on acquiring any zero-emission vehicles (battery electric/plug-in hybrid electric) in FY26? (Note: If you would like support or assistance in deploying charging for these vehicles, please see EV Charging tab) | J9: Please Select
A10: If possible, please provide any available details below
A13: If yes, please provide an estimate of the number of zero-emission vehicles you have acquired or plan to acquire in FY26. | J13: ##
A17: Would you like assistance with planning or purchasing of zero-emissions assets for your fleet (e.g. fleet analysis, ZEV model information, grant application support, etc)? | J17: Please Select
A18: If possible, please indicate any assitance you are seeking
A22: Section II: Fleet Overview & Inventory
A23: For agencies/campuses that do not purchase/lease through OVM please provide data, where available, for yellow sections below. If you would prefer that LBE send you the current fleet overview we have on file for your entity to update, please reach out to Sophia (sophia.vitello@mass.gov). If available, LBE kindly asks that you also submit a detailed fleet inventory with this tracking form (it can be a simple Excel spreadsheet with make, model, fuel type, vehicle class/GVWR if possible).
A24: Light Duty Vehicles (0 - 8,500 lbs)
A25: Fuel Type | C25: Passenger Cars | D25: SUVs | E25: Pickup Trucks | F25: Passenger Vans | G25: Cargo Vans | H25: Neighboorhood/ Utility Vehicles* | I25: Motorcycles | J25: Notes
A26: Gasoline
A27: Diesel
A28: Hybrid Electric (HEV)
A29: Plug-in Hybrid Electric (PHEV)
A30: Battery Electric (BEV)
A31: Other - Please Select
A32: Other - Please Select
A33: Other - Please Select
A34: TOTAL | C34: =SUM(C26:C33) -> 0 | D34: =SUM(D26:D33) -> 0 | E34: =SUM(E26:E33) -> 0 | F34: =SUM(F26:F33) -> 0 | G34: =SUM(G26:G33) -> 0 | H34: =SUM(H26:H33) -> 0 | I34: =SUM(I26:I33) -> 0
A35: *includes light-duty plated assets that can technically drive on roads such as GEMs, Gators, UTVs, etc.
G36: Total LD Fleet Vehicles (<8,501 lbs) | I36: =SUM(C34:I34) -> 0 | J36: If calculated fleet total is incorrect, please indicate below
C39: Medium Duty Vehicles (8,501 - 14,000 lbs) | G39: Heavy Duty (>14,000 lbs)
A40: Fuel Type | C40: Pickup Trucks | D40: Passenger Vans | E40: Cargo Vans | F40: Other Medium Duty | G40: Trucks | H40: Other Heavy Duty | I40: Notes
A41: Gasoline
A42: Diesel
A43: Hybrid Electric (HEV)
A44: Plug-in Hybrid Electric (PHEV)
A45: Battery Electric (BEV)
A46: Other - Please Select
A47: TOTAL | C47: =SUM(C41:C46) -> 0 | D47: =SUM(D41:D46) -> 0 | E47: =SUM(E41:E46) -> 0 | F47: =SUM(F41:F46) -> 0 | G47: =SUM(G41:G46) -> 0 | H47: =SUM(H41:H46) -> 0
G49: Total MD/HD Fleet Vehicles (>8,500 lbs) | I49: =SUM(C47:H47) -> 0 | J49: If calculated fleet total is incorrect, please indicate below
A53: Do you have any off-road vehicles/equipment in your fleet (ATV, tractor, excavator, bulldozer, sweeper, etc.)? | J53: Please Select
A54: If possible, please provide the number of off-road vehicles

Sheet EV Charging Stations
A1: INSTRUCTIONS ON FILLING OUT TAB
A2: EV Charging Stations | C2: On this tab you will find a list of EV charging stations that have been reported to LBE for your agency/campus, along with charging station details. Please make any corrections where necessary and enter any additional stations that you have installed.
C3: Note: Dropdown lists will help to populate fields. If you have additional information not included in the lists, please make a note of this in the "Notes" section.
C4: Please answer all items in yellow where applicable.
C6: Agency/Campus: | E6: ='Contact Information '!I8 -> Please select your answer from the dropdown
A9: EV Charging Stations
A10: Section I | B10: Existing EV Charging Stations. This EV charging stations section is pre-populated, please verify and correct.
A11: Section II | B11: Expected EV Charging Stations. Please add any EV charging stations that are planned or in progress.
A13: SECTION I
A14: EV Charging Stations at State Facilities
A15: Please review the pre-populated list, where applicable enter details in Corrections/Notes column.
A16: If you have additional EV charging stations that are not in the pre-populated list, please add them in yellow rows below.
B17: Site | C17: Site Details | D17: Type of Charger | E17: # of stations | F17: # of ports | G17: Installation Date | H17: Access Type (e.g., Public, Fleet) | I17: Corrections/Notes
A18: 1 | B18: =IFERROR(VLOOKUP($E$6&$A18,'EV Charging Stations source'!$A:$K,4,FALSE),"") | C18: =IFERROR(VLOOKUP($E$6&$A18,'EV Charging Stations source'!$A:$K,5,FALSE),"") | D18: =IFERROR(VLOOKUP($E$6&$A18,'EV Charging Stations source'!$A:$K,6,FALSE),"") | E18: =IFERROR(VLOOKUP($E$6&$A18,'EV Charging Stations source'!$A:$K,7,FALSE),"") | F18: =IFERROR(VLOOKUP($E$6&$A18,'EV Charging Stations source'!$A:$K,8,FALSE),"") | G18: =IFERROR(VLOOKUP($E$6&$A18,'EV Charging Stations source'!$A:$K,9,FALSE)," ") | H18: =IFERROR(VLOOKUP($E$6&$A18,'EV Charging Stations source'!$A:$K,10,FALSE)," ")
A19: 2 | B19: =IFERROR(VLOOKUP($E$6&$A19,'EV Charging Stations source'!$A:$K,4,FALSE),"") | C19: =IFERROR(VLOOKUP($E$6&$A19,'EV Charging Stations source'!$A:$K,5,FALSE),"") | D19: =IFERROR(VLOOKUP($E$6&$A19,'EV Charging Stations source'!$A:$K,6,FALSE),"") | E19: =IFERROR(VLOOKUP($E$6&$A19,'EV Charging Stations source'!$A:$K,7,FALSE),"") | F19: =IFERROR(VLOOKUP($E$6&$A19,'EV Charging Stations source'!$A:$K,8,FALSE),"") | G19: =IFERROR(VLOOKUP($E$6&$A19,'EV Charging Stations source'!$A:$K,9,FALSE)," ") | H19: =IFERROR(VLOOKUP($E$6&$A19,'EV Charging Stations source'!$A:$K,10,FALSE)," ")
A20: 3 | B20: =IFERROR(VLOOKUP($E$6&$A20,'EV Charging Stations source'!$A:$K,4,FALSE),"") | C20: =IFERROR(VLOOKUP($E$6&$A20,'EV Charging Stations source'!$A:$K,5,FALSE),"") | D20: =IFERROR(VLOOKUP($E$6&$A20,'EV Charging Stations source'!$A:$K,6,FALSE),"") | E20: =IFERROR(VLOOKUP($E$6&$A20,'EV Charging Stations source'!$A:$K,7,FALSE),"") | F20: =IFERROR(VLOOKUP($E$6&$A20,'EV Charging Stations source'!$A:$K,8,FALSE),"") | G20: =IFERROR(VLOOKUP($E$6&$A20,'EV Charging Stations source'!$A:$K,9,FALSE)," ") | H20: =IFERROR(VLOOKUP($E$6&$A20,'EV Charging Stations source'!$A:$K,10,FALSE)," ")
A21: 4 | B21: =IFERROR(VLOOKUP($E$6&$A21,'EV Charging Stations source'!$A:$K,4,FALSE),"") | C21: =IFERROR(VLOOKUP($E$6&$A21,'EV Charging Stations source'!$A:$K,5,FALSE),"") | D21: =IFERROR(VLOOKUP($E$6&$A21,'EV Charging Stations source'!$A:$K,6,FALSE),"") | E21: =IFERROR(VLOOKUP($E$6&$A21,'EV Charging Stations source'!$A:$K,7,FALSE),"") | F21: =IFERROR(VLOOKUP($E$6&$A21,'EV Charging Stations source'!$A:$K,8,FALSE),"") | G21: =IFERROR(VLOOKUP($E$6&$A21,'EV Charging Stations source'!$A:$K,9,FALSE)," ") | H21: =IFERROR(VLOOKUP($E$6&$A21,'EV Charging Stations source'!$A:$K,10,FALSE)," ")
A22: 5 | B22: =IFERROR(VLOOKUP($E$6&$A22,'EV Charging Stations source'!$A:$K,4,FALSE),"") | C22: =IFERROR(VLOOKUP($E$6&$A22,'EV Charging Stations source'!$A:$K,5,FALSE),"") | D22: =IFERROR(VLOOKUP($E$6&$A22,'EV Charging Stations source'!$A:$K,6,FALSE),"") | E22: =IFERROR(VLOOKUP($E$6&$A22,'EV Charging Stations source'!$A:$K,7,FALSE),"") | F22: =IFERROR(VLOOKUP($E$6&$A22,'EV Charging Stations source'!$A:$K,8,FALSE),"") | G22: =IFERROR(VLOOKUP($E$6&$A22,'EV Charging Stations source'!$A:$K,9,FALSE)," ") | H22: =IFERROR(VLOOKUP($E$6&$A22,'EV Charging Stations source'!$A:$K,10,FALSE)," ")
A23: 6 | B23: =IFERROR(VLOOKUP($E$6&$A23,'EV Charging Stations source'!$A:$K,4,FALSE),"") | C23: =IFERROR(VLOOKUP($E$6&$A23,'EV Charging Stations source'!$A:$K,5,FALSE),"") | D23: =IFERROR(VLOOKUP($E$6&$A23,'EV Charging Stations source'!$A:$K,6,FALSE),"") | E23: =IFERROR(VLOOKUP($E$6&$A23,'EV Charging Stations source'!$A:$K,7,FALSE),"") | F23: =IFERROR(VLOOKUP($E$6&$A23,'EV Charging Stations source'!$A:$K,8,FALSE),"") | G23: =IFERROR(VLOOKUP($E$6&$A23,'EV Charging Stations source'!$A:$K,9,FALSE)," ") | H23: =IFERROR(VLOOKUP($E$6&$A23,'EV Charging Stations source'!$A:$K,10,FALSE)," ")
A24: 7 | B24: =IFERROR(VLOOKUP($E$6&$A24,'EV Charging Stations source'!$A:$K,4,FALSE),"") | C24: =IFERROR(VLOOKUP($E$6&$A24,'EV Charging Stations source'!$A:$K,5,FALSE),"") | D24: =IFERROR(VLOOKUP($E$6&$A24,'EV Charging Stations source'!$A:$K,6,FALSE),"") | E24: =IFERROR(VLOOKUP($E$6&$A24,'EV Charging Stations source'!$A:$K,7,FALSE),"") | F24: =IFERROR(VLOOKUP($E$6&$A24,'EV Charging Stations source'!$A:$K,8,FALSE),"") | G24: =IFERROR(VLOOKUP($E$6&$A24,'EV Charging Stations source'!$A:$K,9,FALSE)," ") | H24: =IFERROR(VLOOKUP($E$6&$A24,'EV Charging Stations source'!$A:$K,10,FALSE)," ")
A25: 8 | B25: =IFERROR(VLOOKUP($E$6&$A25,'EV Charging Stations source'!$A:$K,4,FALSE),"") | C25: =IFERROR(VLOOKUP($E$6&$A25,'EV Charging Stations source'!$A:$K,5,FALSE),"") | D25: =IFERROR(VLOOKUP($E$6&$A25,'EV Charging Stations source'!$A:$K,6,FALSE),"") | E25: =IFERROR(VLOOKUP($E$6&$A25,'EV Charging Stations source'!$A:$K,7,FALSE),"") | F25: =IFERROR(VLOOKUP($E$6&$A25,'EV Charging Stations source'!$A:$K,8,FALSE),"") | G25: =IFERROR(VLOOKUP($E$6&$A25,'EV Charging Stations source'!$A:$K,9,FALSE)," ") | H25: =IFERROR(VLOOKUP($E$6&$A25,'EV Charging Stations source'!$A:$K,10,FALSE)," ")
A26: 9 | B26: =IFERROR(VLOOKUP($E$6&$A26,'EV Charging Stations source'!$A:$K,4,FALSE),"") | C26: =IFERROR(VLOOKUP($E$6&$A26,'EV Charging Stations source'!$A:$K,5,FALSE),"") | D26: =IFERROR(VLOOKUP($E$6&$A26,'EV Charging Stations source'!$A:$K,6,FALSE),"") | E26: =IFERROR(VLOOKUP($E$6&$A26,'EV Charging Stations source'!$A:$K,7,FALSE),"") | F26: =IFERROR(VLOOKUP($E$6&$A26,'EV Charging Stations source'!$A:$K,8,FALSE),"") | G26: =IFERROR(VLOOKUP($E$6&$A26,'EV Charging Stations source'!$A:$K,9,FALSE)," ") | H26: =IFERROR(VLOOKUP($E$6&$A26,'EV Charging Stations source'!$A:$K,10,FALSE)," ")
A27: 10 | B27: =IFERROR(VLOOKUP($E$6&$A27,'EV Charging Stations source'!$A:$K,4,FALSE),"") | C27: =IFERROR(VLOOKUP($E$6&$A27,'EV Charging Stations source'!$A:$K,5,FALSE),"") | D27: =IFERROR(VLOOKUP($E$6&$A27,'EV Charging Stations source'!$A:$K,6,FALSE),"") | E27: =IFERROR(VLOOKUP($E$6&$A27,'EV Charging Stations source'!$A:$K,7,FALSE),"") | F27: =IFERROR(VLOOKUP($E$6&$A27,'EV Charging Stations source'!$A:$K,8,FALSE),"") | G27: =IFERROR(VLOOKUP($E$6&$A27,'EV Charging Stations source'!$A:$K,9,FALSE)," ") | H27: =IFERROR(VLOOKUP($E$6&$A27,'EV Charging Stations source'!$A:$K,10,FALSE)," ")
A28: 11 | B28: =IFERROR(VLOOKUP($E$6&$A28,'EV Charging Stations source'!$A:$K,4,FALSE),"") | C28: =IFERROR(VLOOKUP($E$6&$A28,'EV Charging Stations source'!$A:$K,5,FALSE),"") | D28: =IFERROR(VLOOKUP($E$6&$A28,'EV Charging Stations source'!$A:$K,6,FALSE),"") | E28: =IFERROR(VLOOKUP($E$6&$A28,'EV Charging Stations source'!$A:$K,7,FALSE),"") | F28: =IFERROR(VLOOKUP($E$6&$A28,'EV Charging Stations source'!$A:$K,8,FALSE),"") | G28: =IFERROR(VLOOKUP($E$6&$A28,'EV Charging Stations source'!$A:$K,9,FALSE)," ") | H28: =IFERROR(VLOOKUP($E$6&$A28,'EV Charging Stations source'!$A:$K,10,FALSE)," ")
A29: 12 | B29: =IFERROR(VLOOKUP($E$6&$A29,'EV Charging Stations source'!$A:$K,4,FALSE),"") | C29: =IFERROR(VLOOKUP($E$6&$A29,'EV Charging Stations source'!$A:$K,5,FALSE),"") | D29: =IFERROR(VLOOKUP($E$6&$A29,'EV Charging Stations source'!$A:$K,6,FALSE),"") | E29: =IFERROR(VLOOKUP($E$6&$A29,'EV Charging Stations source'!$A:$K,7,FALSE),"") | F29: =IFERROR(VLOOKUP($E$6&$A29,'EV Charging Stations source'!$A:$K,8,FALSE),"") | G29: =IFERROR(VLOOKUP($E$6&$A29,'EV Charging Stations source'!$A:$K,9,FALSE)," ") | H29: =IFERROR(VLOOKUP($E$6&$A29,'EV Charging Stations source'!$A:$K,10,FALSE)," ")
... A53: 36 | B53: =IFERROR(VLOOKUP($E$6&$A53,'EV Charging Stations source'!$A:$K,4,FALSE),"") | C53: =IFERROR(VLOOKUP($E$6&$A53,'EV Charging Stations source'!$A:$K,5,FALSE),"") | D53: =IFERROR(VLOOKUP($E$6&$A53,'EV Charging Stations source'!$A:$K,6,FALSE),"") | E53: =IFERROR(VLOOKUP($E$6&$A53,'EV Charging Stations source'!$A:$K,7,FALSE),"") | F53: =IFERROR(VLOOKUP($E$6&$A53,'EV Charging Stations source'!$A:$K,8,FALSE),"") | G53: =IFERROR(VLOOKUP($E$6&$A53,'EV Charging Stations source'!$A:$K,9,FALSE)," ") | H53: =IFERROR(VLOOKUP($E$6&$A53,'EV Charging Stations source'!$A:$K,10,FALSE)," ")
A55: Add any EV charging stations that are currently installed but NOT listed in Section I.
B56: Site Name | C56: Site Address | D56: Type of Charger | E56: # of Stations | F56: Single or Dual Head? | G56: Installation Date (Month & Year) | H56: Access | I56: Corrections/Notes
D57: Please Select | F57: Please Select | H57: Please Select
D58: Please Select | F58: Please Select | H58: Please Select
D59: Please Select | F59: Please Select | H59: Please Select
D60: Please Select | F60: Please Select | H60: Please Select
D61: Please Select | F61: Please Select | H61: Please Select
D62: Please Select | F62: Please Select | H62: Please Select
D63: Please Select | F63: Please Select | H63: Please Select
D64: Please Select | F64: Please Select | H64: Please Select
D65: Please Select | F65: Please Select | H65: Please Select
A67: SECTION II
A68: EV Charging Stations in progress or planned
A69: If you have additional EV charging station installation projects that are in progress or planned within the next year, please list them below.
B70: Site Name | C70: Site Address | D70: Type of Charger | E70: # of Stations | F70: Single or Dual Head? | G70: Expected Installation Date (FY) | H70: Access Type | I70: Notes
A71: 1 | D71: Please Select | F71: Please Select | H71: Please Select
A72: 2 | D72: Please Select | F72: Please Select | H72: Please Select
A73: 3 | D73: Please Select | F73: Please Select | H73: Please Select
A74: 4 | D74: Please Select | F74: Please Select | H74: Please Select
A75: 5 | D75: Please Select | F75: Please Select | H75: Please Select
A76: 6 | D76: Please Select | F76: Please Select | H76: Please Select
A77: 7 | D77: Please Select | F77: Please Select | H77: Please Select
A78: 8 | D78: Please Select | F78: Please Select | H78: Please Select
A79: 9 | D79: Please Select | F79: Please Select | H79: Please Select
A80: 10 | D80: Please Select | F80: Please Select | H80: Please Select
A83: Would you be interested in discussing charging deployment opportunities and assistance to support fleet electrification? | G83: Please Select
A84: =IF(G83="yes","Please provide any details below","")

Sheet EV Charging Stations source
A1: Agency # | B1: # | C1: Agency | D1: Site | E1: Site Address/Details | F1: Charger Type | G1: # of stations | H1: # of ports | I1: Installation Date | J1: Access Type | K1: Notes
A2: =C2&B2 -> Barnstable Sheriff's Office1 | B2: 1 | C2: Barnstable Sheriff's Office | D2: Barnstable Sheriff | E2: 6000 Sheriff's Place | F2: Level 2 | G2: 4 | H2: 8 | I2: 45566 | J2: Fleet Charging Only
A3: =C3&B3 -> Barnstable Sheriff's Office2 | B3: 2 | C3: Barnstable Sheriff's Office | D3: Former Sheriff's Residence | E3: 3195 Main Street | F3: Level 2 | G3: 1 | H3: 2 | I3: 45834 | J3: Fleet Charging Only
A4: =C4&B4 -> Berkshire Community College1 | B4: 1 | C4: Berkshire Community College | D4: Berkshire Community College | E4: 1350 West Street | F4: Level 2 | G4: 8 | H4: 8 | I4: 45870 | J4: Fleet Charging Only
A5: =C5&B5 -> Bridgewater State University1 | B5: 1 | C5: Bridgewater State University | D5: BRIDGEWATER STATE UNIVERSITY | E5: Great Hill Drive | F5: Level 2 | G5: 3 | H5: 6 | I5: Pre-2023 | J5: Fleet Charging Only
A6: =C6&B6 -> Bridgewater State University2 | B6: 2 | C6: Bridgewater State University | D6: Dana Mohler-Faria Science & Mathematics Center | E6: 24 Park Ave | F6: Level 1 | G6: 8 | H6: 16 | I6: None listed | J6: Employees Only
A7: =C7&B7 -> Bridgewater State University3 | B7: 3 | C7: Bridgewater State University | D7: Tinsley Center | E7: 325 Plymouth St | F7: Level 1 | G7: 2 | H7: 4 | I7: None listed | J7: Employees Only
A8: =C8&B8 -> Bridgewater State University4 | B8: 4 | C8: Bridgewater State University | D8: Bridgewater State University | E8: 200 Great Hill Drive | F8: Level 2 | G8: 2 | H8: 4 | I8: 45461 | J8: Fleet Charging Only
A9: =C9&B9 -> Bristol Community College1 | B9: 1 | C9: Bristol Community College | D9: BRISTOL COMMUNITY COLLEGE | E9: 777 Elsbree Street | F9: Level 2 | G9: 1 | H9: 2 | I9: None listed | J9: Public
A10: =C10&B10 -> Bristol Community College2 | B10: 2 | C10: Bristol Community College | D10: BRISTOL COMMUNITY COLLEGE | E10: 777 Elsbree Street | F10: Level 2 | G10: 5 | H10: 10 | I10: None listed | J10: Public
A11: =C11&B11 -> Bristol Community College3 | B11: 3 | C11: Bristol Community College | D11: BRISTOL COMMUNITY COLLEGE | E11: 777 Elsbree Street | F11: Level 2 | G11: 5 | H11: 10 | I11: None listed | J11: Public
A12: =C12&B12 -> Bristol Community College4 | B12: 4 | C12: Bristol Community College | D12: BRISTOL COMMUNITY COLLEGE | E12: 777 Elsbree Street | F12: DCFC | G12: 6 | H12: 12 | I12: Fall 2025 | J12: Public
A13: =C13&B13 -> Bunker Hill Community College1 | B13: 1 | C13: Bunker Hill Community College | D13: Bunker Hill Community College | E13: 250 New Rutherford Avenue | F13: Level 2 | G13: 6 | H13: 11 | I13: 45413 | J13: Employees/Students Only
A14: =C14&B14 -> Cape Cod Community College1 | B14: 1 | C14: Cape Cod Community College | D14: Cape Cod CC Lot 12 | E14: 2240 Lyannough Road | F14: Level 2 | G14: 2 | H14: 4 | I14: 45108 | J14: Public
A15: =C15&B15 -> Cape Cod Community College2 | B15: 2 | C15: Cape Cod Community College | D15: Frank & Maureen Wilkens Science & Engineering Center | E15: 2240 Lyannough Road | F15: Level 2 | G15: 1 | H15: 2 | I15: 44805 | J15: Public
A16: =C16&B16 -> Cape Cod Regional Transit Authority1 | B16: 1 | C16: Cape Cod Regional Transit Authority | D16: HYANNIS TRANSPORTATION CENTER | E16: 215 Iyannough Road | F16: Level 2 | G16: 1 | H16: 2 | I16: None listed | J16: Public
A17: =C17&B17 -> Cape Cod Regional Transit Authority2 | B17: 2 | C17: Cape Cod Regional Transit Authority | D17: HYANNIS TRANSPORTATION CENTER | E17: 215 Iyannough Road | F17: Level 2 | G17: 10 | H17: 20 | I17: None listed | J17: Public
A18: =C18&B18 -> Chief Medical Examiner1 | B18: 1 | C18: Chief Medical Examiner | D18: Cape Cod Office | E18: 1 Simpkins Road | F18: Level 2 | G18: 1 | H18: 2 | I18: 45717 | J18: Fleet Charging Only
A19: =C19&B19 -> Chief Medical Examiner2 | B19: 2 | C19: Chief Medical Examiner | D19: Westfield Office | E19: 178 East Mountain Road | F19: Level 2 | G19: 1 | H19: 2 | I19: 45717 | J19: Fleet Charging Only
A20: =C20&B20 -> Chief Medical Examiner3 | B20: 3 | C20: Chief Medical Examiner | D20: Boston Office | E20: 720 Albany Street | F20: Level 2 | G20: 2 | H20: 2 | I20: 45717 | J20: Fleet Charging Only
A21: =C21&B21 -> Div. of Capital Asset Management & Maintenance1 | B21: 1 | C21: Div. of Capital Asset Management & Maintenance | D21: DIVISION OF CAPITAL ASSET MANAGEMENT | E21: 436 Dwight Street | F21: Level 2 | G21: 1 | H21: 2 | I21: None listed | J21: Other
A22: =C22&B22 -> Div. of Capital Asset Management & Maintenance2 | B22: 2 | C22: Div. of Capital Asset Management & Maintenance | D22: McCormack Building | E22: 1 Ashburton Place | F22: Level 2 | G22: 3 | H22: 6 | I22: None listed | J22: Public
A23: =C23&B23 -> Div. of Capital Asset Management & Maintenance3 | B23: 3 | C23: Div. of Capital Asset Management & Maintenance | D23: Mass. Information Technology Center | E23: 200 Arlington Street | F23: Level 2 | G23: 4 | H23: 8 | I23: 45566 | J23: Fleet Charging Only
A24: =C24&B24 -> Div. of Capital Asset Management & Maintenance4 | B24: 4 | C24: Div. of Capital Asset Management & Maintenance | D24: McCormack Building | E24: 1 Ashburton Place | F24: Level 2 | G24: 2 | H24: 4 | I24: 45717 | J24: Fleet Charging Only
A25: =C25&B25 -> Div. of Capital Asset Management & Maintenance5 | B25: 5 | C25: Div. of Capital Asset Management & Maintenance | D25: Springfield State Office Building | E25: 436 Dwight Street | F25: Level 2 | G25: 3 | H25: 6 | I25: 45566 | J25: Fleet Charging Only
A26: =C26&B26 -> Div. of Capital Asset Management & Maintenance6 | B26: 6 | C26: Div. of Capital Asset Management & Maintenance | D26: Pittsfield State Office Building | E26: 333 East Street | F26: Level 2 | G26: 2 | H26: 4 | I26: 45566 | J26: Fleet Charging Only
A27: =C27&B27 -> Div. of Capital Asset Management & Maintenance7 | B27: 7 | C27: Div. of Capital Asset Management & Maintenance | D27: ITD Data Center at Springfield | E27: 53 Elliot Street | F27: Level 2 | G27: 2 | H27: 2 | I27: 45717 | J27: Fleet Charging Only
A28: =C28&B28 -> Dept. of Agriculture1 | B28: 1 | C28: Dept. of Agriculture | D28: Dept. of Agriculture | E28: 225 Turnpike Road | F28: Level 2 | G28: 2 | H28: 4 | I28: 45261 | J28: Fleet Charging Only
A29: =C29&B29 -> Dept. of Conservation & Recreation1 | B29: 1 | C29: Dept. of Conservation & Recreation | D29: DCR Walden Pond | E29: 915 Walden St | F29: Level 2 | G29: 2 | H29: 4 | I29: 42988 | J29: Public
A30: =C30&B30 -> Dept. of Conservation & Recreation2 | B30: 2 | C30: Dept. of Conservation & Recreation | D30: North Point Maintenance Facility | E30: 6 Museum Way | F30: Level 2 | G30: 3 | H30: 6 | I30: 45041 | J30: Fleet Charging Only
A31: =C31&B31 -> Dept. of Conservation & Recreation3 | B31: 3 | C31: Dept. of Conservation & Recreation | D31: Worcester Visitor Center | E31: 2 Clancy Way | F31: Level 2 | G31: 1 | H31: 1 | I31: None listed | J31: Public
A32: =C32&B32 -> Dept. of Conservation & Recreation4 | B32: 4 | C32: Dept. of Conservation & Recreation | D32: Edwin H Land Blvd PSO Garage Building | E32: 24 Monsignor O'Brien Highway | F32: Level 2 | G32: 1 | H32: 3 | I32: 45261 | J32: Fleet Charging Only
A33: =C33&B33 -> Dept. of Conservation & Recreation5 | B33: 5 | C33: Dept. of Conservation & Recreation | D33: Wompatuck State Park Torpedo Shed | E33: 204 Union Street | F33: Level 2 | G33: 1 | H33: 4 | I33: 45261 | J33: Fleet Charging Only
A34: =C34&B34 -> Dept. of Conservation & Recreation6 | B34: 6 | C34: Dept. of Conservation & Recreation | D34: Fall River Heritage State Park Boat House | E34: 200 Davol Street | F34: Level 2 | G34: 1 | H34: 3 | I34: 45261 | J34: Fleet Charging Only
A35: =C35&B35 -> Dept. of Conservation & Recreation7 | B35: 7 | C35: Dept. of Conservation & Recreation | D35: Waquoit Bay Operations Building | E35: 131 Waquoit Highway | F35: Level 2 | G35: 1 | H35: 3 | I35: 45309 | J35: Fleet Charging Only
A36: =C36&B36 -> Dept. of Conservation & Recreation8 | B36: 8 | C36: Dept. of Conservation & Recreation | D36: Bajko Rink | E36: 75 Turtle Pond Parkway | F36: Level 2 | G36: 3 | H36: 6 | I36: 45890 | J36: Public
A37: =C37&B37 -> Dept. of Conservation & Recreation9 | B37: 9 | C37: Dept. of Conservation & Recreation | D37: Neponset Garage | E37: 475 Neponset Avenue | F37: Level 2 | G37: 1 | H37: 1 | I37: 45292 | J37: Fleet Charging Only
A38: =C38&B38 -> Dept. of Conservation & Recreation10 | B38: 10 | C38: Dept. of Conservation & Recreation | D38: Quabbin Reservoir Watershed | E38: 100 Winsor Dam Road | F38: Level 2 | G38: 3 | H38: 6 | I38: 45536 | J38: Fleet Charging Only
A39: =C39&B39 -> Dept. of Conservation & Recreation11 | B39: 11 | C39: Dept. of Conservation & Recreation | D39: Dunn State Park | E39: 289 Pearl Street | F39: Level 2 | G39: 1 | H39: 1 | I39: 45323 | J39: Fleet Charging Only
A40: =C40&B40 -> Dept. of Conservation & Recreation12 | B40: 12 | C40: Dept. of Conservation & Recreation | D40: Hopkinton State Park | E40: 164 Cedar Street | F40: Level 2 | G40: 1 | H40: 3 | I40: 45323 | J40: Fleet Charging Only
A41: =C41&B41 -> Dept. of Conservation & Recreation13 | B41: 13 | C41: Dept. of Conservation & Recreation | D41: Ashuwillticook Rail Trail | E41: Ashuwillticook Rail Trail | F41: Level 2 | G41: 1 | H41: 1 | I41: 45323 | J41: Fleet Charging Only
A42: =C42&B42 -> Dept. of Conservation & Recreation14 | B42: 14 | C42: Dept. of Conservation & Recreation | D42: Nantasket Beach Reservation | E42: 212 Nantasket Avenue | F42: Level 2 | G42: 1 | H42: 1 | I42: 45292 | J42: Fleet Charging Only
A43: =C43&B43 -> Dept. of Conservation & Recreation15 | B43: 15 | C43: Dept. of Conservation & Recreation | D43: Connecticut River Greenway State Park Headquarters Garage | E43: 136 Damon Road | F43: Level 2 | G43: 1 | H43: 3 | I43: 45292 | J43: Fleet Charging Only
... A93: =C93&B93 -> Dept. of Developmental Services10 | B93: 10 | C93: Dept. of Developmental Services | D93: DDS Hogan Regional Center | E93: 225 Dayton Street | F93: Level 2 | G93: 4 | H93: 8 | I93: 45566 | J93: Fleet Charging Only
A94: =C94&B94 -> Dept. of Environmental Protection1 | B94: 1 | C94: Dept. of Environmental Protection | D94: MassDEP (Woburn) - Northeast Regional Office | E94: 150 Presidential Way | F94: Level 2 | G94: 4 | H94: 8 | I94: Pre-2023 | J94: Fleet Charging Only
A95: =C95&B95 -> Dept. of Environmental Protection2 | B95: 2 | C95: Dept. of Environmental Protection | D95: MASSDEP (Lakeville) | E95: 20 Riverside Drive | F95: Level 2 | G95: 1 | H95: 2 | I95: None listed | J95: Public
A96: =C96&B96 -> Dept. of Environmental Protection3 | B96: 3 | C96: Dept. of Environmental Protection | D96: MASSDEP - Central Regional Office | E96: 8 New Bond Street | F96: Level 2 | G96: 4 | H96: 4 | I96: 45974 | J96: Fleet Charging Only
A97: =C97&B97 -> Dept. of Environmental Protection4 | B97: 4 | C97: Dept. of Environmental Protection | D97: MASSDEP - Central Regional Office | E97: 8 New Bond Street | F97: Level 2 | G97: 2 | H97: 4 | I97: None listed | J97: Public
A98: =C98&B98 -> Dept. of Fire Services1 | B98: 1 | C98: Dept. of Fire Services | D98: Dept. of Fire Services | E98: 100 Grochmal Avenue | F98: Level 2 | G98: 1 | H98: 2 | I98: 45418 | J98: Fleet Charging Only
A99: =C99&B99 -> Dept. of Fire Services2 | B99: 2 | C99: Dept. of Fire Services | D99: Dept. of Fire Services | E99: 1 State Road | F99: Level 2 | G99: 4 | H99: 4 | I99: 45418 | J99: Fleet Charging Only
A100: =C100&B100 -> Dept. of Fish and Game1 | B100: 1 | C100: Dept. of Fish and Game | D100: DMF Annisquam River Marine Fisheries Station | E100: 30 Emerson Avenue | F100: Level 2 | G100: 2 | H100: 4 | I100: 45205 | J100: Fleet Charging Only
A101: =C101&B101 -> Dept. of Fish and Game2 | B101: 2 | C101: Dept. of Fish and Game | D101: Division of Fisheries & Wildlife HQ | E101: 1 Rabbit Hill Road | F101: Level 2 | G101: 2 | H101: 4 | I101: 45217 | J101: Fleet Charging Only
A102: =C102&B102 -> Dept. of Fish and Game3 | B102: 3 | C102: Dept. of Fish and Game | D102: Division of Fisheries & Wildlife HQ | E102: 1 Rabbit Hill Road | F102: Level 2 | G102: 2 | H102: 4 | I102: None listed | J102: Fleet Charging Only
A103: =C103&B103 -> Dept. of Fish and Game4 | B103: 4 | C103: Dept. of Fish and Game | D103: DFW CT Valley District Office | E103: 341 East St | F103: Level 2 | G103: 2 | H103: 2 | I103: 45637 | J103: Fleet Charging Only
A104: =C104&B104 -> Dept. of Fish and Game5 | B104: 5 | C104: Dept. of Fish and Game | D104: DFW Southeast District Office | E104: 195 Bournedale Rd | F104: Level 2 | G104: 2 | H104: 4 | I104: 45617 | J104: Fleet Charging Only
A105: =C105&B105 -> Dept. of Fish and Game6 | B105: 6 | C105: Dept. of Fish and Game | D105: DFW Western Office | E105: 88 Old Windsor Road | F105: Level 2 | G105: 1 | H105: 2 | I105: 45814 | J105: Fleet Charging Only
A106: =C106&B106 -> Dept. of Fish and Game7 | B106: 7 | C106: Dept. of Fish and Game | D106: DFW McLaughlin Hatchery | E106: 90 East Street | F106: Level 2 | G106: 2 | H106: 4 | I106: None listed | J106: Fleet Charging Only
A107: =C107&B107 -> Dept. of Fish and Game8 | B107: 8 | C107: Dept. of Fish and Game | D107: DFW Northeast Office | E107: 85 Fitchburg Road | F107: Level 2 | G107: 3 | H107: 4 | I107: 45834 | J107: Fleet Charging Only
A108: =C108&B108 -> Dept. of Mental Health1 | B108: 1 | C108: Dept. of Mental Health | D108: DMH Solomon Carter Fuller Mental Health Center | E108: 85 East Newton Street | F108: Level 2 | G108: 2 | H108: 4 | I108: 45717 | J108: Fleet Charging Only
A109: =C109&B109 -> Dept. of Mental Health2 | B109: 2 | C109: Dept. of Mental Health | D109: DMH Worcester State Hospital | E109: 309 Belmont Street | F109: Level 2 | G109: 2 | H109: 4 | I109: 45717 | J109: Fleet Charging Only
A110: =C110&B110 -> Dept. of Mental Health3 | B110: 3 | C110: Dept. of Mental Health | D110: DMH Western MA Area Office | E110: 1 Prince Street | F110: Level 2 | G110: 2 | H110: 4 | I110: 45717 | J110: Fleet Charging Only
A111: =C111&B111 -> Dept. of Mental Health4 | B111: 4 | C111: Dept. of Mental Health | D111: DMH Taunton State Hospital | E111: 60 Hodges Avenue | F111: Level 2 | G111: 2 | H111: 4 | I111: 45717 | J111: Fleet Charging Only
A112: =C112&B112 -> Dept. of Public Health1 | B112: 1 | C112: Dept. of Public Health | D112: DPH Tewksbury Hospital | E112: 365 East Street | F112: Level 2 | G112: 3 | H112: 6 | I112: None listed | J112: Public
A113: =C113&B113 -> Dept. of Public Health2 | B113: 2 | C113: Dept. of Public Health | D113: DPH Lemuel Shattuck | E113: 170 Morton Street | F113: Level 2 | G113: 1 | H113: 2 | I113: 45448 | J113: Fleet Charging Only
A114: =C114&B114 -> Dept. of Public Health3 | B114: 3 | C114: Dept. of Public Health | D114: DPH Pappas Rehabilitation | E114: 3 Randolph Street | F114: Level 2 | G114: 1 | H114: 2 | I114: 45444 | J114: Fleet Charging Only
A115: =C115&B115 -> Dept. of Public Health4 | B115: 4 | C115: Dept. of Public Health | D115: DPH Tewksbury Hospital | E115: 365 East Street | F115: Level 2 | G115: 2 | H115: 2 | I115: 45597 | J115: Fleet Charging Only
A116: =C116&B116 -> Dept. of Public Health5 | B116: 5 | C116: Dept. of Public Health | D116: Western Mass Hospital | E116: 91 East Mountain Road | F116: Level 2 | G116: 1 | H116: 2 | I116: 45793 | J116: Fleet Charging Only
A117: =C117&B117 -> Dept. of State Police1 | B117: 1 | C117: Dept. of State Police | D117: Middleboro Barracks | E117: 326 West Grove Street | F117: Level 2 | G117: 1 | H117: 1 | I117: 45261 | J117: Fleet Charging Only
A118: =C118&B118 -> Dept. of State Police2 | B118: 2 | C118: Dept. of State Police | D118: State Police - General Headquarters | E118: 490 Worcester Road | F118: Level 2 | G118: 1 | H118: 1 | I118: 45627 | J118: Fleet Charging Only
A119: =C119&B119 -> Dept. of State Police3 | B119: 3 | C119: Dept. of State Police | D119: Oak Bluffs Barracks | E119: 51 Temahigan Ave | F119: Level 2 | G119: 1 | H119: 1 | I119: 45231 | J119: Fleet Charging Only
A120: =C120&B120 -> Dept. of State Police4 | B120: 4 | C120: Dept. of State Police | D120: Nantucket Barracks | E120: 83 North Liberty Street | F120: Level 2 | G120: 1 | H120: 1 | I120: 45231 | J120: Fleet Charging Only
A121: =C121&B121 -> Dept. of State Police5 | B121: 5 | C121: Dept. of State Police | D121: Police Station - Northampton | E121: 555 North King Street | F121: Level 2 | G121: 2 | H121: 4 | I121: 45627 | J121: Fleet Charging Only
A122: =C122&B122 -> Dept. of State Police6 | B122: 6 | C122: Dept. of State Police | D122: Police Station - Danvers | E122: 485 Maple Street | F122: Level 2 | G122: 2 | H122: 4 | I122: 45597 | J122: Fleet Charging Only
A123: =C123&B123 -> Dept. of State Police7 | B123: 7 | C123: Dept. of State Police | D123: State Police Academy | E123: 340 West Brookfield Road | F123: Level 2 | G123: 2 | H123: 4 | I123: 45748 | J123: Fleet Charging Only
A124: =C124&B124 -> Dept. of Youth Services1 | B124: 1 | C124: Dept. of Youth Services | D124: DYS Zara Cisco (DYS03) | E124: 288 Lyman Street | F124: Level 2 | G124: 2 | H124: 4 | I124: 45566 | J124: Fleet Charging Only
... A135: =C135&B135 -> Fitchburg State University2 | B135: 2 | C135: Fitchburg State University | D135: FSU Conlon Fine Arts Building | E135: 160 Pearl Street | F135: Level 2 | G135: 1 | H135: 2 | I135: 43709 | J135: Public
A136: =C136&B136 -> Framingham State University1 | B136: 1 | C136: Framingham State University | D136: Framingham State University | E136: 23 Salem End Road | F136: Level 2 | G136: 1 | H136: 2 | I136: None listed | J136: Public
A137: =C137&B137 -> Framingham State University2 | B137: 2 | C137: Framingham State University | D137: Framingham State University | E137: 100 State Street | F137: Level 2 | G137: 1 | H137: 2 | I137: None listed | J137: Public
A138: =C138&B138 -> Framingham State University3 | B138: 3 | C138: Framingham State University | D138: Framingham State University | E138: 37 Salem End Rd | F138: Level 2 | G138: 2 | H138: 4 | I138: 45463 | J138: Public
A139: =C139&B139 -> Franklin County Sheriff's Office1 | B139: 1 | C139: Franklin County Sheriff's Office | D139: FRANKLIN COUNTY SHERIFF | E139: 160 Elm Street | F139: Level 2 | G139: 2 | H139: 4 | I139: None listed | J139: Public
A140: =C140&B140 -> Greenfield Community College1 | B140: 1 | C140: Greenfield Community College | D140: GREENFIELD COMMUNITY COLLEGE | E140: One College Dr | F140: DCFC | G140: 1 | H140: 1 | I140: None listed | J140: Public
A141: =C141&B141 -> Greenfield Community College2 | B141: 2 | C141: Greenfield Community College | D141: GREENFIELD COMMUNITY COLLEGE | E141: One College Dr | F141: Level 2 | G141: 1 | H141: 1 | I141: None listed | J141: Public
A142: =C142&B142 -> Hampshire Sheriff's Office1 | B142: 1 | C142: Hampshire Sheriff's Office | D142: HSO Northampton Office | E142: 205 Rocky Hill Road | F142: Level 2 | G142: 2 | H142: 4 | I142: 45862 | J142: Fleet Charging Only
A143: =C143&B143 -> Holyoke Community College1 | B143: 1 | C143: Holyoke Community College | D143: HCC Campus Center | E143: 303 Homestead Avenue | F143: Level 2 | G143: 2 | H143: 2 | I143: None listed | J143: Public
A144: =C144&B144 -> Holyoke Community College2 | B144: 2 | C144: Holyoke Community College | D144: HCC Center for Health Education | E144: 404 Jarvis Avenue | F144: Level 2 | G144: 1 | H144: 2 | I144: None listed | J144: Public
A145: =C145&B145 -> Mass College of Art & Design1 | B145: 1 | C145: Mass College of Art & Design | D145: Mass College of Art & Design | E145: 135 Ward Street | F145: Level 1 | G145: 6 | H145: 6 | I145: None listed | J145: Public
A146: =C146&B146 -> Mass Convention Center Authority1 | B146: 1 | C146: Mass Convention Center Authority | D146: Boston Convention and Exhibition Center | E146: 415 Summer Street | F146: Level 2 | G146: 1 | H146: 2 | I146: None listed | J146: Public
A147: =C147&B147 -> Mass Convention Center Authority2 | B147: 2 | C147: Mass Convention Center Authority | D147: Boston Convention and Exhibition Center | E147: 415 Summer Street | F147: Level 2 | G147: 1 | H147: 2 | I147: None listed | J147: Public
A148: =C148&B148 -> Mass. College of Liberal Arts1 | B148: 1 | C148: Mass. College of Liberal Arts | D148: MCLA Facilities Building | E148: 341 Ashland Street | F148: Level 2 | G148: 2 | H148: 4 | I148: 46203 | J148: Fleet Charging Only
A149: =C149&B149 -> Mass. College of Liberal Arts2 | B149: 2 | C149: Mass. College of Liberal Arts | D149: MCLA Hoosac Hall | E149: 15 Highland Avenue | F149: Level 2 | G149: 1 | H149: 2 | I149: 46203 | J149: Fleet Charging Only
A150: =C150&B150 -> Mass. College of Liberal Arts3 | B150: 3 | C150: Mass. College of Liberal Arts | D150: Feigenbaum Building | E150: 71 Blackington St | F150: Level 2 | G150: 1 | H150: 1 | I150: None listed | J150: Public
A151: =C151&B151 -> Mass. Emergency Management Agency1 | B151: 1 | C151: Mass. Emergency Management Agency | D151: Framingham Headquarters | E151: 400 Worcester Road | F151: Level 2 | G151: 4 | H151: 5 | I151: 45684 | J151: Fleet Charging Only
A152: =C152&B152 -> Mass. Bay Community College1 | B152: 1 | C152: Mass. Bay Community College | D152: MassBay Comm. College | E152: 50 Oakland Street | F152: Level 2 | G152: 3 | H152: 6 | I152: 44551 | J152: Public
A153: =C153&B153 -> Mass. Bay Community College2 | B153: 2 | C153: Mass. Bay Community College | D153: MassBay Comm. College | E153: 50 Oakland Street | F153: Level 2 | G153: 1 | H153: 2 | I153: 44551 | J153: Public
A154: =C154&B154 -> Mass. Bay Community College3 | B154: 3 | C154: Mass. Bay Community College | D154: MassBay Comm. College | E154: 50 Oakland Street | F154: Level 2 | G154: 5 | H154: 10 | I154: 45444 | J154: Restricted
A155: =C155&B155 -> Mass. Bay Community College4 | B155: 4 | C155: Mass. Bay Community College | D155: MassBay Comm. College | E155: 490 Franklin Street | F155: Level 2 | G155: 6 | H155: 12 | I155: 45413 | J155: Public
A156: =C156&B156 -> MassDOT - Highway & Turnpike Divisions1 | B156: 1 | C156: MassDOT - Highway & Turnpike Divisions | D156: MassDOT/ Rest Areas Bridgewater | E156: Rte. 24 NB Bridgewater Service Plaza | F156: DCFC | G156: 2 | H156: 4 | I156: None listed | J156: Public
A157: =C157&B157 -> MassDOT - Highway & Turnpike Divisions2 | B157: 2 | C157: MassDOT - Highway & Turnpike Divisions | D157: MassDOT/ Rest Areas Bridgewater | E157: Rte. 24 SB Bridgewater Service Plaza | F157: DCFC | G157: 2 | H157: 4 | I157: None listed | J157: Public
A158: =C158&B158 -> MassDOT - Highway & Turnpike Divisions3 | B158: 3 | C158: MassDOT - Highway & Turnpike Divisions | D158: MassDOT/ Greenfield | E158: 18 Miner Street | F158: DCFC | G158: 1 | H158: 2 | I158: None listed | J158: Public
A159: =C159&B159 -> MassDOT - Highway & Turnpike Divisions4 | B159: 4 | C159: MassDOT - Highway & Turnpike Divisions | D159: MassDOT/ MassPike Rest Areas Lee East | E159: MassPike Rest Areas Lee East | F159: DCFC | G159: 1 | H159: 2 | I159: 45352 | J159: Public
...

Sheet Renewable Thermal Sites
A1: =C1&B1 -> Agency# | B1: # | C1: Agency | D1: System Type | E1: Site | F1: City/Town | G1: Capacity | H1: Capacity Units | I1: FY Complete
A2: =C2&B2 -> Berkshire County Sheriff's Office1 | B2: 1 | C2: Berkshire County Sheriff's Office | D2: Solar Thermal | E2: Berkshire HOC Main Facility- Sheriff | F2: Berkshire | I2: 2015
A3: =C3&B3 -> Bridgewater State University1 | B3: 1 | C3: Bridgewater State University | D3: Solar Thermal | E3: Bridgewater State University | F3: Bridgewater | G3: 40 (units) | I3: 2012
A4: =C4&B4 -> Bridgewater State University2 | B4: 2 | C4: Bridgewater State University | D4: Solar Thermal | E4: Bridgewater State University | F4: Bridgewater | I4: 2022
A5: =C5&B5 -> Bridgewater State University3 | B5: 3 | C5: Bridgewater State University | D5: Solar Thermal | E5: Bridgewater State University | F5: Bridgewater
A6: =C6&B6 -> Bridgewater State University4 | B6: 4 | C6: Bridgewater State University | D6: Solar Thermal | E6: Bridgewater State University | F6: Bridgewater | G6: 1.3 kW | I6: 2021
A7: =C7&B7 -> Bridgewater State University5 | B7: 5 | C7: Bridgewater State University | D7: Solar Thermal | E7: Bridgewater State University | F7: Bridgewater | I7: 2023
A8: =C8&B8 -> Bridgewater State University6 | B8: 6 | C8: Bridgewater State University | D8: Solar Thermal | E8: Bridgewater State University | F8: Bridgewater
A9: =C9&B9 -> Bridgewater State University7 | B9: 7 | C9: Bridgewater State University | D9: Solar Thermal | E9: Bridgewater State University | F9: Bridgewater | I9: 2023
A10: =C10&B10 -> Bristol Community College1 | B10: 1 | C10: Bristol Community College | D10: Ground Source Heat Pump | E10: Bristol Community College | F10: Fall River | G10: 120 | I10: 2016
A11: =C11&B11 -> Bristol Community College2 | B11: 2 | C11: Bristol Community College | D11: Air Source Heat Pump | E11: Bristol Community College | F11: Fall River | G11: 130 (tons) | I11: 2016
A12: =C12&B12 -> Bristol Community College3 | B12: 3 | C12: Bristol Community College | D12: Solar Thermal | E12: Bristol Community College | F12: Fall River | G12: 181 (MMBtu) | I12: 2016
A13: =C13&B13 -> Bristol County Sheriff's Office1 | B13: 1 | C13: Bristol County Sheriff's Office | D13: Solar Thermal | E13: Bristol County Sheriff's Office | F13: North Dartmouth | G13: 919 sq ft | I13: 2017
A14: =C14&B14 -> Dept. of Conservation & Recreation1 | B14: 1 | C14: Dept. of Conservation & Recreation | D14: Biomass | E14: DCR Blackstone Heritage Corridor | F14: Worcester | G14: 3x191 (MBH) | I14: 2018
A15: =C15&B15 -> Dept. of Conservation & Recreation2 | B15: 2 | C15: Dept. of Conservation & Recreation | D15: Biomass | E15: DCR Camp Nihan | F15: Saugus | G15: 191 (MBH) | I15: 2016
A16: =C16&B16 -> Dept. of Conservation & Recreation3 | B16: 3 | C16: Dept. of Conservation & Recreation | D16: Biomass | E16: DCR Holyoke Range State Park | F16: Amherst | G16: 191 (MBH) | I16: 2010
A17: =C17&B17 -> Dept. of Conservation & Recreation4 | B17: 4 | C17: Dept. of Conservation & Recreation | D17: Biomass | E17: DCR Holyoke Range State Park | F17: Amherst | G17: 191 (MBH) | I17: 2010
A18: =C18&B18 -> Dept. of Conservation & Recreation5 | B18: 5 | C18: Dept. of Conservation & Recreation | D18: Air Source Heat Pump | E18: DCR Halibut Point State Park | F18: Rockport | I18: 2019
A19: =C19&B19 -> Dept. of Conservation & Recreation6 | B19: 6 | C19: Dept. of Conservation & Recreation | D19: Solar Thermal | E19: DCR Halibut Point State Park | F19: Rockport | I19: 2019
A20: =C20&B20 -> Dept. of Conservation & Recreation7 | B20: 7 | C20: Dept. of Conservation & Recreation | D20: Biomass | E20: DCR Quabbin | F20: Belchertown | G20: 1.875 (MMBtu) / 60hp steam | I20: 2009
A21: =C21&B21 -> Dept. of Conservation & Recreation8 | B21: 8 | C21: Dept. of Conservation & Recreation | D21: Air Source Heat Pump | E21: DCR Quabbin | F21: Belchertown | G21: 48 (MBH) | I21: 2015
A22: =C22&B22 -> Dept. of Conservation & Recreation9 | B22: 9 | C22: Dept. of Conservation & Recreation | D22: Air Source Heat Pump | E22: DCR Scusset Beach | F22: Sagamore | I22: 2020
A23: =C23&B23 -> Dept. of Conservation & Recreation10 | B23: 10 | C23: Dept. of Conservation & Recreation | D23: Solar Thermal | E23: DCR Veterans Memorial/Bennett Field Pool | F23: Worcester | I23: 2012
A24: =C24&B24 -> Dept. of Conservation & Recreation11 | B24: 11 | C24: Dept. of Conservation & Recreation | D24: Biomass | E24: DCR Wachusett State Park | F24: Gardner | I24: 2014
A25: =C25&B25 -> Dept. of Conservation & Recreation12 | B25: 12 | C25: Dept. of Conservation & Recreation | D25: Solar Thermal | E25: DCR Walden Pond | F25: Concord | G25: 80 (SqFT) | I25: 2016
A26: =C26&B26 -> Dept. of Conservation & Recreation13 | B26: 13 | C26: Dept. of Conservation & Recreation | D26: Air Source Heat Pump | E26: DCR Walden Pond | F26: Concord | G26: 66 & 40 (MBH) | I26: 2016
A27: =C27&B27 -> Dept. of Conservation & Recreation14 | B27: 14 | C27: Dept. of Conservation & Recreation | D27: Solar Thermal | E27: DCR Waquoit Bay Reserve | F27: Waquoit | I27: 2006
A28: =C28&B28 -> Dept. of Conservation & Recreation15 | B28: 15 | C28: Dept. of Conservation & Recreation | D28: Biomass | E28: DCR West Region HQ | F28: Pittsfield | G28: 191 (MBH) | I28: 2010
A29: =C29&B29 -> Dept. of Conservation & Recreation16 | B29: 16 | C29: Dept. of Conservation & Recreation | D29: Air Source Water Heater | E29: DCR Veterans Memorial/Bennett Field Pool | F29: Everett | I29: 2023
A30: =C30&B30 -> Dept. of Conservation & Recreation17 | B30: 17 | C30: Dept. of Conservation & Recreation | D30: Air Source Water Heater | E30: DCR Dealtry Pool | F30: Watertown | I30: 2023
A31: =C31&B31 -> Dept. of Conservation & Recreation18 | B31: 18 | C31: Dept. of Conservation & Recreation | D31: Air Source Heat Pump | E31: DCR Fort Phoenix State Reservation | F31: Fairhaven | I31: 2023
A32: =C32&B32 -> Dept. of Conservation & Recreation19 | B32: 19 | C32: Dept. of Conservation & Recreation | D32: Air Source Water Heater | E32: DCR Fort Phoenix State Reservation | F32: Fairhaven | I32: 2023
A33: =C33&B33 -> Dept. of Conservation & Recreation20 | B33: 20 | C33: Dept. of Conservation & Recreation | D33: Air Source Water Heater | E33: DCR Horseneck Beach | F33: Westport | I33: 2023
A34: =C34&B34 -> Dept. of Conservation & Recreation21 | B34: 21 | C34: Dept. of Conservation & Recreation | D34: Air Source Water Heater | E34: DCR Latta Brothers Pool & Foss Park | F34: Somerville | I34: 2023
A35: =C35&B35 -> Dept. of Conservation & Recreation22 | B35: 22 | C35: Dept. of Conservation & Recreation | D35: Air Source Water Heater | E35: DCR Massasoit State Park | F35: Taunton | I35: 2023
A36: =C36&B36 -> Dept. of Conservation & Recreation23 | B36: 23 | C36: Dept. of Conservation & Recreation | D36: Air Source Water Heater | E36: DCR Sandisfield State Forest | F36: Sandisfield | G36: 50 gallons | I36: 2023
A37: =C37&B37 -> Dept. of Conservation & Recreation24 | B37: 24 | C37: Dept. of Conservation & Recreation | D37: Air Source Water Heater | E37: DCR Wellflet Hollow State Campground | F37: Wellfleet | G37: 65 gallons | I37: 2023
A38: =C38&B38 -> Dept. of Conservation & Recreation25 | B38: 25 | C38: Dept. of Conservation & Recreation | D38: Air Source Water Heater | E38: DCR Blue Hills Reservation | F38: Milton | I38: 2023
A39: =C39&B39 -> Dept. of Conservation & Recreation26 | B39: 26 | C39: Dept. of Conservation & Recreation | D39: Air Source Heat Pump | E39: DCR Blue Hills Reservation | F39: Milton | I39: 2023
A40: =C40&B40 -> Dept. of Conservation & Recreation27 | B40: 27 | C40: Dept. of Conservation & Recreation | D40: Air Source Heat Pump | E40: DCR Blue Hills Reservation | F40: Milton | I40: 2015
A41: =C41&B41 -> Dept. of Conservation & Recreation28 | B41: 28 | C41: Dept. of Conservation & Recreation | D41: Air Source Heat Pump | E41: DCR Blue Hills Reservation | F41: Milton | G41: 5 tons (x3 units) | I41: 2023
A42: =C42&B42 -> Dept. of Conservation & Recreation29 | B42: 29 | C42: Dept. of Conservation & Recreation | D42: Air Source Heat Pump | E42: DCR Blue Hills Reservation | F42: Milton | G42: 4 tons (outdoor condenser) | I42: 2023
A43: =C43&B43 -> Dept. of Conservation & Recreation30 | B43: 30 | C43: Dept. of Conservation & Recreation | D43: Air Source Heat Pump | E43: DCR Blue Hills Reservation | F43: Milton | G43: 60,000 Btu AC 70,000 Btu Heat | I43: 2023
A44: =C44&B44 -> Dept. of Conservation & Recreation31 | B44: 31 | C44: Dept. of Conservation & Recreation | D44: Air Source Heat Pump | E44: DCR Blue Hills Reservation | F44: Milton | G44: 60,000 Btu AC 70,000 Btu Heat | I44: 2023
A45: =C45&B45 -> Dept. of Conservation & Recreation32 | B45: 32 | C45: Dept. of Conservation & Recreation | D45: Air Source Heat Pump | E45: DCR Blue Hills Reservation | F45: Milton | I45: 2023
A46: =C46&B46 -> Dept. of Conservation & Recreation33 | B46: 33 | C46: Dept. of Conservation & Recreation | D46: Air Source Heat Pump | E46: DCR Borderland State Park | F46: Sharon | G46: 5 tons | I46: 2023
A47: =C47&B47 -> Dept. of Conservation & Recreation34 | B47: 34 | C47: Dept. of Conservation & Recreation | D47: Air Source Heat Pump | E47: DCR Breakheart Reservation | F47: Saugus | G47: 240,000 Btu AC 260,000 Btu Heat | I47: 2023
A48: =C48&B48 -> Dept. of Conservation & Recreation35 | B48: 35 | C48: Dept. of Conservation & Recreation | D48: Air Source Heat Pump | E48: DCR Camp Nihan | F48: Saugus | G48: 60,000 Btu AC 70,000 Btu Heat | I48: 2023
A49: =C49&B49 -> Dept. of Conservation & Recreation36 | B49: 36 | C49: Dept. of Conservation & Recreation | D49: Air Source Heat Pump | E49: DCR Hatch Shell | F49: Boston | G49: 5 tons (x2 units) | I49: 2023
A50: =C50&B50 -> Dept. of Conservation & Recreation37 | B50: 37 | C50: Dept. of Conservation & Recreation | D50: Air Source Heat Pump | E50: DCR Clinton | F50: Clinton | I50: 2023
A51: =C51&B51 -> Dept. of Conservation & Recreation38 | B51: 38 | C51: Dept. of Conservation & Recreation | D51: Air Source Heat Pump | E51: DCR Hampton Ponds State Park | F51: Westfield | I51: 2023
A52: =C52&B52 -> Dept. of Conservation & Recreation39 | B52: 39 | C52: Dept. of Conservation & Recreation | D52: Air Source Heat Pump | E52: DCR Harold Parker State Forest | F52: Andover | G52: 5 tons | I52: 2023
A53: =C53&B53 -> Dept. of Conservation & Recreation40 | B53: 40 | C53: Dept. of Conservation & Recreation | D53: Air Source Heat Pump | E53: DCR Harold Parker State Forest | F53: Andover | G53: 5 tons | I53: 2023
A54: =C54&B54 -> Dept. of Conservation & Recreation41 | B54: 41 | C54: Dept. of Conservation & Recreation | D54: Air Source Heat Pump | E54: DCR Hopkinton State Park | F54: Hopkinton | I54: 2023
A55: =C55&B55 -> Dept. of Conservation & Recreation42 | B55: 42 | C55: Dept. of Conservation & Recreation | D55: Air Source Heat Pump | E55: DCR Lowell Heritage State Park | F55: Lowell | G55: 5 tons | I55: 2023
A56: =C56&B56 -> Dept. of Conservation & Recreation43 | B56: 43 | C56: Dept. of Conservation & Recreation | D56: Air Source Heat Pump | E56: DCR Mohawk Trail State Forest | F56: Charlemont | I56: 2023
A57: =C57&B57 -> Dept. of Conservation & Recreation44 | B57: 44 | C57: Dept. of Conservation & Recreation | D57: Air Source Heat Pump | E57: DCR Mohawk Trail State Forest | F57: Charlemont | I57: 2023
A58: =C58&B58 -> Dept. of Conservation & Recreation45 | B58: 45 | C58: Dept. of Conservation & Recreation | D58: Air Source Heat Pump | E58: DCR Myles Standish State Forest | F58: Carver | G58: 5 tons (x2 units) | I58: 2023
A59: =C59&B59 -> Dept. of Conservation & Recreation46 | B59: 46 | C59: Dept. of Conservation & Recreation | D59: Air Source Heat Pump | E59: DCR Myles Standish State Forest | F59: Carver | G59: 5 tons | I59: 2023
A60: =C60&B60 -> Dept. of Conservation & Recreation47 | B60: 47 | C60: Dept. of Conservation & Recreation | D60: Air Source Heat Pump | E60: DCR Mystic River Reservation | F60: Medford | G60: 108,000 Btus | I60: 2020
A61: =C61&B61 -> Dept. of Conservation & Recreation48 | B61: 48 | C61: Dept. of Conservation & Recreation | D61: Air Source Heat Pump | E61: DCR Neponset Facility | F61: Boston | G61: 5 tons (x2 units) | I61: 2023
A62: =C62&B62 -> Dept. of Conservation & Recreation49 | B62: 49 | C62: Dept. of Conservation & Recreation | D62: Air Source Heat Pump | E62: DCR Ponkapoag | F62: Canton | I62: 2017
A63: =C63&B63 -> Dept. of Conservation & Recreation50 | B63: 50 | C63: Dept. of Conservation & Recreation | D63: Air Source Heat Pump | E63: DCR Ponkapoag | F63: Canton | I63: 2022
A64: =C64&B64 -> Dept. of Conservation & Recreation51 | B64: 51 | C64: Dept. of Conservation & Recreation | D64: Air Source Heat Pump | E64: DCR Revere Beach | F64: Revere | I64: 2021
A65: =C65&B65 -> Dept. of Conservation & Recreation52 | B65: 52 | C65: Dept. of Conservation & Recreation | D65: Air Source Heat Pump | E65: DCR Robinson State Park | F65: Feeding Hills | I65: 2023
A66: =C66&B66 -> Dept. of Conservation & Recreation53 | B66: 53 | C66: Dept. of Conservation & Recreation | D66: Air Source Heat Pump | E66: DCR Rutland State Park | F66: Rutland | I66: 2023
A67: =C67&B67 -> Dept. of Conservation & Recreation54 | B67: 54 | C67: Dept. of Conservation & Recreation | D67: Air Source Heat Pump | E67: DCR Salisbury Beach | F67: Salisbury | I67: 2023
A68: =C68&B68 -> Dept. of Conservation & Recreation55 | B68: 55 | C68: Dept. of Conservation & Recreation | D68: Air Source Heat Pump | E68: DCR Savoy Mountain State Forest | F68: Savoy | I68: 2023
A69: =C69&B69 -> Dept. of Conservation & Recreation56 | B69: 56 | C69: Dept. of Conservation & Recreation | D69: Air Source Heat Pump | E69: DCR Stoneham | F69: Stoneham | I69: 2017
A70: =C70&B70 -> Dept. of Conservation & Recreation57 | B70: 57 | C70: Dept. of Conservation & Recreation | D70: Air Source Heat Pump | E70: DCR Stoneham | F70: Stoneham | I70: 2023
A71: =C71&B71 -> Dept. of Conservation & Recreation58 | B71: 58 | C71: Dept. of Conservation & Recreation | D71: Air Source Heat Pump | E71: DCR Wompatuck State Park | F71: Hingham | G71: 5 tons | I71: 2023
A72: =C72&B72 -> Dept. of Conservation & Recreation59 | B72: 59 | C72: Dept. of Conservation & Recreation | D72: Air Source Heat Pump | E72: DCR Rutland State Park | F72: Rutland | G72: 3600 btu/hr cooling; 3000 - 8000 btu/hr heating | I72: 2024
A73: =C73&B73 -> Dept. of Developmental Services1 | B73: 1 | C73: Dept. of Developmental Services | D73: Solar Thermal | E73: DDS Hogan Regional Center | F73: Danvers | I73: 2013
A74: =C74&B74 -> Dept. of Fish and Game1 | B74: 1 | C74: Dept. of Fish and Game | D74: Biomass | E74: DFW McLaughlin Hatchery | F74: Belchertown | G74: 191,000 (btu/hr) | I74: 2016
A75: =C75&B75 -> Dept. of Fish and Game2 | B75: 2 | C75: Dept. of Fish and Game | D75: Air Source Heat Pump | E75: DFW Plum Island | F75: Newburyport | I75: 2017
A76: =C76&B76 -> Dept. of Fish and Game3 | B76: 3 | C76: Dept. of Fish and Game | D76: Ground Source Heat Pump | E76: Division of Fisheries & Wildlife | F76: Westboro | I76: 2014
A77: =C77&B77 -> Dept. of State Police1 | B77: 1 | C77: Dept. of State Police | D77: Air Source Heat Pump | E77: Department of State Police | F77: Medford | G77: btu | I77: 2023
A78: =C78&B78 -> Dept. of State Police2 | B78: 2 | C78: Dept. of State Police | D78: Air Source Heat Pump | E78: Department of State Police | F78: Leominster | G78: btu | I78: 2023
A79: =C79&B79 -> Dept. of State Police3 | B79: 3 | C79: Dept. of State Police | D79: Air Source Heat Pump | E79: Department of State Police | F79: Framingham | G79: btu | I79: 2023
A80: =C80&B80 -> Dept. of State Police4 | B80: 4 | C80: Dept. of State Police | D80: Air Source Heat Pump | E80: Department of State Police | F80: Danvers | G80: btu | I80: 2023
A81: =C81&B81 -> Dept. of State Police5 | B81: 5 | C81: Dept. of State Police | D81: Air Source Heat Pump | E81: Department of State Police | F81: Boston | G81: btu | I81: 2023
A82: =C82&B82 -> Greenfield Community College1 | B82: 1 | C82: Greenfield Community College | D82: Ground Source Heat Pump | E82: Greenfield Community College | F82: Greenfield | G82: 125-150 tons cooling | I82: 2011
A83: =C83&B83 -> Hampshire County Sheriff's Department1 | B83: 1 | C83: Hampshire County Sheriff's Department | D83: Solar Thermal | E83: Hampshire Sheriff Dept. | F83: Northamption | I83: 2011
A84: =C84&B84 -> Holyoke Community College1 | B84: 1 | C84: Holyoke Community College | D84: Solar Thermal | E84: Holyoke Community College | F84: Holyoke | I84: 2012
A85: =C85&B85 -> Mass. Bay Transportation Authority1 | B85: 1 | C85: Mass. Bay Transportation Authority | D85: Ground Source Heat Pump | E85: MBTA Hingham | F85: Hingham | I85: 2017
A86: =C86&B86 -> Mass. Maritime Academy1 | B86: 1 | C86: Mass. Maritime Academy | D86: Ground Source Heat Pump | E86: Mass Maritime Academy | F86: Bourne | I86: 2012
A87: =C87&B87 -> Mass. Maritime Academy2 | B87: 2 | C87: Mass. Maritime Academy | D87: Solar Thermal | E87: Mass Maritime Academy | F87: Bourne | G87: 24 (units) | I87: 2015
A88: =C88&B88 -> Mass. Water Resources Authority1 | B88: 1 | C88: Mass. Water Resources Authority | D88: Ground Source Heat Pump | E88: Mass Water Resources Authority | F88: Marlborough | G88: 110 tons | I88: 2021
A89: =C89&B89 -> Mass. Water Resources Authority2 | B89: 2 | C89: Mass. Water Resources Authority | D89: Air Source Heat Pump | E89: MWRA Norumbega Headquarters | F89: Weston | G89: 3.5 tons | I89: 2025
A90: =C90&B90 -> Mass. Water Resources Authority3 | B90: 3 | C90: Mass. Water Resources Authority | D90: Water Source Heat Pump | E90: MWRA Spot Pond Water Storage Facility | F90: Stoneham | G90: Range in size from 3/4 ton to 20 tons | I90: 2016
A91: =C91&B91 -> MassPort Authority1 | B91: 1 | C91: MassPort Authority | D91: Solar Thermal | E91: MassPort | F91: Boston | G91: N/A | I91: 2022
A92: =C92&B92 -> Middlesex Community College1 | B92: 1 | C92: Middlesex Community College | D92: Ground Source Heat Pump | E92: Middlesex Community College | F92: Bedford | G92: 17.5 ton | I92: 2013
A93: =C93&B93 -> Middlesex County Sheriff's Office1 | B93: 1 | C93: Middlesex County Sheriff's Office | D93: Air Source Heat Pump | E93: Middlesex County Sheriff's Office | F93: Billerica | G93: 10 two ton units | I93: 2018
A94: =C94&B94 -> Mount Wachusett Community College 1 | B94: 1 | C94: Mount Wachusett Community College | D94: Biomass | E94: Mount Wachusett Community College | F94: Gardner | I94: 2006
A95: =C95&B95 -> North Shore Community College1 | B95: 1 | C95: North Shore Community College | D95: Ground Source Heat Pump | E95: North Shore Community College | F95: Danvers | G95: 153 tons | I95: 2011
A96: =C96&B96 -> Quinsigamond Community College1 | B96: 1 | C96: Quinsigamond Community College | D96: Solar Thermal | E96: Quinsigamond Community College | F96: Worcester | I96: 2013
A97: =C97&B97 -> Roxbury Community College1 | B97: 1 | C97: Roxbury Community College | D97: Ground Source Heat Pump | E97: Roxbury Community College | F97: Boston | G97: 400 tons | I97: 2018
A98: =C98&B98 -> Roxbury Community College2 | B98: 2 | C98: Roxbury Community College | D98: Solar Thermal | E98: Roxbury Community College | F98: Boston | G98: 16 (units) | I98: 2018
A99: =C99&B99 -> Salem State University1 | B99: 1 | C99: Salem State University | D99: Ground Source Heat Pump | E99: Salem State University | F99: Salem | G99: 120 ton; 1,000 MBH; 1.44 MMBtu | I99: 2014
A100: =C100&B100 -> Springfield Technical Community College1 | B100: 1 | C100: Springfield Technical Community College | D100: Ground Source Heat Pump | E100: Springfield Technical Community College | F100: Springfield | G100: 42.5 tons cooling | I100: 2011
...

Sheet Renewable & Onsite Gen Sites
A1: =I1&J1 -> Agency# | B1: Site Name | C1: City/Town | D1: Capacity (DC) | E1: Technology | F1: Ownership Model | G1: Installation Date | H1: Notes | I1: Agency | J1: #
A2: =I2&J2 -> Berkshire Community College1 | B2: Berkshire Community College - Field /Library/Arts Building | C2: Pittsfield | D2: 110.88 | E2: Solar PV | F2: Agency/State Owned | G2: 40751 | I2: Berkshire Community College | J2: 1
A3: =I3&J3 -> Berkshire Community College2 | B3: Berkshire Community College - Hawthorne Hall | C3: Pittsfield | D3: 73.92 | E3: Solar PV | F3: Agency/State Owned | G3: 40751 | I3: Berkshire Community College | J3: 2
A4: =I4&J4 -> Berkshire Community College3 | B4: Berkshire Community College - Melville Hall | C4: Pittsfield | D4: 69.3 | E4: Solar PV | F4: Agency/State Owned | G4: 40751 | I4: Berkshire Community College | J4: 3
A5: =I5&J5 -> Berkshire Community College4 | B5: Berkshire Community College - Stanley | C5: Pittsfield | D5: 17.64 | E5: Solar PV | F5: Agency/State Owned | G5: 40751 | I5: Berkshire Community College | J5: 4
A6: =I6&J6 -> Berkshire Community College5 | B6: Berkshire Community College - Susan B Anthony College Center | C6: Pittsfield | D6: 92.4 | E6: Solar PV | F6: Agency/State Owned | G6: 40751 | I6: Berkshire Community College | J6: 5
A7: =I7&J7 -> Berkshire County Sheriff's Office1 | B7: Berkshire County Sheriff / HOC | C7: Pittsfield | D7: 303 | E7: Solar PV | F7: Agency/State Owned | G7: 42325 | I7: Berkshire County Sheriff's Office | J7: 1
A8: =I8&J8 -> Bridgewater State University1 | B8: Bridgewater State University | C8: Bridgewater | D8: 1300 | E8: CHP | I8: Bridgewater State University | J8: 1
A9: =I9&J9 -> Bridgewater State University2 | B9: Bridgewater State University - Summer St | C9: Bridgewater | D9: 103.488 | E9: Solar PV | F9: PPA | G9: 40682 | I9: Bridgewater State University | J9: 2
A10: =I10&J10 -> Bridgewater State University3 | B10: Bridgewater State Swenson Athletic Complex | C10: Bridgewater | D10: 367 | E10: Solar PV | F10: PPA | G10: 46119 | I10: Bridgewater State University | J10: 3
A11: =I11&J11 -> Bristol Community College1 | B11: Bristol Community College | C11: Fall River | D11: 86 | E11: Solar PV | F11: Agency/State Owned | G11: 40544 | I11: Bristol Community College | J11: 1
A12: =I12&J12 -> Bristol Community College2 | B12: Bristol Community College | C12: Fall River | D12: 3187.14 | E12: Solar PV | F12: PPA | I12: Bristol Community College | J12: 2
A13: =I13&J13 -> Bristol Community College3 | B13: Bristol Community College | C13: Fall River | D13: 50 | E13: Solar PV | F13: Agency/State Owned | I13: Bristol Community College | J13: 3
A14: =I14&J14 -> Bristol Community College4 | B14: Bristol Community College Elsbree Street Campus | C14: Fall River | D14: 6 | E14: Wind | I14: Bristol Community College | J14: 4
A15: =I15&J15 -> Bristol Community College5 | B15: Bristol Community College Elsbree Street Campus | C15: Fall River | D15: 10 | E15: Solar PV | F15: Agency/State Owned | I15: Bristol Community College | J15: 5
A16: =I16&J16 -> Bristol County Sheriff's Office1 | B16: Dartmouth House of Correction | C16: Dartmouth | D16: 277.9 | E16: Solar PV | F16: PPA | G16: 46129 | I16: Bristol County Sheriff's Office | J16: 1
A17: =I17&J17 -> Bunker Hill Community College1 | B17: BHCC Building G Roof | C17: Boston | D17: 12 | E17: Solar PV | F17: Agency/State Owned | G17: 41197 | I17: Bunker Hill Community College | J17: 1
A18: =I18&J18 -> Bunker Hill Community College2 | B18: Bunker Hill Community College | C18: Boston | D18: 75 | E18: CHP | G18: 41612 | I18: Bunker Hill Community College | J18: 2
A19: =I19&J19 -> Bureau of the State House1 | B19: State House | C19: Boston | D19: 15 | E19: Solar PV | F19: Agency/State Owned | I19: Bureau of the State House | J19: 1
A20: =I20&J20 -> Cape Cod Community College1 | B20: Cape Cod Community College | C20: Barnstable | D20: 1.755 | E20: Solar PV | F20: Agency/State Owned | G20: 39686 | I20: Cape Cod Community College | J20: 1
A21: =I21&J21 -> Cape Cod Community College2 | B21: Cape Cod Community College | C21: Barnstable | D21: 661.5 | E21: Solar PV | F21: Agency/State Owned | G21: 41233 | I21: Cape Cod Community College | J21: 2
A22: =I22&J22 -> Cape Cod Community College3 | B22: Cape Cod Community College Loruso Applied Tech Bldg PV | C22: Barnstable | D22: 25.73 | E22: Solar PV | F22: Agency/State Owned | G22: 38718 | I22: Cape Cod Community College | J22: 3
A23: =I23&J23 -> Cape Cod Community College4 | B23: Cape Cod Community College1 - PV | C23: Barnstable | D23: 2.5 | E23: Solar PV | F23: Agency/State Owned | G23: 38572 | I23: Cape Cod Community College | J23: 4
A24: =I24&J24 -> Cape Cod Community College5 | B24: Cape Cod Community College2 - PV | C24: Barnstable | D24: 2.52 | E24: Solar PV | F24: Agency/State Owned | G24: 39251 | I24: Cape Cod Community College | J24: 5
A25: =I25&J25 -> Cape Cod Community College6 | B25: Cape Cod Community College | C25: Barnstable | D25: 260 | E25: Solar PV | G25: 45078 | I25: Cape Cod Community College | J25: 6
A26: =I26&J26 -> Cape Cod Community College7 | B26: Cape Cod Community College | C26: Barnstable | D26: 635 | E26: Solar PV | G26: 45078 | I26: Cape Cod Community College | J26: 7
A27: =I27&J27 -> Cape Cod Regional Transit Authority1 | B27: CCRTA Hyannis Transportation Center | C27: Hyannis | D27: 360 | E27: Solar PV | F27: PPA | G27: 43709 | I27: Cape Cod Regional Transit Authority | J27: 1
A28: =I28&J28 -> Chelsea Soldiers' Home1 | B28: Chelsea Soldiers Home - Solar PV Installation- Crebs 1 | C28: Chelsea | D28: 58.5 | E28: Solar PV | F28: Agency/State Owned | G28: 40544 | I28: Chelsea Soldiers' Home | J28: 1
A29: =I29&J29 -> Chelsea Soldiers' Home2 | B29: Community Living Center | C29: Chelsea | D29: 495.8 | E29: Solar PV | G29: 45323 | I29: Chelsea Soldiers' Home | J29: 2
A30: =I30&J30 -> Dept. of Youth Services1 | B30: DYS Middleton | C30: Middleton | D30: 100 | E30: Solar PV | F30: Agency/State Owned | I30: Dept. of Youth Services | J30: 1
A31: =I31&J31 -> Dept. of Conservation & Recreation1 | B31: Chickatawbut Hill - Mass Dept. of Conservation & Recreation | C31: Milton | D31: 47.8 | E31: Solar PV | F31: Agency/State Owned | G31: 40681 | I31: Dept. of Conservation & Recreation | J31: 1
A32: =I32&J32 -> Dept. of Conservation & Recreation2 | B32: DCR Head Island at Pleasure Bay | C32: Boston | E32: Solar PV | F32: Agency/State Owned | I32: Dept. of Conservation & Recreation | J32: 2
A33: =I33&J33 -> Dept. of Conservation & Recreation3 | B33: DCR Connors Pool Maintenance Building | C33: Waltham | D33: 17.1 | E33: Solar PV | F33: Agency/State Owned | I33: Dept. of Conservation & Recreation | J33: 3
A34: =I34&J34 -> Dept. of Conservation & Recreation4 | B34: DCR Connors Pool Bathhouse | C34: Waltham | D34: 17.1 | E34: Solar PV | F34: Agency/State Owned | I34: Dept. of Conservation & Recreation | J34: 4
A35: =I35&J35 -> Dept. of Conservation & Recreation5 | B35: DCR Georges Island | C35: Boston | D35: 32.2 | E35: Solar PV | F35: Agency/State Owned | I35: Dept. of Conservation & Recreation | J35: 5
A36: =I36&J36 -> Dept. of Conservation & Recreation6 | B36: DCR Halibut Point State Park | C36: Rockport | D36: 2.7 | E36: Solar PV | F36: Agency/State Owned | I36: Dept. of Conservation & Recreation | J36: 6
A37: =I37&J37 -> Dept. of Conservation & Recreation7 | B37: DCR Walden Pond Visitor Center | C37: Concord | D37: 105.8 | E37: Solar PV | F37: Agency/State Owned | I37: Dept. of Conservation & Recreation | J37: 7
A38: =I38&J38 -> Dept. of Conservation & Recreation8 | B38: Lt. James F. Reilly Recreation Rink/Pool Complex | C38: Boston | D38: 112.5 | E38: Solar PV | F38: Agency/State Owned | I38: Dept. of Conservation & Recreation | J38: 8
A39: =I39&J39 -> Dept. of Conservation & Recreation9 | B39: Francis L. Murphy Memorial Ice Skating Rink | C39: Boston | D39: 134.6 | E39: Solar PV | F39: Agency/State Owned | I39: Dept. of Conservation & Recreation | J39: 9
A40: =I40&J40 -> Dept. of Conservation & Recreation10 | B40: Quabbin Reservoir Fishing Area 1 | C40: Belchertown | E40: Solar PV | F40: TBD | I40: Dept. of Conservation & Recreation | J40: 10
A41: =I41&J41 -> Dept. of Conservation & Recreation11 | B41: Quabbin Reservoir Fishing Area 2 | C41: New Salem | E41: Solar PV | F41: TBD | I41: Dept. of Conservation & Recreation | J41: 11
A42: =I42&J42 -> Dept. of Conservation & Recreation12 | B42: Quabbin Reservoir Fishing Area 3 | C42: Petersham | E42: Solar PV | F42: TBD | I42: Dept. of Conservation & Recreation | J42: 12
A43: =I43&J43 -> Dept. of Conservation & Recreation13 | B43: Waquoit Bay National Estuarine Research Reserve (WBNERR) | C43: East Falmouth | D43: 9.4 | E43: Solar PV | I43: Dept. of Conservation & Recreation | J43: 13
A44: =I44&J44 -> Dept. of Conservation & Recreation14 | B44: Waquoit Bay National Estuarine Research Reserve (WBNERR) | C44: East Falmouth | D44: 9.4 | E44: Solar PV | I44: Dept. of Conservation & Recreation | J44: 14
A45: =I45&J45 -> Dept. of Conservation & Recreation15 | B45: Blackstone Visitor Center | C45: Worcester | D45: 68 | E45: Solar PV | G45: 45170 | I45: Dept. of Conservation & Recreation | J45: 15
A46: =I46&J46 -> Dept. of Correction1 | B46: MCI Framingham | C46: Framingham | D46: 4 | E46: Solar PV | F46: Agency/State Owned | I46: Dept. of Correction | J46: 1
A47: =I47&J47 -> Dept. of Correction2 | B47: NCCI Gardner | C47: Gardner | D47: 3300 | E47: Wind | G47: 41306 | I47: Dept. of Correction | J47: 2
A48: =I48&J48 -> Dept. of Developmental Services1 | B48: DDS Wrentham Developmental | C48: Wrentham | D48: 501.6 | E48: Solar PV | F48: Agency/State Owned | G48: 41338 | I48: Dept. of Developmental Services | J48: 1
A49: =I49&J49 -> Dept. of Developmental Services2 | B49: DDS Wrentham Developmental | C49: Wrentham | D49: 625 | E49: CHP | G49: 41244 | I49: Dept. of Developmental Services | J49: 2
A50: =I50&J50 -> Dept. of Fire Services1 | B50: DFS Stow | C50: Stow | D50: 72 | E50: Solar PV | F50: Agency/State Owned | I50: Dept. of Fire Services | J50: 1
A51: =I51&J51 -> Dept. of Fish and Game1 | B51: DFW Headquarters | C51: Westborough | D51: 294 | E51: Solar PV | F51: Agency/State Owned | I51: Dept. of Fish and Game | J51: 1
A52: =I52&J52 -> Dept. of Mental Health1 | B52: Worcester Recovery Center and Hospital | C52: Worcester | D52: 250 | E52: CHP | G52: 41183 | I52: Dept. of Mental Health | J52: 1
A53: =I53&J53 -> Dept. of State Police1 | B53: Framingham Headquarters | C53: Framingham | D53: 375 | E53: Solar PV | I53: Dept. of State Police | J53: 1
A54: =I54&J54 -> DHCD Canton Housing Authority1 | B54: Canton Housing Authority | C54: Canton | D54: 51.07 | E54: Solar PV | F54: Agency/State Owned | G54: 40905 | I54: DHCD Canton Housing Authority | J54: 1
A55: =I55&J55 -> Division of Capital Asset Management & Maintenance1 | B55: DCAMM Surplus Property Office | C55: Lancaster | D55: 29.4 | E55: Solar PV | F55: Agency/State Owned | G55: 41023 | I55: Division of Capital Asset Management & Maintenance | J55: 1
A56: =I56&J56 -> Division of Capital Asset Management & Maintenance2 | B56: Northborough Maintenance Facility | C56: Northborough | D56: 43.5 | E56: Solar PV | G56: 45323 | I56: Division of Capital Asset Management & Maintenance | J56: 2
A57: =I57&J57 -> Essex Sheriff's Department1 | B57: Lawrence | C57: Lawrence | D57: 45 | E57: Solar PV | G57: 42873 | I57: Essex Sheriff's Department | J57: 1
A58: =I58&J58 -> Fitchburg State University1 | B58: Fitchburg State College - Anthony Building | C58: Fitchburg | D58: 26.88 | E58: Solar PV | F58: Agency/State Owned | G58: 40679 | I58: Fitchburg State University | J58: 1
A59: =I59&J59 -> Fitchburg State University2 | B59: Fitchburg State College - Sanders Admin Building | C59: Fitchburg | D59: 61.74 | E59: Solar PV | F59: Agency/State Owned | G59: 40679 | I59: Fitchburg State University | J59: 2
A60: =I60&J60 -> Fitchburg State University3 | B60: Fitchburg State University | C60: Fitchburg | E60: CHP | I60: Fitchburg State University | J60: 3
A61: =I61&J61 -> Framingham State University1 | B61: Framingham State College - Athletic Center | C61: Framingham | D61: 69.3 | E61: Solar PV | F61: Agency/State Owned | G61: 40688 | I61: Framingham State University | J61: 1
A62: =I62&J62 -> Framingham State University2 | B62: Framingham State University - Larned Hall | C62: Framingham | D62: 84 | E62: Solar PV | F62: Agency/State Owned | I62: Framingham State University | J62: 2
A63: =I63&J63 -> Framingham State University3 | B63: Framingham State College - McCarthy Student Center | C63: Framingham | D63: 29.4 | E63: Solar PV | F63: Agency/State Owned | G63: 40693 | I63: Framingham State University | J63: 3
A64: =I64&J64 -> Framingham State University4 | B64: Framingham State Salem End Road Lot | C64: Framingham | D64: 720 | E64: Solar PV | F64: Agency/State Owned | G64: Spring 2025 | I64: Framingham State University | J64: 4
A65: =I65&J65 -> Franklin County Sheriff's Office1 | B65: Franklin County Sheriff's Office | C65: Greenfield | D65: 436 | E65: Solar PV | F65: Agency/State Owned | I65: Franklin County Sheriff's Office | J65: 1
A66: =I66&J66 -> Greenfield Community College1 | B66: Greenfield Community College - East Building | C66: Greenfield | D66: 78.54 | E66: Solar PV | F66: Agency/State Owned | G66: 40945 | I66: Greenfield Community College | J66: 1
A67: =I67&J67 -> Mass. College of Liberal Arts1 | B67: Massachusetts College of Liberal Arts Science Center for Innovation | C67: North Adams | D67: 75 | E67: CHP | I67: Mass. College of Liberal Arts | J67: 1
A68: =I68&J68 -> Mass. College of Liberal Arts2 | B68: MCLA Campus Center | C68: North Adams | D68: 75 | E68: CHP | I68: Mass. College of Liberal Arts | J68: 2
A69: =I69&J69 -> Mass. College of Liberal Arts3 | B69: Mass College of Liberal Arts - Science Center | C69: North Adams | D69: 1 | E69: Wind | I69: Mass. College of Liberal Arts | J69: 3
A70: =I70&J70 -> Mass. College of Liberal Arts4 | B70: Massachusetts College of Liberal Arts (Feigenbaum Center) | C70: North Adams | D70: 9 | E70: Solar PV | F70: Agency/State Owned | G70: 38640 | I70: Mass. College of Liberal Arts | J70: 4
A71: =I71&J71 -> Mass. College of Liberal Arts5 | B71: Massachusetts College of Liberal Arts (Venable Hall) | C71: North Adams | D71: 13 | E71: Solar PV | F71: Agency/State Owned | I71: Mass. College of Liberal Arts | J71: 5
A72: =I72&J72 -> Mass. College of Liberal Arts6 | B72: Massachusetts College of Liberal Arts Power Plant | C72: North Adams | D72: 197 | E72: CHP | G72: 43070 | I72: Mass. College of Liberal Arts | J72: 6
A73: =I73&J73 -> Mass. Maritime Academy1 | B73: Mass Maritime Academy | C73: Bourne | D73: 195 | E73: CHP | G73: 39805 | I73: Mass. Maritime Academy | J73: 1
A74: =I74&J74 -> Mass. Maritime Academy2 | B74: Mass Maritime Academy - Wind Turbine Project | C74: Bourne | D74: 660 | E74: Wind | G74: 38882 | I74: Mass. Maritime Academy | J74: 2
A75: =I75&J75 -> Mass. Maritime Academy3 | B75: Mass Maritime Academy (Information Commons) | C75: Bourne | D75: 103 | E75: Solar PV | F75: Agency/State Owned | I75: Mass. Maritime Academy | J75: 3
A76: =I76&J76 -> Mass. Maritime Academy4 | B76: Mass Maritime Academy Lights | C76: Bourne | D76: 58 | E76: Solar PV | F76: Agency/State Owned | I76: Mass. Maritime Academy | J76: 4
A77: =I77&J77 -> Massachusetts Emergency Management Agency1 | B77: MEMA Bunker | C77: Framingham | D77: 275 | E77: Solar PV | F77: Agency/State Owned | I77: Massachusetts Emergency Management Agency | J77: 1
A78: =I78&J78 -> Massasoit Community College1 | B78: Massasoit Community College - Humanities Building | C78: Brockton | D78: 87.78 | E78: Solar PV | F78: Agency/State Owned | G78: 40725 | I78: Massasoit Community College | J78: 1
A79: =I79&J79 -> Massasoit Community College2 | B79: Massasoit Community College - Liberal Arts Building | C79: Brockton | D79: 69.3 | E79: Solar PV | F79: Agency/State Owned | G79: 40725 | I79: Massasoit Community College | J79: 2
A80: =I80&J80 -> Massasoit Community College3 | B80: Massasoit Community College - Science Building | C80: Brockton | D80: 50.8 | E80: Solar PV | F80: Agency/State Owned | G80: 40725 | I80: Massasoit Community College | J80: 3
A81: =I81&J81 -> Massasoit Community College4 | B81: Massasoit Community College - Student Center | C81: Brockton | D81: 110.88 | E81: Solar PV | F81: Agency/State Owned | G81: 40725 | I81: Massasoit Community College | J81: 4
A82: =I82&J82 -> Massasoit Community College5 | B82: Massasoit Community College - Technology Building | C82: Brockton | D82: 50.82 | E82: Solar PV | F82: Agency/State Owned | G82: 40725 | I82: Massasoit Community College | J82: 5
A83: =I83&J83 -> MassDEP1 | B83: DEP Wall Laboratory | C83: Lawrence | D83: 52.5 | E83: Solar PV | F83: Agency/State Owned | G83: 40981 | I83: MassDEP | J83: 1
A84: =I84&J84 -> MassDEP2 | B84: Springfield Recycling Facility Complex | C84: Springfield | D84: 129.36 | E84: Solar PV | F84: Agency/State Owned | G84: 40980 | I84: MassDEP | J84: 2
A85: =I85&J85 -> MassDOT - Highway & Turnpike Divisions1 | B85: MassDOT District 2 Highway Office | C85: Northampton | D85: 70 | E85: Solar PV | F85: Agency/State Owned | I85: MassDOT - Highway & Turnpike Divisions | J85: 1
A86: =I86&J86 -> MassDOT - Highway & Turnpike Divisions2 | B86: MassDOT Hopkinton Canopy | C86: Hopkinton | D86: 490 | E86: Solar PV | F86: PPA (with lease) | G86: 42795 | I86: MassDOT - Highway & Turnpike Divisions | J86: 2
A87: =I87&J87 -> MassDOT - Highway & Turnpike Divisions3 | B87: MassDOT Hopkinton Rooftop | C87: Hopkinton | D87: 51 | E87: Solar PV | F87: PPA (with lease) | G87: 42795 | I87: MassDOT - Highway & Turnpike Divisions | J87: 3
A88: =I88&J88 -> MassDOT - Highway & Turnpike Divisions4 | B88: MassDOT Framingham I-90 Interchange 13 North RoW | C88: Framingham | D88: 649 | E88: Solar PV | F88: PPA | G88: 41961 | I88: MassDOT - Highway & Turnpike Divisions | J88: 4
A89: =I89&J89 -> MassDOT - Highway & Turnpike Divisions5 | B89: MassDOT Framingham I-90 Interchange 13 South RoW | C89: Framingham | D89: 649 | E89: Solar PV | F89: PPA | G89: 41961 | I89: MassDOT - Highway & Turnpike Divisions | J89: 5
A90: =I90&J90 -> MassDOT - Highway & Turnpike Divisions6 | B90: MassDOT Framingham I-90 WB Service Plaza RoW | C90: Framingham | D90: 318 | E90: Solar PV | F90: PPA | G90: 41961 | I90: MassDOT - Highway & Turnpike Divisions | J90: 6
A91: =I91&J91 -> MassDOT - Highway & Turnpike Divisions7 | B91: MassDOT Natick I-90 WB Embankment RoW | C91: Natick | D91: 272 | E91: Solar PV | F91: PPA | G91: 41961 | I91: MassDOT - Highway & Turnpike Divisions | J91: 7
A92: =I92&J92 -> MassDOT - Highway & Turnpike Divisions8 | B92: MassDOT Plymouth Route 3 Exit 5 RoW | C92: Plymouth | D92: 562 | E92: Solar PV | F92: PPA | G92: 42165 | I92: MassDOT - Highway & Turnpike Divisions | J92: 8
A93: =I93&J93 -> MassDOT - Highway & Turnpike Divisions9 | B93: MassDOT Salisbury District 4 Depot RoW | C93: Salisbury | D93: 649 | E93: Solar PV | F93: PPA | G93: 42668 | I93: MassDOT - Highway & Turnpike Divisions | J93: 9
A94: =I94&J94 -> MassDOT - Highway & Turnpike Divisions10 | B94: MassDOT West Stockbridge RoW | C94: West Stockbridge | D94: 649 | E94: Solar PV | F94: PPA | G94: 42650 | I94: MassDOT - Highway & Turnpike Divisions | J94: 10
A95: =I95&J95 -> MassDOT - Highway & Turnpike Divisions11 | B95: MassDOT District 3 HQ (Central MA Transportation Center) | C95: Worcester | D95: 163.3 | E95: Solar PV | F95: Agency/State Owned | I95: MassDOT - Highway & Turnpike Divisions | J95: 11
A96: =I96&J96 -> MassDOT - Highway & Turnpike Divisions12 | B96: MassDOT District 3 HQ (Central MA Transportation Center) | C96: Worcester | D96: 773 | E96: Solar PV | F96: Agency/State Owned | I96: MassDOT - Highway & Turnpike Divisions | J96: 12
A97: =I97&J97 -> MassDOT - Highway & Turnpike Divisions13 | B97: New Bedford Park & Ride | C97: New Bedford | D97: 567 | E97: Solar PV | I97: MassDOT - Highway & Turnpike Divisions | J97: 13
A98: =I98&J98 -> MassDOT - Highway & Turnpike Divisions14 | B98: Harwich Park & Ride | C98: Harwich | D98: 306 | E98: Solar PV | I98: MassDOT - Highway & Turnpike Divisions | J98: 14
A99: =I99&J99 -> MassPort Authority1 | B99: MassPort Hanscom Civil Air Terminal | C99: Bedford | D99: 51 | E99: Solar PV | F99: Agency/State Owned | I99: MassPort Authority | J99: 1
A100: =I100&J100 -> MassPort Authority2 | B100: Massport Logan - Terminal A PPA | C100: Boston | D100: 276.64 | E100: Solar PV | F100: PPA | G100: 40905 | I100: MassPort Authority | J100: 2
...

Sheet Energy Storage Source
A1: Agency & Number | B1: Site/Facility Name | C1: Type of System | D1: Rated Power Capacity (kW) | E1: Useful Energy Capacity (kWh) | F1: Ownership Model | G1: Installation Date | H1: Expected cycling per year | I1: Select All Applicable Objectives | J1: Program Enrollment | K1: Agency | L1: #
A2: =K2&L2 -> UMass Dartmouth1 | B2: UMass Dartmouth | C2: Energy Storage (Standalone) | D2: 520 | E2: Not reported | F2: Not reported | G2: 2019 | H2: Not reported | K2: UMass Dartmouth | L2: 1
A3: =K3&L3 -> UMass Dartmouth2 | B3: UMass Dartmouth | C3: Energy Storage (Standalone) | D3: 2000 | E3: Not reported | F3: 3rd party-owned & operated | H3: 100 | K3: UMass Dartmouth | L3: 2
A4: =K4&L4 -> UMass Boston1 | B4: UMass Boston | C4: Energy Storage & Battery Storage | D4: 500 | E4: Not reported | F4: Not reported | G4: 2021 | H4: Not reported | I4: Peak demand Mgmt/Energy Cost Savings; Integration with on-site renewables; resilience & power backup | K4: UMass Boston | L4: 1
A5: =K5&L5 -> UMass Amherst1 | B5: UMass Amherst | C5: Energy Storage & Battery Storage | D5: 1000 | E5: Not reported | F5: Not reported | G5: 2020 | H5: Not reported | K5: UMass Amherst | L5: 1
A6: =K6&L6 -> UMass Amherst2 | B6: UMass Amherst | C6: Energy Storage (Standalone) | D6: 2000 | E6: 4000 | F6: 3rd party-owned & operated | G6: 2022 | H6: Not reported | I6: Integration with on-site renewables | K6: UMass Amherst | L6: 2
A7: =K7&L7 -> Mass. Water Resources Authority1 | B7: MWRA Chelsea Admin Building | C7: Energy Storage (Standalone) | D7: Not reported | E7: Not reported | F7: 3rd party-owned & operated | G7: 2021 | H7: Not reported | I7: Peak demand mgmt/energy cost savings | K7: Mass. Water Resources Authority | L7: 1
A8: =K8&L8 -> Mass. Water Resources Authority2 | B8: MWRA Brattle Court Water Pump Station | C8: Energy Storage (Standalone) | D8: Not reported | E8: Not reported | F8: 3rd party-owned & operated | G8: 2021 | H8: Not reported | I8: Peak demand mgmt/energy cost savings | K8: Mass. Water Resources Authority | L8: 2
A9: =K9&L9
A10: =K10&L10
A11: =K11&L11
A12: =K12&L12
A13: =K13&L13
A14: =K14&L14
A15: =K15&L15
A16: =K16&L16
A17: =K17&L17
A18: =K18&L18
A19: =K19&L19
A20: =K20&L20

Sheet Clean Power & Storage
A1: INSTRUCTIONS ON FILLING OUT TAB
A2: Clean Power | B2: Formerly "Installed Capacity", on this tab you will find a list of renewable, onsite generation, renewable thermal, and storage projects that have been reported to LBE for your agency/campus, along with their installed capacity. Please make any corrections where necessary and enter any additional renewable projects that you have installed.
B3: Note: A dropdown list will provide the various technologies that LBE is tracking. If you have a technology not included in the list, please make a note of this in the "Notes" section.
B4: Please answer all items in yellow where applicable.
E6: ='Contact Information '!I8 -> Please select your answer from the dropdown
A8: Installed Clean Power & Storage
A9: Section I | B9: Onsite Renewable & Electricity Generation Installed at State Agencies/Campuses: Installations on record with LBE are pre-populated, please verify and correct. If there are additional installations, please enter in the yellow fields below the pre-populated data.
A10: Section II | B10: Renewable Thermal Installed at State Agencies/Campuses: Installations on record with LBE are pre-populated, please verify and correct. If there are additional installations, please enter in the yellow fields below the pre-populated data.
A11: Section III | B11: Energy Storage Installed at State Agencies/Campuses: Installations on record with LBE are pre-populated, please verify and correct. If there are additional installations, please enter in the yellow fields below the pre-populated data.
A13: SECTION I
A14: Onsite Renewable & Electricity Generation Installed at State Agencies/Campuses
A15: Please review the pre-populated list, where applicable note corrections in Column H.
A16: Installations that LBE has documented as "In Progress" will appear in green. Please correct in "Corrections/Notes" column if status has changed.
A17: If you have additional projects that are not in the pre-populated list, please add them in yellow fields below.
B18: Site/Facility Name | C18: City/Town | D18: Capacity (kW DC) | E18: Technology | F18: Ownership Model | G18: Installation Date (month & year) | H18: Corrections/Notes
A19: 1 | B19: =IFERROR(VLOOKUP($E$6&$A19,'Renewable & Onsite Gen Sites'!$A:$J,2,FALSE)," ") | C19: =IFERROR(VLOOKUP($E$6&$A19,'Renewable & Onsite Gen Sites'!$A:$J,3,FALSE)," ") | D19: =IFERROR(VLOOKUP($E$6&$A19,'Renewable & Onsite Gen Sites'!$A:$J,4,FALSE)," ") | E19: =IFERROR(VLOOKUP($E$6&$A19,'Renewable & Onsite Gen Sites'!$A:$J,5,FALSE)," ") | F19: =IFERROR(VLOOKUP($E$6&$A19,'Renewable & Onsite Gen Sites'!$A:$J,6,FALSE)," ") | G19: =IFERROR(VLOOKUP($E$6&$A19,'Renewable & Onsite Gen Sites'!$A:$J,6,FALSE)," ")
A20: 2 | B20: =IFERROR(VLOOKUP($E$6&$A20,'Renewable & Onsite Gen Sites'!$A:$J,2,FALSE)," ") | C20: =IFERROR(VLOOKUP($E$6&$A20,'Renewable & Onsite Gen Sites'!$A:$J,3,FALSE)," ") | D20: =IFERROR(VLOOKUP($E$6&$A20,'Renewable & Onsite Gen Sites'!$A:$J,4,FALSE)," ") | E20: =IFERROR(VLOOKUP($E$6&$A20,'Renewable & Onsite Gen Sites'!$A:$J,5,FALSE)," ") | F20: =IFERROR(VLOOKUP($E$6&$A20,'Renewable & Onsite Gen Sites'!$A:$J,6,FALSE)," ") | G20: =IFERROR(VLOOKUP($E$6&$A20,'Renewable & Onsite Gen Sites'!$A:$J,6,FALSE)," ") | H20: =IFERROR(VLOOKUP($E$6&$A20,'Renewable & Onsite Gen Sites'!$A:J,20,FALSE)," ")
A21: 3 | B21: =IFERROR(VLOOKUP($E$6&$A21,'Renewable & Onsite Gen Sites'!$A:$J,2,FALSE)," ") | C21: =IFERROR(VLOOKUP($E$6&$A21,'Renewable & Onsite Gen Sites'!$A:$J,3,FALSE)," ") | D21: =IFERROR(VLOOKUP($E$6&$A21,'Renewable & Onsite Gen Sites'!$A:$J,4,FALSE)," ") | E21: =IFERROR(VLOOKUP($E$6&$A21,'Renewable & Onsite Gen Sites'!$A:$J,5,FALSE)," ") | F21: =IFERROR(VLOOKUP($E$6&$A21,'Renewable & Onsite Gen Sites'!$A:$J,6,FALSE)," ") | G21: =IFERROR(VLOOKUP($E$6&$A21,'Renewable & Onsite Gen Sites'!$A:$J,6,FALSE)," ") | H21: =IFERROR(VLOOKUP($E$6&$A21,'Renewable & Onsite Gen Sites'!$A:J,20,FALSE)," ")
A22: 4 | B22: =IFERROR(VLOOKUP($E$6&$A22,'Renewable & Onsite Gen Sites'!$A:$J,2,FALSE)," ") | C22: =IFERROR(VLOOKUP($E$6&$A22,'Renewable & Onsite Gen Sites'!$A:$J,3,FALSE)," ") | D22: =IFERROR(VLOOKUP($E$6&$A22,'Renewable & Onsite Gen Sites'!$A:$J,4,FALSE)," ") | E22: =IFERROR(VLOOKUP($E$6&$A22,'Renewable & Onsite Gen Sites'!$A:$J,5,FALSE)," ") | F22: =IFERROR(VLOOKUP($E$6&$A22,'Renewable & Onsite Gen Sites'!$A:$J,6,FALSE)," ") | G22: =IFERROR(VLOOKUP($E$6&$A22,'Renewable & Onsite Gen Sites'!$A:$J,6,FALSE)," ")
A23: 5 | B23: =IFERROR(VLOOKUP($E$6&$A23,'Renewable & Onsite Gen Sites'!$A:$J,2,FALSE)," ") | C23: =IFERROR(VLOOKUP($E$6&$A23,'Renewable & Onsite Gen Sites'!$A:$J,3,FALSE)," ") | D23: =IFERROR(VLOOKUP($E$6&$A23,'Renewable & Onsite Gen Sites'!$A:$J,4,FALSE)," ") | E23: =IFERROR(VLOOKUP($E$6&$A23,'Renewable & Onsite Gen Sites'!$A:$J,5,FALSE)," ") | F23: =IFERROR(VLOOKUP($E$6&$A23,'Renewable & Onsite Gen Sites'!$A:$J,6,FALSE)," ") | G23: =IFERROR(VLOOKUP($E$6&$A23,'Renewable & Onsite Gen Sites'!$A:$J,6,FALSE)," ") | H23: =IFERROR(VLOOKUP($E$6&$A23,'Renewable & Onsite Gen Sites'!$A:J,20,FALSE)," ")
A24: 6 | B24: =IFERROR(VLOOKUP($E$6&$A24,'Renewable & Onsite Gen Sites'!$A:$J,2,FALSE)," ") | C24: =IFERROR(VLOOKUP($E$6&$A24,'Renewable & Onsite Gen Sites'!$A:$J,3,FALSE)," ") | D24: =IFERROR(VLOOKUP($E$6&$A24,'Renewable & Onsite Gen Sites'!$A:$J,4,FALSE)," ") | E24: =IFERROR(VLOOKUP($E$6&$A24,'Renewable & Onsite Gen Sites'!$A:$J,5,FALSE)," ") | F24: =IFERROR(VLOOKUP($E$6&$A24,'Renewable & Onsite Gen Sites'!$A:$J,6,FALSE)," ") | G24: =IFERROR(VLOOKUP($E$6&$A24,'Renewable & Onsite Gen Sites'!$A:$J,6,FALSE)," ") | H24: =IFERROR(VLOOKUP($E$6&$A24,'Renewable & Onsite Gen Sites'!$A:J,20,FALSE)," ")
A25: 7 | B25: =IFERROR(VLOOKUP($E$6&$A25,'Renewable & Onsite Gen Sites'!$A:$J,2,FALSE)," ") | C25: =IFERROR(VLOOKUP($E$6&$A25,'Renewable & Onsite Gen Sites'!$A:$J,3,FALSE)," ") | D25: =IFERROR(VLOOKUP($E$6&$A25,'Renewable & Onsite Gen Sites'!$A:$J,4,FALSE)," ") | E25: =IFERROR(VLOOKUP($E$6&$A25,'Renewable & Onsite Gen Sites'!$A:$J,5,FALSE)," ") | F25: =IFERROR(VLOOKUP($E$6&$A25,'Renewable & Onsite Gen Sites'!$A:$J,6,FALSE)," ") | G25: =IFERROR(VLOOKUP($E$6&$A25,'Renewable & Onsite Gen Sites'!$A:$J,6,FALSE)," ") | H25: =IFERROR(VLOOKUP($E$6&$A25,'Renewable & Onsite Gen Sites'!$A:J,20,FALSE)," ")
A26: 8 | B26: =IFERROR(VLOOKUP($E$6&$A26,'Renewable & Onsite Gen Sites'!$A:$J,2,FALSE)," ") | C26: =IFERROR(VLOOKUP($E$6&$A26,'Renewable & Onsite Gen Sites'!$A:$J,3,FALSE)," ") | D26: =IFERROR(VLOOKUP($E$6&$A26,'Renewable & Onsite Gen Sites'!$A:$J,4,FALSE)," ") | E26: =IFERROR(VLOOKUP($E$6&$A26,'Renewable & Onsite Gen Sites'!$A:$J,5,FALSE)," ") | F26: =IFERROR(VLOOKUP($E$6&$A26,'Renewable & Onsite Gen Sites'!$A:$J,6,FALSE)," ") | G26: =IFERROR(VLOOKUP($E$6&$A26,'Renewable & Onsite Gen Sites'!$A:$J,6,FALSE)," ") | H26: =IFERROR(VLOOKUP($E$6&$A26,'Renewable & Onsite Gen Sites'!$A:J,20,FALSE)," ")
A27: 9 | B27: =IFERROR(VLOOKUP($E$6&$A27,'Renewable & Onsite Gen Sites'!$A:$J,2,FALSE)," ") | C27: =IFERROR(VLOOKUP($E$6&$A27,'Renewable & Onsite Gen Sites'!$A:$J,3,FALSE)," ") | D27: =IFERROR(VLOOKUP($E$6&$A27,'Renewable & Onsite Gen Sites'!$A:$J,4,FALSE)," ") | E27: =IFERROR(VLOOKUP($E$6&$A27,'Renewable & Onsite Gen Sites'!$A:$J,5,FALSE)," ") | F27: =IFERROR(VLOOKUP($E$6&$A27,'Renewable & Onsite Gen Sites'!$A:$J,6,FALSE)," ") | G27: =IFERROR(VLOOKUP($E$6&$A27,'Renewable & Onsite Gen Sites'!$A:$J,6,FALSE)," ") | H27: =IFERROR(VLOOKUP($E$6&$A27,'Renewable & Onsite Gen Sites'!$A:J,20,FALSE)," ")
A28: 10 | B28: =IFERROR(VLOOKUP($E$6&$A28,'Renewable & Onsite Gen Sites'!$A:$J,2,FALSE)," ") | C28: =IFERROR(VLOOKUP($E$6&$A28,'Renewable & Onsite Gen Sites'!$A:$J,3,FALSE)," ") | D28: =IFERROR(VLOOKUP($E$6&$A28,'Renewable & Onsite Gen Sites'!$A:$J,4,FALSE)," ") | E28: =IFERROR(VLOOKUP($E$6&$A28,'Renewable & Onsite Gen Sites'!$A:$J,5,FALSE)," ") | F28: =IFERROR(VLOOKUP($E$6&$A28,'Renewable & Onsite Gen Sites'!$A:$J,6,FALSE)," ") | G28: =IFERROR(VLOOKUP($E$6&$A28,'Renewable & Onsite Gen Sites'!$A:$J,6,FALSE)," ") | H28: =IFERROR(VLOOKUP($E$6&$A28,'Renewable & Onsite Gen Sites'!$A:J,20,FALSE)," ")
A29: 11 | B29: =IFERROR(VLOOKUP($E$6&$A29,'Renewable & Onsite Gen Sites'!$A:$J,2,FALSE)," ") | C29: =IFERROR(VLOOKUP($E$6&$A29,'Renewable & Onsite Gen Sites'!$A:$J,3,FALSE)," ") | D29: =IFERROR(VLOOKUP($E$6&$A29,'Renewable & Onsite Gen Sites'!$A:$J,4,FALSE)," ") | E29: =IFERROR(VLOOKUP($E$6&$A29,'Renewable & Onsite Gen Sites'!$A:$J,5,FALSE)," ") | F29: =IFERROR(VLOOKUP($E$6&$A29,'Renewable & Onsite Gen Sites'!$A:$J,6,FALSE)," ") | G29: =IFERROR(VLOOKUP($E$6&$A29,'Renewable & Onsite Gen Sites'!$A:$J,6,FALSE)," ") | H29: =IFERROR(VLOOKUP($E$6&$A29,'Renewable & Onsite Gen Sites'!$A:J,20,FALSE)," ")
A30: 12 | B30: =IFERROR(VLOOKUP($E$6&$A30,'Renewable & Onsite Gen Sites'!$A:$J,2,FALSE)," ") | C30: =IFERROR(VLOOKUP($E$6&$A30,'Renewable & Onsite Gen Sites'!$A:$J,3,FALSE)," ") | D30: =IFERROR(VLOOKUP($E$6&$A30,'Renewable & Onsite Gen Sites'!$A:$J,4,FALSE)," ") | E30: =IFERROR(VLOOKUP($E$6&$A30,'Renewable & Onsite Gen Sites'!$A:$J,5,FALSE)," ") | F30: =IFERROR(VLOOKUP($E$6&$A30,'Renewable & Onsite Gen Sites'!$A:$J,6,FALSE)," ") | G30: =IFERROR(VLOOKUP($E$6&$A30,'Renewable & Onsite Gen Sites'!$A:$J,6,FALSE)," ") | H30: =IFERROR(VLOOKUP($E$6&$A30,'Renewable & Onsite Gen Sites'!$A:J,20,FALSE)," ")
A31: 13 | B31: =IFERROR(VLOOKUP($E$6&$A31,'Renewable & Onsite Gen Sites'!$A:$J,2,FALSE)," ") | C31: =IFERROR(VLOOKUP($E$6&$A31,'Renewable & Onsite Gen Sites'!$A:$J,3,FALSE)," ") | D31: =IFERROR(VLOOKUP($E$6&$A31,'Renewable & Onsite Gen Sites'!$A:$J,4,FALSE)," ") | E31: =IFERROR(VLOOKUP($E$6&$A31,'Renewable & Onsite Gen Sites'!$A:$J,5,FALSE)," ") | F31: =IFERROR(VLOOKUP($E$6&$A31,'Renewable & Onsite Gen Sites'!$A:$J,6,FALSE)," ") | G31: =IFERROR(VLOOKUP($E$6&$A31,'Renewable & Onsite Gen Sites'!$A:$J,6,FALSE)," ") | H31: =IFERROR(VLOOKUP($E$6&$A31,'Renewable & Onsite Gen Sites'!$A:J,20,FALSE)," ")
A32: 14 | B32: =IFERROR(VLOOKUP($E$6&$A32,'Renewable & Onsite Gen Sites'!$A:$J,2,FALSE)," ") | C32: =IFERROR(VLOOKUP($E$6&$A32,'Renewable & Onsite Gen Sites'!$A:$J,3,FALSE)," ") | D32: =IFERROR(VLOOKUP($E$6&$A32,'Renewable & Onsite Gen Sites'!$A:$J,4,FALSE)," ") | E32: =IFERROR(VLOOKUP($E$6&$A32,'Renewable & Onsite Gen Sites'!$A:$J,5,FALSE)," ") | F32: =IFERROR(VLOOKUP($E$6&$A32,'Renewable & Onsite Gen Sites'!$A:$J,6,FALSE)," ") | G32: =IFERROR(VLOOKUP($E$6&$A32,'Renewable & Onsite Gen Sites'!$A:$J,6,FALSE)," ") | H32: =IFERROR(VLOOKUP($E$6&$A32,'Renewable & Onsite Gen Sites'!$A:J,20,FALSE)," ")
A33: 15 | B33: =IFERROR(VLOOKUP($E$6&$A33,'Renewable & Onsite Gen Sites'!$A:$J,2,FALSE)," ") | C33: =IFERROR(VLOOKUP($E$6&$A33,'Renewable & Onsite Gen Sites'!$A:$J,3,FALSE)," ") | D33: =IFERROR(VLOOKUP($E$6&$A33,'Renewable & Onsite Gen Sites'!$A:$J,4,FALSE)," ") | E33: =IFERROR(VLOOKUP($E$6&$A33,'Renewable & Onsite Gen Sites'!$A:$J,5,FALSE)," ") | F33: =IFERROR(VLOOKUP($E$6&$A33,'Renewable & Onsite Gen Sites'!$A:$J,6,FALSE)," ") | G33: =IFERROR(VLOOKUP($E$6&$A33,'Renewable & Onsite Gen Sites'!$A:$J,6,FALSE)," ") | H33: =IFERROR(VLOOKUP($E$6&$A33,'Renewable & Onsite Gen Sites'!$A:J,20,FALSE)," ")
A34: 16 | B34: =IFERROR(VLOOKUP($E$6&$A34,'Renewable & Onsite Gen Sites'!$A:$J,2,FALSE)," ") | C34: =IFERROR(VLOOKUP($E$6&$A34,'Renewable & Onsite Gen Sites'!$A:$J,3,FALSE)," ") | D34: =IFERROR(VLOOKUP($E$6&$A34,'Renewable & Onsite Gen Sites'!$A:$J,4,FALSE)," ") | E34: =IFERROR(VLOOKUP($E$6&$A34,'Renewable & Onsite Gen Sites'!$A:$J,5,FALSE)," ") | F34: =IFERROR(VLOOKUP($E$6&$A34,'Renewable & Onsite Gen Sites'!$A:$J,6,FALSE)," ") | G34: =IFERROR(VLOOKUP($E$6&$A34,'Renewable & Onsite Gen Sites'!$A:$J,6,FALSE)," ") | H34: =IFERROR(VLOOKUP($E$6&$A34,'Renewable & Onsite Gen Sites'!$A:J,20,FALSE)," ")
A35: Please add any installations that are currently installed or in progress, but NOT listed above.
B36: Please enter additional installations | E36: Select Technology | F36: =IFERROR(VLOOKUP($E$6&$A36,'Renewable & Onsite Gen Sites'!$A:J,15,FALSE)," ")
B37: Please enter additional installations | E37: Select Technology | F37: =IFERROR(VLOOKUP($E$6&$A37,'Renewable & Onsite Gen Sites'!$A:J,15,FALSE)," ")
B38: Please enter additional installations | C38: =IFERROR(VLOOKUP($E$6&$A38,'Renewable & Onsite Gen Sites'!$A:J,8,FALSE)," ") | D38: =IFERROR(VLOOKUP($E$6&$A38,'Renewable & Onsite Gen Sites'!$A:J,13,FALSE)," ") | E38: Select Technology | F38: =IFERROR(VLOOKUP($E$6&$A38,'Renewable & Onsite Gen Sites'!$A:J,15,FALSE)," ")
B39: Please enter additional installations | C39: =IFERROR(VLOOKUP($E$6&$A39,'Renewable & Onsite Gen Sites'!$A:J,8,FALSE)," ") | D39: =IFERROR(VLOOKUP($E$6&$A39,'Renewable & Onsite Gen Sites'!$A:J,13,FALSE)," ") | E39: Select Technology | F39: =IFERROR(VLOOKUP($E$6&$A39,'Renewable & Onsite Gen Sites'!$A:J,15,FALSE)," ")
A41: SECTION II
A42: Renewable Thermal Installed at State Agencies/Campuses (e.g. solar thermal, air-source heat pumps, ground-source heat pumps, biomass, clean CHP, etc.)
A43: Please review the pre-populated list, where applicable make corrections in Column I
A44: If you have addition projects that are not in the pre-populated list, please add them in yellow fields below.
B45: Site/Facility Name | C45: City/Town | D45: Capacity | E45: Capacity Units | F45: Technology | G45: FY Completed | H45: Corrections/Notes
A46: 1 | B46: =IFERROR(VLOOKUP($E$6&$A46,'Renewable Thermal Sites'!$A:$I,5,FALSE)," ") | C46: =IFERROR(VLOOKUP($E$6&$A46,'Renewable Thermal Sites'!$A:$I,6,FALSE)," ") | D46: =IFERROR(VLOOKUP($E$6&$A46,'Renewable Thermal Sites'!$A:$I,7,FALSE)," ") | E46: =IFERROR(VLOOKUP($E$6&$A46,'Renewable Thermal Sites'!$A:$I,8,FALSE)," ") | F46: =IFERROR(VLOOKUP($E$6&$A46,'Renewable Thermal Sites'!$A:$I,4,FALSE)," ") | G46: =IFERROR(VLOOKUP($E$6&$A46,'Renewable Thermal Sites'!$A:$I,9,FALSE)," ")
A47: 2 | B47: =IFERROR(VLOOKUP($E$6&$A47,'Renewable Thermal Sites'!$A:$I,5,FALSE)," ") | C47: =IFERROR(VLOOKUP($E$6&$A47,'Renewable Thermal Sites'!$A:$I,6,FALSE)," ") | D47: =IFERROR(VLOOKUP($E$6&$A47,'Renewable Thermal Sites'!$A:$I,7,FALSE)," ") | E47: =IFERROR(VLOOKUP($E$6&$A47,'Renewable Thermal Sites'!$A:$I,8,FALSE)," ") | F47: =IFERROR(VLOOKUP($E$6&$A47,'Renewable Thermal Sites'!$A:$I,4,FALSE)," ") | G47: =IFERROR(VLOOKUP($E$6&$A47,'Renewable Thermal Sites'!$A:$I,9,FALSE)," ")
A48: 3 | B48: =IFERROR(VLOOKUP($E$6&$A48,'Renewable Thermal Sites'!$A:$I,5,FALSE)," ") | C48: =IFERROR(VLOOKUP($E$6&$A48,'Renewable Thermal Sites'!$A:$I,6,FALSE)," ") | D48: =IFERROR(VLOOKUP($E$6&$A48,'Renewable Thermal Sites'!$A:$I,7,FALSE)," ") | E48: =IFERROR(VLOOKUP($E$6&$A48,'Renewable Thermal Sites'!$A:$I,8,FALSE)," ") | F48: =IFERROR(VLOOKUP($E$6&$A48,'Renewable Thermal Sites'!$A:$I,4,FALSE)," ") | G48: =IFERROR(VLOOKUP($E$6&$A48,'Renewable Thermal Sites'!$A:$I,9,FALSE)," ")
A49: 4 | B49: =IFERROR(VLOOKUP($E$6&$A49,'Renewable Thermal Sites'!$A:$I,5,FALSE)," ") | C49: =IFERROR(VLOOKUP($E$6&$A49,'Renewable Thermal Sites'!$A:$I,6,FALSE)," ") | D49: =IFERROR(VLOOKUP($E$6&$A49,'Renewable Thermal Sites'!$A:$I,7,FALSE)," ") | E49: =IFERROR(VLOOKUP($E$6&$A49,'Renewable Thermal Sites'!$A:$I,8,FALSE)," ") | F49: =IFERROR(VLOOKUP($E$6&$A49,'Renewable Thermal Sites'!$A:$I,4,FALSE)," ") | G49: =IFERROR(VLOOKUP($E$6&$A49,'Renewable Thermal Sites'!$A:$I,9,FALSE)," ")
A50: 5 | B50: =IFERROR(VLOOKUP($E$6&$A50,'Renewable Thermal Sites'!$A:$I,5,FALSE)," ") | C50: =IFERROR(VLOOKUP($E$6&$A50,'Renewable Thermal Sites'!$A:$I,6,FALSE)," ") | D50: =IFERROR(VLOOKUP($E$6&$A50,'Renewable Thermal Sites'!$A:$I,7,FALSE)," ") | E50: =IFERROR(VLOOKUP($E$6&$A50,'Renewable Thermal Sites'!$A:$I,8,FALSE)," ") | F50: =IFERROR(VLOOKUP($E$6&$A50,'Renewable Thermal Sites'!$A:$I,4,FALSE)," ") | G50: =IFERROR(VLOOKUP($E$6&$A50,'Renewable Thermal Sites'!$A:$I,9,FALSE)," ")
A51: 6 | B51: =IFERROR(VLOOKUP($E$6&$A51,'Renewable Thermal Sites'!$A:$I,5,FALSE)," ") | C51: =IFERROR(VLOOKUP($E$6&$A51,'Renewable Thermal Sites'!$A:$I,6,FALSE)," ") | D51: =IFERROR(VLOOKUP($E$6&$A51,'Renewable Thermal Sites'!$A:$I,7,FALSE)," ") | E51: =IFERROR(VLOOKUP($E$6&$A51,'Renewable Thermal Sites'!$A:$I,8,FALSE)," ") | F51: =IFERROR(VLOOKUP($E$6&$A51,'Renewable Thermal Sites'!$A:$I,4,FALSE)," ") | G51: =IFERROR(VLOOKUP($E$6&$A51,'Renewable Thermal Sites'!$A:$I,9,FALSE)," ")
A52: 7 | B52: =IFERROR(VLOOKUP($E$6&$A52,'Renewable Thermal Sites'!$A:$I,5,FALSE)," ") | C52: =IFERROR(VLOOKUP($E$6&$A52,'Renewable Thermal Sites'!$A:$I,6,FALSE)," ") | D52: =IFERROR(VLOOKUP($E$6&$A52,'Renewable Thermal Sites'!$A:$I,7,FALSE)," ") | E52: =IFERROR(VLOOKUP($E$6&$A52,'Renewable Thermal Sites'!$A:$I,8,FALSE)," ") | F52: =IFERROR(VLOOKUP($E$6&$A52,'Renewable Thermal Sites'!$A:$I,4,FALSE)," ") | G52: =IFERROR(VLOOKUP($E$6&$A52,'Renewable Thermal Sites'!$A:$I,9,FALSE)," ")
A53: 8 | B53: =IFERROR(VLOOKUP($E$6&$A53,'Renewable Thermal Sites'!$A:$I,5,FALSE)," ") | C53: =IFERROR(VLOOKUP($E$6&$A53,'Renewable Thermal Sites'!$A:$I,6,FALSE)," ") | D53: =IFERROR(VLOOKUP($E$6&$A53,'Renewable Thermal Sites'!$A:$I,7,FALSE)," ") | E53: =IFERROR(VLOOKUP($E$6&$A53,'Renewable Thermal Sites'!$A:$I,8,FALSE)," ") | F53: =IFERROR(VLOOKUP($E$6&$A53,'Renewable Thermal Sites'!$A:$I,4,FALSE)," ") | G53: =IFERROR(VLOOKUP($E$6&$A53,'Renewable Thermal Sites'!$A:$I,9,FALSE)," ")
A54: 9 | B54: =IFERROR(VLOOKUP($E$6&$A54,'Renewable Thermal Sites'!$A:$I,5,FALSE)," ") | C54: =IFERROR(VLOOKUP($E$6&$A54,'Renewable Thermal Sites'!$A:$I,6,FALSE)," ") | D54: =IFERROR(VLOOKUP($E$6&$A54,'Renewable Thermal Sites'!$A:$I,7,FALSE)," ") | E54: =IFERROR(VLOOKUP($E$6&$A54,'Renewable Thermal Sites'!$A:$I,8,FALSE)," ") | F54: =IFERROR(VLOOKUP($E$6&$A54,'Renewable Thermal Sites'!$A:$I,4,FALSE)," ") | G54: =IFERROR(VLOOKUP($E$6&$A54,'Renewable Thermal Sites'!$A:$I,9,FALSE)," ")
A55: 10 | B55: =IFERROR(VLOOKUP($E$6&$A55,'Renewable Thermal Sites'!$A:$I,5,FALSE)," ") | C55: =IFERROR(VLOOKUP($E$6&$A55,'Renewable Thermal Sites'!$A:$I,6,FALSE)," ") | D55: =IFERROR(VLOOKUP($E$6&$A55,'Renewable Thermal Sites'!$A:$I,7,FALSE)," ") | E55: =IFERROR(VLOOKUP($E$6&$A55,'Renewable Thermal Sites'!$A:$I,8,FALSE)," ") | F55: =IFERROR(VLOOKUP($E$6&$A55,'Renewable Thermal Sites'!$A:$I,4,FALSE)," ") | G55: =IFERROR(VLOOKUP($E$6&$A55,'Renewable Thermal Sites'!$A:$I,9,FALSE)," ")
A56: Please add any installations that are currently installed or in progress but NOT listed above.
A57: 1 | B57: Please enter additional installations | E57: Select Units | F57: Select Technology
A58: 2 | B58: Please enter additional installations | E58: Select Units | F58: Select Technology
A59: 3 | B59: Please enter additional installations | E59: Select Units | F59: Select Technology
A60: 4 | B60: Please enter additional installations | E60: Select Units | F60: Select Technology
A61: 5 | B61: Please enter additional installations | E61: Select Units | F61: Select Technology
A64: SECTION III
A65: Energy Storage Installed at State Agencies/Campuses
A66: Please review the pre-populated list, where applicable make corrections in Column K
A67: If you have addition projects that are not in the pre-populated list, please add them in yellow fields below.
B68: Site/Facility Name | C68: Type of System | D68: Rated Power Capacity (kW) | E68: Useful Energy Capacity (kWh) | F68: Ownership Model | G68: Installation Date (month & year) | H68: Expected Cycling per Year | I68: Energy Storage Objectives (all or any installations) | J68: Program Enrollement (e.g., CPS, utility demand response, ConnectedSolutions) | K68: Corrections/Notes
A69: 1 | B69: =IFERROR(VLOOKUP($E$6&$A69,'Energy Storage Source'!$A:$L,2,FALSE)," ") | C69: =IFERROR(VLOOKUP($E$6&$A69,'Energy Storage Source'!$A:$L,3,FALSE)," ") | D69: =IFERROR(VLOOKUP($E$6&$A69,'Energy Storage Source'!$A:$L,4,FALSE)," ") | E69: =IFERROR(VLOOKUP($E$6&$A69,'Energy Storage Source'!$A:$L,5,FALSE)," ") | F69: =IFERROR(VLOOKUP($E$6&$A69,'Energy Storage Source'!$A:$L,6,FALSE)," ") | G69: =IFERROR(VLOOKUP($E$6&$A69,'Energy Storage Source'!$A:$L,7,FALSE)," ") | H69: =IFERROR(VLOOKUP($E$6&$A69,'Energy Storage Source'!$A:$L,8,FALSE)," ") | I69: =IFERROR(VLOOKUP($E$6&$A69,'Energy Storage Source'!$A:$L,9,FALSE)," ") | J69: =IFERROR(VLOOKUP($E$6&$A69,'Energy Storage Source'!$A:$L,10,FALSE)," ")
A70: 2 | B70: =IFERROR(VLOOKUP($E$6&$A70,'Energy Storage Source'!$A:$L,2,FALSE)," ") | C70: =IFERROR(VLOOKUP($E$6&$A70,'Energy Storage Source'!$A:$L,3,FALSE)," ") | D70: =IFERROR(VLOOKUP($E$6&$A70,'Energy Storage Source'!$A:$L,4,FALSE)," ") | E70: =IFERROR(VLOOKUP($E$6&$A70,'Energy Storage Source'!$A:$L,5,FALSE)," ") | F70: =IFERROR(VLOOKUP($E$6&$A70,'Energy Storage Source'!$A:$L,6,FALSE)," ") | G70: =IFERROR(VLOOKUP($E$6&$A70,'Energy Storage Source'!$A:$L,7,FALSE)," ") | H70: =IFERROR(VLOOKUP($E$6&$A70,'Energy Storage Source'!$A:$L,8,FALSE)," ") | I70: =IFERROR(VLOOKUP($E$6&$A70,'Energy Storage Source'!$A:$L,9,FALSE)," ") | J70: =IFERROR(VLOOKUP($E$6&$A70,'Energy Storage Source'!$A:$L,10,FALSE)," ")
A71: 3 | B71: =IFERROR(VLOOKUP($E$6&$A71,'Energy Storage Source'!$A:$L,2,FALSE)," ") | C71: =IFERROR(VLOOKUP($E$6&$A71,'Energy Storage Source'!$A:$L,3,FALSE)," ") | D71: =IFERROR(VLOOKUP($E$6&$A71,'Energy Storage Source'!$A:$L,4,FALSE)," ") | E71: =IFERROR(VLOOKUP($E$6&$A71,'Energy Storage Source'!$A:$L,5,FALSE)," ") | F71: =IFERROR(VLOOKUP($E$6&$A71,'Energy Storage Source'!$A:$L,6,FALSE)," ") | G71: =IFERROR(VLOOKUP($E$6&$A71,'Energy Storage Source'!$A:$L,7,FALSE)," ") | H71: =IFERROR(VLOOKUP($E$6&$A71,'Energy Storage Source'!$A:$L,8,FALSE)," ") | I71: =IFERROR(VLOOKUP($E$6&$A71,'Energy Storage Source'!$A:$L,9,FALSE)," ") | J71: =IFERROR(VLOOKUP($E$6&$A71,'Energy Storage Source'!$A:$L,10,FALSE)," ")
A72: 4 | B72: =IFERROR(VLOOKUP($E$6&$A72,'Energy Storage Source'!$A:$L,2,FALSE)," ") | C72: =IFERROR(VLOOKUP($E$6&$A72,'Energy Storage Source'!$A:$L,3,FALSE)," ") | D72: =IFERROR(VLOOKUP($E$6&$A72,'Energy Storage Source'!$A:$L,4,FALSE)," ") | E72: =IFERROR(VLOOKUP($E$6&$A72,'Energy Storage Source'!$A:$L,5,FALSE)," ") | F72: =IFERROR(VLOOKUP($E$6&$A72,'Energy Storage Source'!$A:$L,6,FALSE)," ") | G72: =IFERROR(VLOOKUP($E$6&$A72,'Energy Storage Source'!$A:$L,7,FALSE)," ") | H72: =IFERROR(VLOOKUP($E$6&$A72,'Energy Storage Source'!$A:$L,8,FALSE)," ") | I72: =IFERROR(VLOOKUP($E$6&$A72,'Energy Storage Source'!$A:$L,9,FALSE)," ") | J72: =IFERROR(VLOOKUP($E$6&$A72,'Energy Storage Source'!$A:$L,10,FALSE)," ")
A73: 5 | B73: =IFERROR(VLOOKUP($E$6&$A73,'Energy Storage Source'!$A:$L,2,FALSE)," ") | C73: =IFERROR(VLOOKUP($E$6&$A73,'Energy Storage Source'!$A:$L,3,FALSE)," ") | D73: =IFERROR(VLOOKUP($E$6&$A73,'Energy Storage Source'!$A:$L,4,FALSE)," ") | E73: =IFERROR(VLOOKUP($E$6&$A73,'Energy Storage Source'!$A:$L,5,FALSE)," ") | F73: =IFERROR(VLOOKUP($E$6&$A73,'Energy Storage Source'!$A:$L,6,FALSE)," ") | G73: =IFERROR(VLOOKUP($E$6&$A73,'Energy Storage Source'!$A:$L,7,FALSE)," ") | H73: =IFERROR(VLOOKUP($E$6&$A73,'Energy Storage Source'!$A:$L,8,FALSE)," ") | I73: =IFERROR(VLOOKUP($E$6&$A73,'Energy Storage Source'!$A:$L,9,FALSE)," ") | J73: =IFERROR(VLOOKUP($E$6&$A73,'Energy Storage Source'!$A:$L,10,FALSE)," ")
A74: Please add any installations that are currently installed, planned or in progress but NOT listed above.
B75: Please enter additional installations | C75: Select System Type | F75: Select Ownership Model | I75: Please Select
B76: Please enter additional installations | C76: Select System Type | F76: Select Ownership Model | I76: Please Select
B77: Please enter additional installations | C77: Select System Type | F77: Select Ownership Model | I77: Please Select
B78: Please enter additional installations | C78: Select System Type | F78: Select Ownership Model | I78: Please Select

Sheet EE-Decarb Projects
A1: INSTRUCTIONS ON FILLING OUT TAB
A2: EE & Decarb Projects | B2: Please use the following section to provide information on any energy efficiency or decarbonization projects that were initiated and/or completed in FY26.
A4: Energy Efficiency & Decarb Projects at State Facilities
A5: Site/Location | B5: City/Town | C5: Energy Efficiency/Decarbonization Project Description | D5: Energy Efficiency/Decarbonization Project Impacts In space below, please provide any information related to project cost, project savings, and emissions reduction impacts.
A6: Please include only EE & decarb projects that have occurred during FY26.
A19: Please provide any additional notes regarding energy efficiency & decarbonization projects below:

Sheet Embodied Carbon
A1: INSTRUCTIONS ON FILLING OUT TAB
A2: Embodied Carbon | B2: Please answer the following questions (if applicable) to provide information on any projects at your facilities that incorporated embodied carbon considerations in the decision-making process in FY26. If you did not have any projects that considered embodied carbon, please feel free to skip this tab.
A4: Embodied Carbon
A6: Please provide the following information for any project(s) which your agency incorporated embodied carbon as a factor in decision making:
A7: Project Name | B7: Project Location | C7: Project Square Footage | D7: Primary Building Use
A16: Did you set minimum requirements around embodied carbon? (Yes/No) | D16: Please Select
A17: If "yes", please describe below.
A20: How did you measure embodied carbon impacts on this project. Please check all applicable strategies:
A21: FALSE | B21: Collected Environmental Product Declarations for certain materials
A22: FALSE | B22: Conducted a Whole Project Life Cycle Assessment
A23: FALSE | B23: Other (please describe below)
A24: If "Other":
A26: If applicable, please indicate your strategies for reducing project embodied carbon. Please check as many as are relevant:
A27: FALSE | B27: Reuse & Rehabilitation
A28: FALSE | B28: Space Optimization
A29: FALSE | B29: Interior Efficiencies
A30: FALSE | B30: Lightweight Design
A31: FALSE | B31: Timber Structure
A32: FALSE | B32: Low Carbon Concrete
A33: FALSE | B33: Low Carbon Insulation
A34: FALSE | B34: Other Low Carbon Products/Materials
A35: FALSE | B35: Other (please describe below)
A36: If "Other":
A38: Please provide any known or projected embodied carbon impacts, including but not limited to, quantitative data demonstrating embodied carbon reductions.

Sheet Source Water
A1: Agency# | B1: FiscalYear | C1: EOName | D1: Agency | E1: Total Gallons | F1: Cost | G1: #
A2: =D2&G2 -> Berkshire Community College2024 | B2: 2024 | C2: BHE | D2: Berkshire Community College | E2: 714610 | F2: 35437 | G2: 2024
A3: =D3&G3 -> Berkshire Community College2025 | B3: 2025 | C3: BHE | D3: Berkshire Community College | E3: 720843 | F3: 31813 | G3: 2025
A4: =D4&G4 -> Bridgewater State University2013 | B4: 2013 | C4: BHE | D4: Bridgewater State University | E4: 3824448 | F4: 451713 | G4: 2013
A5: =D5&G5 -> Bridgewater State University2014 | B5: 2014 | C5: BHE | D5: Bridgewater State University | E5: 32893340 | F5: 550109 | G5: 2014
A6: =D6&G6 -> Bridgewater State University2015 | B6: 2015 | C6: BHE | D6: Bridgewater State University | E6: 29569820 | F6: 489407 | G6: 2015
A7: =D7&G7 -> Bridgewater State University2016 | B7: 2016 | C7: BHE | D7: Bridgewater State University | E7: 26859254 | F7: 495001.42 | G7: 2016
A8: =D8&G8 -> Bridgewater State University2017 | B8: 2017 | C8: BHE | D8: Bridgewater State University | E8: 31196085 | F8: 537727.76 | G8: 2017
A9: =D9&G9 -> Bridgewater State University2018 | B9: 2018 | C9: BHE | D9: Bridgewater State University | E9: 33115512 | F9: 622299.75 | G9: 2018
A10: =D10&G10 -> Bridgewater State University2019 | B10: 2019 | C10: BHE | D10: Bridgewater State University | E10: 28146951 | F10: 536928 | G10: 2019
A11: =D11&G11 -> Bridgewater State University2020 | B11: 2020 | C11: BHE | D11: Bridgewater State University | E11: 4154200 | F11: 585907.51 | G11: 2020
A12: =D12&G12 -> Bridgewater State University2021 | B12: 2021 | C12: BHE | D12: Bridgewater State University | E12: 2171100 | F12: 313384.85 | G12: 2021
A13: =D13&G13 -> Bridgewater State University2022 | B13: 2022 | C13: BHE | D13: Bridgewater State University | E13: not reported | F13: 520999.33 | G13: 2022
A14: =D14&G14 -> Bridgewater State University2023 | B14: 2023 | C14: BHE | D14: Bridgewater State University | E14: 4071100 | F14: 680376 | G14: 2023
A15: =D15&G15 -> Bridgewater State University2024 | B15: 2024 | C15: BHE | D15: Bridgewater State University | E15: 4942200 | F15: 838435.88 | G15: 2024
A16: =D16&G16 -> Bridgewater State University2025 | B16: 2025 | C16: BHE | D16: Bridgewater State University | E16: 5490900 | F16: 1117985.8 | G16: 2025
A17: =D17&G17 -> Bristol Community College2013 | B17: 2013 | C17: BHE | D17: Bristol Community College | E17: 2994244 | F17: 9154.75 | G17: 2013
A18: =D18&G18 -> Bristol Community College2014 | B18: 2014 | C18: BHE | D18: Bristol Community College | E18: 2831928 | F18: 9494.65 | G18: 2014
A19: =D19&G19 -> Bristol Community College2015 | B19: 2015 | C19: BHE | D19: Bristol Community College | E19: 2809488 | F19: 10667 | G19: 2015
A20: =D20&G20 -> Bristol Community College2016 | B20: 2016 | C20: BHE | D20: Bristol Community College | E20: 3173000 | F20: 11342 | G20: 2016
A21: =D21&G21 -> Bristol Community College2017 | B21: 2017 | C21: BHE | D21: Bristol Community College | E21: 2699719 | F21: 12606.35 | G21: 2017
A22: =D22&G22 -> Bristol Community College2018 | B22: 2018 | C22: BHE | D22: Bristol Community College | E22: 2986223 | F22: 11726.56 | G22: 2018
A23: =D23&G23 -> Bristol Community College2019 | B23: 2019 | C23: BHE | D23: Bristol Community College | E23: 5154078 | F23: 18342 | G23: 2019
A24: =D24&G24 -> Bristol Community College2020 | B24: 2020 | C24: BHE | D24: Bristol Community College | E24: not reported | F24: not reported | G24: 2020
A25: =D25&G25 -> Bristol Community College2021 | B25: 2021 | C25: BHE | D25: Bristol Community College | E25: not reported | F25: not reported | G25: 2021
A26: =D26&G26 -> Bristol Community College2022 | B26: 2022 | C26: BHE | D26: Bristol Community College | E26: not reported | F26: not reported | G26: 2022
A27: =D27&G27 -> Bristol Community College2023 | B27: 2023 | C27: BHE | D27: Bristol Community College | E27: not reported | F27: not reported | G27: 2023
A28: =D28&G28 -> Bristol Community College2024 | B28: 2024 | C28: BHE | D28: Bristol Community College | E28: not reported | F28: not reported | G28: 2024
A29: =D29&G29 -> Bristol Community College2025 | B29: 2025 | C29: BHE | D29: Bristol Community College | E29: not reported | F29: not reported | G29: 2025
A30: =D30&G30 -> Bunker Hill Community College2016 | B30: 2016 | C30: BHE | D30: Bunker Hill Community College | E30: 1687015 | F30: 252208 | G30: 2016
A31: =D31&G31 -> Bunker Hill Community College2017 | B31: 2017 | C31: BHE | D31: Bunker Hill Community College | E31: 1409910 | F31: 210781 | G31: 2017
A32: =D32&G32 -> Bunker Hill Community College2018 | B32: 2018 | C32: BHE | D32: Bunker Hill Community College | E32: not reported | F32: not reported | G32: 2018
A33: =D33&G33 -> Bunker Hill Community College2019 | B33: 2019 | C33: BHE | D33: Bunker Hill Community College | E33: not reported | F33: not reported | G33: 2019
A34: =D34&G34 -> Bunker Hill Community College2020 | B34: 2020 | C34: BHE | D34: Bunker Hill Community College | E34: not reported | F34: not reported | G34: 2020
A35: =D35&G35 -> Bunker Hill Community College2021 | B35: 2021 | C35: BHE | D35: Bunker Hill Community College | E35: not reported | F35: not reported | G35: 2021
A36: =D36&G36 -> Bunker Hill Community College2022 | B36: 2022 | C36: BHE | D36: Bunker Hill Community College | E36: not reported | F36: not reported | G36: 2022
A37: =D37&G37 -> Bunker Hill Community College2023 | B37: 2023 | C37: BHE | D37: Bunker Hill Community College | E37: not reported | F37: not reported | G37: 2023
A38: =D38&G38 -> Bunker Hill Community College2024 | B38: 2024 | C38: BHE | D38: Bunker Hill Community College | E38: not reported | F38: not reported | G38: 2024
A39: =D39&G39 -> Bunker Hill Community College2025 | B39: 2025 | C39: BHE | D39: Bunker Hill Community College | E39: not reported | F39: not reported | G39: 2025
A40: =D40&G40 -> Cape Cod Community College2013 | B40: 2013 | C40: BHE | D40: Cape Cod Community College | E40: 1641000 | F40: 6015.95 | G40: 2013
A41: =D41&G41 -> Cape Cod Community College2014 | B41: 2014 | C41: BHE | D41: Cape Cod Community College | E41: 1577000 | F41: 5530.65 | G41: 2014
A42: =D42&G42 -> Cape Cod Community College2015 | B42: 2015 | C42: BHE | D42: Cape Cod Community College | E42: 1638000 | F42: 6284.1 | G42: 2015
A43: =D43&G43 -> Cape Cod Community College2016 | B43: 2016 | C43: BHE | D43: Cape Cod Community College | E43: 1652000 | F43: 6089.4 | G43: 2016
A44: =D44&G44 -> Cape Cod Community College2017 | B44: 2017 | C44: BHE | D44: Cape Cod Community College | E44: 1146000 | F44: 4090 | G44: 2017
A45: =D45&G45 -> Cape Cod Community College2018 | B45: 2018 | C45: BHE | D45: Cape Cod Community College | E45: not reported | F45: not reported | G45: 2018
A46: =D46&G46 -> Cape Cod Community College2019 | B46: 2019 | C46: BHE | D46: Cape Cod Community College | E46: 2034000 | F46: 7848 | G46: 2019
A47: =D47&G47 -> Cape Cod Community College2020 | B47: 2020 | C47: BHE | D47: Cape Cod Community College | E47: not reported | F47: not reported | G47: 2020
A48: =D48&G48 -> Cape Cod Community College2021 | B48: 2021 | C48: BHE | D48: Cape Cod Community College | E48: not reported | F48: not reported | G48: 2021
A49: =D49&G49 -> Cape Cod Community College2022 | B49: 2022 | C49: BHE | D49: Cape Cod Community College | E49: not reported | F49: not reported | G49: 2022
A50: =D50&G50 -> Cape Cod Community College2023 | B50: 2023 | C50: BHE | D50: Cape Cod Community College | E50: 1736000 | F50: 6421 | G50: 2023
A51: =D51&G51 -> Cape Cod Community College2024 | B51: 2024 | C51: BHE | D51: Cape Cod Community College | E51: 2172000 | F51: $8,142 | G51: 2024
A52: =D52&G52 -> Cape Cod Community College2025 | B52: 2025 | C52: BHE | D52: Cape Cod Community College | E52: 2096000 | F52: 8084 | G52: 2025
A53: =D53&G53 -> Dept. of Correction2016 | B53: 2016 | C53: EOPS | D53: Dept. of Correction | E53: 7725439.2 | F53: 0 | G53: 2016
A54: =D54&G54 -> Dept. of Correction2018 | B54: 2018 | C54: EOPS | D54: Dept. of Correction | E54: 8094838 | F54: 0 | G54: 2018
A55: =D55&G55 -> Dept. of Correction2019 | B55: 2019 | C55: EOPS | D55: Dept. of Correction | E55: 107338489 | F55: 0 | G55: 2019
A56: =D56&G56 -> Dept. of Correction2020 | B56: 2020 | C56: EOPS | D56: Dept. of Correction | E56: 42658137 | F56: - | G56: 2020
A57: =D57&G57 -> Dept. of Correction2021 | B57: 2021 | C57: EOPS | D57: Dept. of Correction | E57: not reported | F57: not reported | G57: 2021
A58: =D58&G58 -> Dept. of Correction2022 | B58: 2022 | C58: EOPS | D58: Dept. of Correction | E58: not reported | F58: not reported | G58: 2022
A59: =D59&G59 -> Dept. of Correction2023 | B59: 2023 | C59: EOPS | D59: Dept. of Correction | E59: 2317070825 | F59: not reported | G59: 2023
A60: =D60&G60 -> Dept. of Correction2024 | B60: 2024 | C60: EOPS | D60: Dept. of Correction | E60: 95372052 | F60: not reported | G60: 2024
A61: =D61&G61 -> Dept. of Correction2025 | B61: 2025 | C61: EOPS | D61: Dept. of Correction | E61: 83178138 | F61: not reported | G61: 2025
A62: =D62&G62 -> Dept. of Fire Services2013 | B62: 2013 | C62: EOPS | D62: Dept. of Fire Services | E62: 768000 | F62: 5921 | G62: 2013
A63: =D63&G63 -> Dept. of Fire Services2014 | B63: 2014 | C63: EOPS | D63: Dept. of Fire Services | E63: 976000 | F63: 7279 | G63: 2014
A64: =D64&G64 -> Dept. of Fire Services2015 | B64: 2015 | C64: EOPS | D64: Dept. of Fire Services | E64: 293000 | F64: 3443 | G64: 2015
A65: =D65&G65 -> Dept. of Fire Services2016 | B65: 2016 | C65: EOPS | D65: Dept. of Fire Services | E65: 456000 | F65: 0 | G65: 2016
A66: =D66&G66 -> Dept. of Fire Services2017 | B66: 2017 | C66: EOPS | D66: Dept. of Fire Services | E66: not reported | F66: not reported | G66: 2017
A67: =D67&G67 -> Dept. of Fire Services2018 | B67: 2018 | C67: EOPS | D67: Dept. of Fire Services | E67: not reported | F67: not reported | G67: 2018
A68: =D68&G68 -> Dept. of Fire Services2019 | B68: 2019 | C68: EOPS | D68: Dept. of Fire Services | E68: not reported | F68: not reported | G68: 2019
A69: =D69&G69 -> Dept. of Fire Services2020 | B69: 2020 | C69: EOPS | D69: Dept. of Fire Services | E69: not reported | F69: not reported | G69: 2020
A70: =D70&G70 -> Dept. of Fire Services2021 | B70: 2021 | C70: EOPS | D70: Dept. of Fire Services | E70: not reported | F70: not reported | G70: 2021
A71: =D71&G71 -> Dept. of Fire Services2022 | B71: 2022 | C71: EOPS | D71: Dept. of Fire Services | E71: not reported | F71: not reported | G71: 2022
A72: =D72&G72 -> Dept. of Fire Services2023 | B72: 2023 | C72: EOPS | D72: Dept. of Fire Services | E72: not reported | F72: not reported | G72: 2023
A73: =D73&G73 -> Dept. of Fire Services2024 | B73: 2024 | C73: EOPS | D73: Dept. of Fire Services | E73: not reported | F73: not reported | G73: 2024
A74: =D74&G74 -> Dept. of Fire Services2025 | B74: 2025 | C74: EOPS | D74: Dept. of Fire Services | E74: not reported | F74: not reported | G74: 2025
A75: =D75&G75 -> Dept. of State Police2021 | B75: 2021 | C75: EOPS | D75: Dept. of State Police | E75: not reported | F75: not reported | G75: 2021
A76: =D76&G76 -> Dept. of State Police2022 | B76: 2022 | C76: EOPS | D76: Dept. of State Police | E76: not reported | F76: not reported | G76: 2022
A77: =D77&G77 -> Dept. of State Police2023 | B77: 2023 | C77: EOPS | D77: Dept. of State Police | E77: 4756566 | F77: 87976.96 | G77: 2023
A78: =D78&G78 -> Dept. of State Police2024 | B78: 2024 | C78: EOPS | D78: Dept. of State Police | E78: 6255963 | F78: 93537.24 | G78: 2024
A79: =D79&G79 -> Dept. of State Police2025 | B79: 2025 | C79: EOPS | D79: Dept. of State Police | E79: 6763746 | F79: 90070.45 | G79: 2025
A80: =D80&G80 -> Fitchburg State University2013 | B80: 2013 | C80: BHE | D80: Fitchburg State University | E80: 33432000 | F80: 161466.33 | G80: 2013
A81: =D81&G81 -> Fitchburg State University2014 | B81: 2014 | C81: BHE | D81: Fitchburg State University | E81: 29689500 | F81: 149911.6 | G81: 2014
A82: =D82&G82 -> Fitchburg State University2015 | B82: 2015 | C82: BHE | D82: Fitchburg State University | E82: 28621500 | F82: 144210.47 | G82: 2015
A83: =D83&G83 -> Fitchburg State University2016 | B83: 2016 | C83: BHE | D83: Fitchburg State University | E83: 32001750 | F83: 156215.71 | G83: 2016
A84: =D84&G84 -> Fitchburg State University2017 | B84: 2017 | C84: BHE | D84: Fitchburg State University | E84: 33650250 | F84: 184962.5 | G84: 2017
A85: =D85&G85 -> Fitchburg State University2018 | B85: 2018 | C85: BHE | D85: Fitchburg State University | E85: 31810030 | F85: 187658 | G85: 2018
A86: =D86&G86 -> Fitchburg State University2019 | B86: 2019 | C86: BHE | D86: Fitchburg State University | E86: 30823353 | F86: 193810 | G86: 2019
A87: =D87&G87 -> Fitchburg State University2020 | B87: 2020 | C87: BHE | D87: Fitchburg State University | E87: 23343042 | F87: 154064 | G87: 2020
A88: =D88&G88 -> Fitchburg State University2021 | B88: 2021 | C88: BHE | D88: Fitchburg State University | E88: 20412927 | F88: 137281 | G88: 2021
... A112: =D112&G112 -> Greenfield Community College2019 | B112: 2019 | C112: BHE | D112: Greenfield Community College | E112: 2147819 | F112: 7646 | G112: 2019
A113: =D113&G113 -> Greenfield Community College2020 | B113: 2020 | C113: BHE | D113: Greenfield Community College | E113: not reported | F113: not reported | G113: 2020
A114: =D114&G114 -> Greenfield Community College2021 | B114: 2021 | C114: BHE | D114: Greenfield Community College | E114: not reported | F114: not reported | G114: 2021
A115: =D115&G115 -> Greenfield Community College2022 | B115: 2022 | C115: BHE | D115: Greenfield Community College | E115: not reported | F115: not reported | G115: 2022
A116: =D116&G116 -> Greenfield Community College2023 | B116: 2023 | C116: BHE | D116: Greenfield Community College | E116: not reported | F116: not reported | G116: 2023
A117: =D117&G117 -> Greenfield Community College2024 | B117: 2024 | C117: BHE | D117: Greenfield Community College | E117: not reported | F117: not reported | G117: 2024
A118: =D118&G118 -> Greenfield Community College2025 | B118: 2025 | C118: BHE | D118: Greenfield Community College | E118: not reported | F118: not reported | G118: 2025
A119: =D119&G119 -> Holyoke Community College2014 | B119: 2014 | C119: BHE | D119: Holyoke Community College | E119: 10280000 | F119: 44204 | G119: 2014
A120: =D120&G120 -> Holyoke Community College2015 | B120: 2015 | C120: BHE | D120: Holyoke Community College | E120: 10456066 | F120: 44961 | G120: 2015
A121: =D121&G121 -> Holyoke Community College2016 | B121: 2016 | C121: BHE | D121: Holyoke Community College | E121: 19122500 | F121: 82227 | G121: 2016
A122: =D122&G122 -> Holyoke Community College2017 | B122: 2017 | C122: BHE | D122: Holyoke Community College | E122: 12260110 | F122: 52718.47 | G122: 2017
A123: =D123&G123 -> Holyoke Community College2018 | B123: 2018 | C123: BHE | D123: Holyoke Community College | E123: 13418050 | F123: 57697 | G123: 2018
...

Sheet Sustainability
A1: INSTRUCTIONS ON FILLING OUT TAB
A2: Recycling | C2: This tab requests information on waste management, water use and converation, and other sustainability efforts at your facilities. If you have more than one facility you would like to track separately, feel free to contact Sophia Vitello (sophia.vitello@mass.gov)
C3: Please answer all items in yellow, where applicable.
A5: Section I | C5: Waste Diversion
A6: Section II | C6: Water Use & Conservation
A7: Section III | C7: Sustainable Landscaping
A8: Section IV | C8: Other Sustainability
A11: Section I: Waste Diversion
A13: 1 | B13: If available, please provide total tonnage diverted from waste stream
A14: 2 | B14: If available, please provide total tonnage of materials disposed of in the solid waste stream (not including diverted materials)
G15: Calculated Waste Diversion Rate | J15: =IFERROR(J13/(J13+J14),"")
A17: 3 | B17: Please discuss any new or innovative programs in place to reduce waste/expand recycling programs that you have implemented in the last year
A20: 4 | B20: Are you interested in receiving technical assistance in enhancing or expanding your waste diversion programs? | J20: Please select a response from dropdown.
A23: Section II: Water Use & Conservation
A24: 5 | B24: Fiscal Year | C24: Total Gallons | E24: Total Cost | G24: Corrections/Notes
B25: 2024 | C25: =IFERROR(VLOOKUP('Contact Information '!$I$8&$B25,'Source Water'!A:G,5,FALSE),"") | E25: =IFERROR(VLOOKUP('Contact Information '!$I$8&$B25,'Source Water'!A:G,6,FALSE),"")
B26: 2025 | C26: =IFERROR(VLOOKUP('Contact Information '!$I$8&$B26,'Source Water'!A:G,5,FALSE),"") | E26: =IFERROR(VLOOKUP('Contact Information '!$I$8&$B26,'Source Water'!A:G,6,FALSE),"")
B27: 2026
A29: 6 | B29: Please discuss below any new or innovative water conservation measures that you have implemented in the last year
A33: Section III: Sustainable Landscaping
A35: Pollinator Habitat (Existing)
A36: If your campus/agency employs any of the following practices to support pollinator habitats and species, please provide details in the spaces provided below each question.
B37: Site/Location | E37: Strategy | G37: Est. Size (Acres) | H37: Year Established | I37: Implementation Status | J37: Notes
A38: 1 | B38: =IFERROR(VLOOKUP('Contact Information '!$I$8&$A38,'Landscaping Source'!$A:$H,4,FALSE)," ") | E38: =IFERROR(VLOOKUP('Contact Information '!$I$8&$A38,'Landscaping Source'!$A:$H,5,FALSE)," ") | G38: =IFERROR(VLOOKUP('Contact Information '!$I$8&$A38,'Landscaping Source'!$A:$H,6,FALSE)," ") | H38: =IFERROR(VLOOKUP('Contact Information '!$I$8&$A38,'Landscaping Source'!$A:$H,7,FALSE)," ") | I38: =IFERROR(VLOOKUP('Contact Information '!$I$8&$A38,'Landscaping Source'!$A:$H,8,FALSE)," ")
A39: 2 | B39: =IFERROR(VLOOKUP('Contact Information '!$I$8&$A39,'Landscaping Source'!$A:$H,4,FALSE)," ") | E39: =IFERROR(VLOOKUP('Contact Information '!$I$8&$A39,'Landscaping Source'!$A:$H,5,FALSE)," ") | G39: =IFERROR(VLOOKUP('Contact Information '!$I$8&$A39,'Landscaping Source'!$A:$H,6,FALSE)," ") | H39: =IFERROR(VLOOKUP('Contact Information '!$I$8&$A39,'Landscaping Source'!$A:$H,7,FALSE)," ") | I39: =IFERROR(VLOOKUP('Contact Information '!$I$8&$A39,'Landscaping Source'!$A:$H,8,FALSE)," ")
A40: 3 | B40: =IFERROR(VLOOKUP('Contact Information '!$I$8&$A40,'Landscaping Source'!$A:$H,4,FALSE)," ") | E40: =IFERROR(VLOOKUP('Contact Information '!$I$8&$A40,'Landscaping Source'!$A:$H,5,FALSE)," ") | G40: =IFERROR(VLOOKUP('Contact Information '!$I$8&$A40,'Landscaping Source'!$A:$H,6,FALSE)," ") | H40: =IFERROR(VLOOKUP('Contact Information '!$I$8&$A40,'Landscaping Source'!$A:$H,7,FALSE)," ") | I40: =IFERROR(VLOOKUP('Contact Information '!$I$8&$A40,'Landscaping Source'!$A:$H,8,FALSE)," ")
A41: 4 | B41: =IFERROR(VLOOKUP('Contact Information '!$I$8&$A41,'Landscaping Source'!$A:$H,4,FALSE)," ") | E41: =IFERROR(VLOOKUP('Contact Information '!$I$8&$A41,'Landscaping Source'!$A:$H,5,FALSE)," ") | G41: =IFERROR(VLOOKUP('Contact Information '!$I$8&$A41,'Landscaping Source'!$A:$H,6,FALSE)," ") | H41: =IFERROR(VLOOKUP('Contact Information '!$I$8&$A41,'Landscaping Source'!$A:$H,7,FALSE)," ") | I41: =IFERROR(VLOOKUP('Contact Information '!$I$8&$A41,'Landscaping Source'!$A:$H,8,FALSE)," ")
A42: 5 | B42: =IFERROR(VLOOKUP('Contact Information '!$I$8&$A42,'Landscaping Source'!$A:$H,4,FALSE)," ") | E42: =IFERROR(VLOOKUP('Contact Information '!$I$8&$A42,'Landscaping Source'!$A:$H,5,FALSE)," ") | G42: =IFERROR(VLOOKUP('Contact Information '!$I$8&$A42,'Landscaping Source'!$A:$H,6,FALSE)," ") | H42: =IFERROR(VLOOKUP('Contact Information '!$I$8&$A42,'Landscaping Source'!$A:$H,7,FALSE)," ") | I42: =IFERROR(VLOOKUP('Contact Information '!$I$8&$A42,'Landscaping Source'!$A:$H,8,FALSE)," ")
A43: 6 | B43: =IFERROR(VLOOKUP('Contact Information '!$I$8&$A43,'Landscaping Source'!$A:$H,4,FALSE)," ") | E43: =IFERROR(VLOOKUP('Contact Information '!$I$8&$A43,'Landscaping Source'!$A:$H,5,FALSE)," ") | G43: =IFERROR(VLOOKUP('Contact Information '!$I$8&$A43,'Landscaping Source'!$A:$H,6,FALSE)," ") | H43: =IFERROR(VLOOKUP('Contact Information '!$I$8&$A43,'Landscaping Source'!$A:$H,7,FALSE)," ") | I43: =IFERROR(VLOOKUP('Contact Information '!$I$8&$A43,'Landscaping Source'!$A:$H,8,FALSE)," ")
A44: 7 | B44: =IFERROR(VLOOKUP('Contact Information '!$I$8&$A44,'Landscaping Source'!$A:$H,4,FALSE)," ") | E44: =IFERROR(VLOOKUP('Contact Information '!$I$8&$A44,'Landscaping Source'!$A:$H,5,FALSE)," ") | G44: =IFERROR(VLOOKUP('Contact Information '!$I$8&$A44,'Landscaping Source'!$A:$H,6,FALSE)," ") | H44: =IFERROR(VLOOKUP('Contact Information '!$I$8&$A44,'Landscaping Source'!$A:$H,7,FALSE)," ") | I44: =IFERROR(VLOOKUP('Contact Information '!$I$8&$A44,'Landscaping Source'!$A:$H,8,FALSE)," ")
A45: 8 | B45: =IFERROR(VLOOKUP('Contact Information '!$I$8&$A45,'Landscaping Source'!$A:$H,4,FALSE)," ") | E45: =IFERROR(VLOOKUP('Contact Information '!$I$8&$A45,'Landscaping Source'!$A:$H,5,FALSE)," ") | G45: =IFERROR(VLOOKUP('Contact Information '!$I$8&$A45,'Landscaping Source'!$A:$H,6,FALSE)," ") | H45: =IFERROR(VLOOKUP('Contact Information '!$I$8&$A45,'Landscaping Source'!$A:$H,7,FALSE)," ") | I45: =IFERROR(VLOOKUP('Contact Information '!$I$8&$A45,'Landscaping Source'!$A:$H,8,FALSE)," ")
A46: 9 | B46: =IFERROR(VLOOKUP('Contact Information '!$I$8&$A46,'Landscaping Source'!$A:$H,4,FALSE)," ") | E46: =IFERROR(VLOOKUP('Contact Information '!$I$8&$A46,'Landscaping Source'!$A:$H,5,FALSE)," ") | G46: =IFERROR(VLOOKUP('Contact Information '!$I$8&$A46,'Landscaping Source'!$A:$H,6,FALSE)," ") | H46: =IFERROR(VLOOKUP('Contact Information '!$I$8&$A46,'Landscaping Source'!$A:$H,7,FALSE)," ") | I46: =IFERROR(VLOOKUP('Contact Information '!$I$8&$A46,'Landscaping Source'!$A:$H,8,FALSE)," ")
A47: 10 | B47: =IFERROR(VLOOKUP('Contact Information '!$I$8&$A47,'Landscaping Source'!$A:$H,4,FALSE)," ") | E47: =IFERROR(VLOOKUP('Contact Information '!$I$8&$A47,'Landscaping Source'!$A:$H,5,FALSE)," ") | G47: =IFERROR(VLOOKUP('Contact Information '!$I$8&$A47,'Landscaping Source'!$A:$H,6,FALSE)," ") | H47: =IFERROR(VLOOKUP('Contact Information '!$I$8&$A47,'Landscaping Source'!$A:$H,7,FALSE)," ") | I47: =IFERROR(VLOOKUP('Contact Information '!$I$8&$A47,'Landscaping Source'!$A:$H,8,FALSE)," ")
A48: 11 | B48: =IFERROR(VLOOKUP('Contact Information '!$I$8&$A48,'Landscaping Source'!$A:$H,4,FALSE)," ") | E48: =IFERROR(VLOOKUP('Contact Information '!$I$8&$A48,'Landscaping Source'!$A:$H,5,FALSE)," ") | G48: =IFERROR(VLOOKUP('Contact Information '!$I$8&$A48,'Landscaping Source'!$A:$H,6,FALSE)," ") | H48: =IFERROR(VLOOKUP('Contact Information '!$I$8&$A48,'Landscaping Source'!$A:$H,7,FALSE)," ") | I48: =IFERROR(VLOOKUP('Contact Information '!$I$8&$A48,'Landscaping Source'!$A:$H,8,FALSE)," ")
A49: 12 | B49: =IFERROR(VLOOKUP('Contact Information '!$I$8&$A49,'Landscaping Source'!$A:$H,4,FALSE)," ") | E49: =IFERROR(VLOOKUP('Contact Information '!$I$8&$A49,'Landscaping Source'!$A:$H,5,FALSE)," ") | G49: =IFERROR(VLOOKUP('Contact Information '!$I$8&$A49,'Landscaping Source'!$A:$H,6,FALSE)," ") | H49: =IFERROR(VLOOKUP('Contact Information '!$I$8&$A49,'Landscaping Source'!$A:$H,7,FALSE)," ") | I49: =IFERROR(VLOOKUP('Contact Information '!$I$8&$A49,'Landscaping Source'!$A:$H,8,FALSE)," ")
... A52: 15 | B52: =IFERROR(VLOOKUP('Contact Information '!$I$8&$A52,'Landscaping Source'!$A:$H,4,FALSE)," ") | E52: =IFERROR(VLOOKUP('Contact Information '!$I$8&$A52,'Landscaping Source'!$A:$H,5,FALSE)," ") | G52: =IFERROR(VLOOKUP('Contact Information '!$I$8&$A52,'Landscaping Source'!$A:$H,6,FALSE)," ") | H52: =IFERROR(VLOOKUP('Contact Information '!$I$8&$A52,'Landscaping Source'!$A:$H,7,FALSE)," ") | I52: =IFERROR(VLOOKUP('Contact Information '!$I$8&$A52,'Landscaping Source'!$A:$H,8,FALSE)," ")
A53: If your campus/agency has existing, in progress or expected pollinator habitat efforts not listed above, please provide any available details below
A54: Site/Location | E54: Strategy | H54: Est. Size (Acres) | I54: Year Established | J54: Implementation Status
J55: Please Select
J56: Please Select
J57: Please Select
J58: Please Select
J59: Please Select
A61: Battery Powered Landscaping Equipment
A62: If any information below for existing BPLE for your entity is incorrect, please provide corrected details if applicable.
B63: Site/Location | E63: Equipment Type | H63: Manufacturer | I63: # of item | J63: Notes/Description
A64: 1 | B64: =IFERROR(VLOOKUP('Contact Information '!$I$8&$A64,'BPLE Source'!$A:$G,4, FALSE), " ") | E64: =IFERROR(VLOOKUP('Contact Information '!$I$8&$A64,'BPLE Source'!$A:$G,5, FALSE), " ") | H64: =IFERROR(VLOOKUP('Contact Information '!$I$8&$A64,'BPLE Source'!$A:$G,6, FALSE), " ") | I64: =IFERROR(VLOOKUP('Contact Information '!$I$8&$A64,'BPLE Source'!$A:$G,7, FALSE), " ")
A65: 2 | B65: =IFERROR(VLOOKUP('Contact Information '!$I$8&$A65,'BPLE Source'!$A:$G,4, FALSE), " ") | E65: =IFERROR(VLOOKUP('Contact Information '!$I$8&$A65,'BPLE Source'!$A:$G,5, FALSE), " ") | H65: =IFERROR(VLOOKUP('Contact Information '!$I$8&$A65,'BPLE Source'!$A:$G,6, FALSE), " ") | I65: =IFERROR(VLOOKUP('Contact Information '!$I$8&$A65,'BPLE Source'!$A:$G,7, FALSE), " ")
A66: 3 | B66: =IFERROR(VLOOKUP('Contact Information '!$I$8&$A66,'BPLE Source'!$A:$G,4, FALSE), " ") | E66: =IFERROR(VLOOKUP('Contact Information '!$I$8&$A66,'BPLE Source'!$A:$G,5, FALSE), " ") | H66: =IFERROR(VLOOKUP('Contact Information '!$I$8&$A66,'BPLE Source'!$A:$G,6, FALSE), " ") | I66: =IFERROR(VLOOKUP('Contact Information '!$I$8&$A66,'BPLE Source'!$A:$G,7, FALSE), " ")
A67: 4 | B67: =IFERROR(VLOOKUP('Contact Information '!$I$8&$A67,'BPLE Source'!$A:$G,4, FALSE), " ") | E67: =IFERROR(VLOOKUP('Contact Information '!$I$8&$A67,'BPLE Source'!$A:$G,5, FALSE), " ") | H67: =IFERROR(VLOOKUP('Contact Information '!$I$8&$A67,'BPLE Source'!$A:$G,6, FALSE), " ") | I67: =IFERROR(VLOOKUP('Contact Information '!$I$8&$A67,'BPLE Source'!$A:$G,7, FALSE), " ")
A68: 5 | B68: =IFERROR(VLOOKUP('Contact Information '!$I$8&$A68,'BPLE Source'!$A:$G,4, FALSE), " ") | E68: =IFERROR(VLOOKUP('Contact Information '!$I$8&$A68,'BPLE Source'!$A:$G,5, FALSE), " ") | H68: =IFERROR(VLOOKUP('Contact Information '!$I$8&$A68,'BPLE Source'!$A:$G,6, FALSE), " ") | I68: =IFERROR(VLOOKUP('Contact Information '!$I$8&$A68,'BPLE Source'!$A:$G,7, FALSE), " ")
A69: 6 | B69: =IFERROR(VLOOKUP('Contact Information '!$I$8&$A69,'BPLE Source'!$A:$G,4, FALSE), " ") | E69: =IFERROR(VLOOKUP('Contact Information '!$I$8&$A69,'BPLE Source'!$A:$G,5, FALSE), " ") | H69: =IFERROR(VLOOKUP('Contact Information '!$I$8&$A69,'BPLE Source'!$A:$G,6, FALSE), " ") | I69: =IFERROR(VLOOKUP('Contact Information '!$I$8&$A69,'BPLE Source'!$A:$G,7, FALSE), " ")
A70: 7 | B70: =IFERROR(VLOOKUP('Contact Information '!$I$8&$A70,'BPLE Source'!$A:$G,4, FALSE), " ") | E70: =IFERROR(VLOOKUP('Contact Information '!$I$8&$A70,'BPLE Source'!$A:$G,5, FALSE), " ") | H70: =IFERROR(VLOOKUP('Contact Information '!$I$8&$A70,'BPLE Source'!$A:$G,6, FALSE), " ") | I70: =IFERROR(VLOOKUP('Contact Information '!$I$8&$A70,'BPLE Source'!$A:$G,7, FALSE), " ")
A71: 8 | B71: =IFERROR(VLOOKUP('Contact Information '!$I$8&$A71,'BPLE Source'!$A:$G,4, FALSE), " ") | E71: =IFERROR(VLOOKUP('Contact Information '!$I$8&$A71,'BPLE Source'!$A:$G,5, FALSE), " ") | H71: =IFERROR(VLOOKUP('Contact Information '!$I$8&$A71,'BPLE Source'!$A:$G,6, FALSE), " ") | I71: =IFERROR(VLOOKUP('Contact Information '!$I$8&$A71,'BPLE Source'!$A:$G,7, FALSE), " ")
A72: 9 | B72: =IFERROR(VLOOKUP('Contact Information '!$I$8&$A72,'BPLE Source'!$A:$G,4, FALSE), " ") | E72: =IFERROR(VLOOKUP('Contact Information '!$I$8&$A72,'BPLE Source'!$A:$G,5, FALSE), " ") | H72: =IFERROR(VLOOKUP('Contact Information '!$I$8&$A72,'BPLE Source'!$A:$G,6, FALSE), " ") | I72: =IFERROR(VLOOKUP('Contact Information '!$I$8&$A72,'BPLE Source'!$A:$G,7, FALSE), " ")
A73: 10 | B73: =IFERROR(VLOOKUP('Contact Information '!$I$8&$A73,'BPLE Source'!$A:$G,4, FALSE), " ") | E73: =IFERROR(VLOOKUP('Contact Information '!$I$8&$A73,'BPLE Source'!$A:$G,5, FALSE), " ") | H73: =IFERROR(VLOOKUP('Contact Information '!$I$8&$A73,'BPLE Source'!$A:$G,6, FALSE), " ") | I73: =IFERROR(VLOOKUP('Contact Information '!$I$8&$A73,'BPLE Source'!$A:$G,7, FALSE), " ")
A74: 11 | B74: =IFERROR(VLOOKUP('Contact Information '!$I$8&$A74,'BPLE Source'!$A:$G,4, FALSE), " ") | E74: =IFERROR(VLOOKUP('Contact Information '!$I$8&$A74,'BPLE Source'!$A:$G,5, FALSE), " ") | H74: =IFERROR(VLOOKUP('Contact Information '!$I$8&$A74,'BPLE Source'!$A:$G,6, FALSE), " ") | I74: =IFERROR(VLOOKUP('Contact Information '!$I$8&$A74,'BPLE Source'!$A:$G,7, FALSE), " ")
A75: 12 | B75: =IFERROR(VLOOKUP('Contact Information '!$I$8&$A75,'BPLE Source'!$A:$G,4, FALSE), " ") | E75: =IFERROR(VLOOKUP('Contact Information '!$I$8&$A75,'BPLE Source'!$A:$G,5, FALSE), " ") | H75: =IFERROR(VLOOKUP('Contact Information '!$I$8&$A75,'BPLE Source'!$A:$G,6, FALSE), " ") | I75: =IFERROR(VLOOKUP('Contact Information '!$I$8&$A75,'BPLE Source'!$A:$G,7, FALSE), " ")
... A83: 20 | B83: =IFERROR(VLOOKUP('Contact Information '!$I$8&$A83,'BPLE Source'!$A:$G,4, FALSE), " ") | E83: =IFERROR(VLOOKUP('Contact Information '!$I$8&$A83,'BPLE Source'!$A:$G,5, FALSE), " ") | H83: =IFERROR(VLOOKUP('Contact Information '!$I$8&$A83,'BPLE Source'!$A:$G,6, FALSE), " ") | I83: =IFERROR(VLOOKUP('Contact Information '!$I$8&$A83,'BPLE Source'!$A:$G,7, FALSE), " ")
A84: If your campus/agency has additional BPLE not listed above or newly acquired in FY26, please list below.
A85: Site/Location | E85: Equipment Type | H85: Manufacturer | I85: # of item | J85: Notes/Description
A93: Would you be interested in talking to LBE about the procurement of BPLE and their fiscal, health, and environmental benefits? | J93: Please Select
A94: Please provide more details in the box below if possible.
A97: Section IV: Other Efforts
A99: 6. Please detail any efforts being undertaken to enhance resilience at your agency or entity.
A103: 7. Please discuss any significant sustainability efforts implemented this past year. In this section, please feel free to provide greater detail on a sustainability project listed in other sections of this form (i.e., waste, water use, food, efficiency) or provide detail on a sustainability project or broader sustainability effort that does not fit within any other form boxes.

Sheet (OLD) Landscaping
B1: INSTRUCTIONS ON FILLING OUT TAB
B2: Landscaping | D2: This landscaping tab is voluntary to complete. The Leading by Example Program appreciates any information and feedback related to your landscaping practices as we work to advance the progress of sustainability initiatives across the Commonwealth.
D4: Please answer all items in yellow where applicable.
L6: Agency/Campus: | O6: =#REF! -> #REF!
D8: If your agency/campus submitted answers to the below questions in past years and you would like LBE to use al or some of this data for your FY21 submission, please note this in the dropdown to the right. | X8: Please Select
B11: Landscaping | P11: Pollinator Habitat
B12: If your campus/agency employs any of the folllowing landscaping practices, please provide details in the spaces provided below each question. | P12: If your campus/agency employs any of the folllowing practices to support pollinator habitats and species, please provide details in the spaces provided below each question.
B13: Do you maintain your own landscape? | N13: Please Select | P13: Site/Location | T13: Strategy | X13: Est. Size (Acres) | Z13: Year Established | AB13: Implementation Status | AD13: Notes
B15: =IF(N13="yes","Which of the following equipment do you operate?","") | P15: 1 | Q15: =IFERROR(VLOOKUP($O$6&$P15,'Landscaping Source'!$A:$H,2,FALSE)," ") | T15: =IFERROR(VLOOKUP($O$6&$P15,'Landscaping Source'!$A:$H,3,FALSE)," ") | X15: =IFERROR(VLOOKUP($O$6&$P15,'Landscaping Source'!$A:$H,4,FALSE)," ") | Z15: =IFERROR(VLOOKUP($O$6&$P15,'Landscaping Source'!$A:$H,5,FALSE)," ") | AB15: =IFERROR(VLOOKUP($O$6&$P15,'Landscaping Source'!$A:$H,6,FALSE)," ")
B16: à | C16: Zero-Turn Riding Mowers | E16: Please Select | G16: =IF(E16="yes"," Please provide details here, if available (e.g. # of mowers, fuel type, etc.)","") | P16: 2 | Q16: =IFERROR(VLOOKUP($O$6&$P16,'Landscaping Source'!$A:$H,2,FALSE)," ") | T16: =IFERROR(VLOOKUP($O$6&$P16,'Landscaping Source'!$A:$H,3,FALSE)," ") | X16: =IFERROR(VLOOKUP($O$6&$P16,'Landscaping Source'!$A:$H,4,FALSE)," ") | Z16: =IFERROR(VLOOKUP($O$6&$P16,'Landscaping Source'!$A:$H,5,FALSE)," ") | AB16: =IFERROR(VLOOKUP($O$6&$P16,'Landscaping Source'!$A:$H,6,FALSE)," ")
B17: à | C17: Push Mowers | E17: Please Select | G17: =IF(E17="yes"," Please provide details here, if available (e.g. # of mowers, fuel type, etc.)","") | P17: 3 | Q17: =IFERROR(VLOOKUP($O$6&$P17,'Landscaping Source'!$A:$H,2,FALSE)," ") | T17: =IFERROR(VLOOKUP($O$6&$P17,'Landscaping Source'!$A:$H,3,FALSE)," ") | X17: =IFERROR(VLOOKUP($O$6&$P17,'Landscaping Source'!$A:$H,4,FALSE)," ") | Z17: =IFERROR(VLOOKUP($O$6&$P17,'Landscaping Source'!$A:$H,5,FALSE)," ") | AB17: =IFERROR(VLOOKUP($O$6&$P17,'Landscaping Source'!$A:$H,6,FALSE)," ")
B18: à | C18: Leaf Blowers, String Trimmers | E18: Please Select | G18: =IF(E18="yes"," Please provide details here, if available (e.g. # of mowers, fuel type, etc.)","") | P18: 4 | Q18: =IFERROR(VLOOKUP($O$6&$P18,'Landscaping Source'!$A:$H,2,FALSE)," ") | T18: =IFERROR(VLOOKUP($O$6&$P18,'Landscaping Source'!$A:$H,3,FALSE)," ") | X18: =IFERROR(VLOOKUP($O$6&$P18,'Landscaping Source'!$A:$H,4,FALSE)," ") | Z18: =IFERROR(VLOOKUP($O$6&$P18,'Landscaping Source'!$A:$H,5,FALSE)," ") | AB18: =IFERROR(VLOOKUP($O$6&$P18,'Landscaping Source'!$A:$H,6,FALSE)," ")
B19: à | C19: Other | E19: Please Select | G19: =IF(E19="yes"," Please provide details here, if available (e.g. # of mowers, fuel type, etc.)","") | P19: 5 | Q19: =IFERROR(VLOOKUP($O$6&$P19,'Landscaping Source'!$A:$H,2,FALSE)," ") | T19: =IFERROR(VLOOKUP($O$6&$P19,'Landscaping Source'!$A:$H,3,FALSE)," ") | X19: =IFERROR(VLOOKUP($O$6&$P19,'Landscaping Source'!$A:$H,4,FALSE)," ") | Z19: =IFERROR(VLOOKUP($O$6&$P19,'Landscaping Source'!$A:$H,5,FALSE)," ") | AB19: =IFERROR(VLOOKUP($O$6&$P19,'Landscaping Source'!$A:$H,6,FALSE)," ")
P20: 6 | Q20: =IFERROR(VLOOKUP($O$6&$P20,'Landscaping Source'!$A:$H,2,FALSE)," ") | T20: =IFERROR(VLOOKUP($O$6&$P20,'Landscaping Source'!$A:$H,3,FALSE)," ") | X20: =IFERROR(VLOOKUP($O$6&$P20,'Landscaping Source'!$A:$H,4,FALSE)," ") | Z20: =IFERROR(VLOOKUP($O$6&$P20,'Landscaping Source'!$A:$H,5,FALSE)," ") | AB20: =IFERROR(VLOOKUP($O$6&$P20,'Landscaping Source'!$A:$H,6,FALSE)," ")
B21: Do you currently/plan to implement any sustainable landscaping practices (e.g. reduction/elimination of pest management, use of environmentally preferrable products, battery-powered landscape equipment)? | N21: Please Select | P21: 7 | Q21: =IFERROR(VLOOKUP($O$6&$P21,'Landscaping Source'!$A:$H,2,FALSE)," ") | T21: =IFERROR(VLOOKUP($O$6&$P21,'Landscaping Source'!$A:$H,3,FALSE)," ") | X21: =IFERROR(VLOOKUP($O$6&$P21,'Landscaping Source'!$A:$H,4,FALSE)," ") | Z21: =IFERROR(VLOOKUP($O$6&$P21,'Landscaping Source'!$A:$H,5,FALSE)," ") | AB21: =IFERROR(VLOOKUP($O$6&$P21,'Landscaping Source'!$A:$H,6,FALSE)," ")
P22: 8 | Q22: =IFERROR(VLOOKUP($O$6&$P22,'Landscaping Source'!$A:$H,2,FALSE)," ") | T22: =IFERROR(VLOOKUP($O$6&$P22,'Landscaping Source'!$A:$H,3,FALSE)," ") | X22: =IFERROR(VLOOKUP($O$6&$P22,'Landscaping Source'!$A:$H,4,FALSE)," ") | Z22: =IFERROR(VLOOKUP($O$6&$P22,'Landscaping Source'!$A:$H,5,FALSE)," ") | AB22: =IFERROR(VLOOKUP($O$6&$P22,'Landscaping Source'!$A:$H,6,FALSE)," ")
B23: =IF(N21="yes","Please select any below that apply","") | P23: 9 | Q23: =IFERROR(VLOOKUP($O$6&$P23,'Landscaping Source'!$A:$H,2,FALSE)," ") | T23: =IFERROR(VLOOKUP($O$6&$P23,'Landscaping Source'!$A:$H,3,FALSE)," ") | X23: =IFERROR(VLOOKUP($O$6&$P23,'Landscaping Source'!$A:$H,4,FALSE)," ") | Z23: =IFERROR(VLOOKUP($O$6&$P23,'Landscaping Source'!$A:$H,5,FALSE)," ") | AB23: =IFERROR(VLOOKUP($O$6&$P23,'Landscaping Source'!$A:$H,6,FALSE)," ")
B24: à | C24: Reduction/elimination of pest management | H24: Please Select | I24: =IF(H24="yes"," Please provide details here, if available","") | P24: 10 | Q24: =IFERROR(VLOOKUP($O$6&$P24,'Landscaping Source'!$A:$H,2,FALSE)," ") | T24: =IFERROR(VLOOKUP($O$6&$P24,'Landscaping Source'!$A:$H,3,FALSE)," ") | X24: =IFERROR(VLOOKUP($O$6&$P24,'Landscaping Source'!$A:$H,4,FALSE)," ") | Z24: =IFERROR(VLOOKUP($O$6&$P24,'Landscaping Source'!$A:$H,5,FALSE)," ") | AB24: =IFERROR(VLOOKUP($O$6&$P24,'Landscaping Source'!$A:$H,6,FALSE)," ")
B25: à | C25: Use of environmentally preferrable products | H25: Please Select | I25: =IF(H25="yes"," Please provide details here, if available","") | P25: 11 | Q25: =IFERROR(VLOOKUP($O$6&$P25,'Landscaping Source'!$A:$H,2,FALSE)," ") | T25: =IFERROR(VLOOKUP($O$6&$P25,'Landscaping Source'!$A:$H,3,FALSE)," ") | X25: =IFERROR(VLOOKUP($O$6&$P25,'Landscaping Source'!$A:$H,4,FALSE)," ") | Z25: =IFERROR(VLOOKUP($O$6&$P25,'Landscaping Source'!$A:$H,5,FALSE)," ") | AB25: =IFERROR(VLOOKUP($O$6&$P25,'Landscaping Source'!$A:$H,6,FALSE)," ")
B26: à | C26: Use of battery-powered landscape equipment | H26: Please Select | I26: =IF(H26="yes"," Please provide details here, if available","") | P26: 12 | Q26: =IFERROR(VLOOKUP($O$6&$P26,'Landscaping Source'!$A:$H,2,FALSE)," ") | T26: =IFERROR(VLOOKUP($O$6&$P26,'Landscaping Source'!$A:$H,3,FALSE)," ") | X26: =IFERROR(VLOOKUP($O$6&$P26,'Landscaping Source'!$A:$H,4,FALSE)," ") | Z26: =IFERROR(VLOOKUP($O$6&$P26,'Landscaping Source'!$A:$H,5,FALSE)," ") | AB26: =IFERROR(VLOOKUP($O$6&$P26,'Landscaping Source'!$A:$H,6,FALSE)," ")
B27: à | C27: Other | H27: Please Select | I27: =IF(H27="yes"," Please provide details here, if available","") | P27: 13 | Q27: =IFERROR(VLOOKUP($O$6&$P27,'Landscaping Source'!$A:$H,2,FALSE)," ") | T27: =IFERROR(VLOOKUP($O$6&$P27,'Landscaping Source'!$A:$H,3,FALSE)," ") | X27: =IFERROR(VLOOKUP($O$6&$P27,'Landscaping Source'!$A:$H,4,FALSE)," ") | Z27: =IFERROR(VLOOKUP($O$6&$P27,'Landscaping Source'!$A:$H,5,FALSE)," ") | AB27: =IFERROR(VLOOKUP($O$6&$P27,'Landscaping Source'!$A:$H,6,FALSE)," ")
P28: 14 | Q28: =IFERROR(VLOOKUP($O$6&$P28,'Landscaping Source'!$A:$H,2,FALSE)," ") | T28: =IFERROR(VLOOKUP($O$6&$P28,'Landscaping Source'!$A:$H,3,FALSE)," ") | X28: =IFERROR(VLOOKUP($O$6&$P28,'Landscaping Source'!$A:$H,4,FALSE)," ") | Z28: =IFERROR(VLOOKUP($O$6&$P28,'Landscaping Source'!$A:$H,5,FALSE)," ") | AB28: =IFERROR(VLOOKUP($O$6&$P28,'Landscaping Source'!$A:$H,6,FALSE)," ")
B29: Do you use potable water for landscaping purposes? | N29: Please Select | P29: 15 | Q29: =IFERROR(VLOOKUP($O$6&$P29,'Landscaping Source'!$A:$H,2,FALSE)," ") | T29: =IFERROR(VLOOKUP($O$6&$P29,'Landscaping Source'!$A:$H,3,FALSE)," ") | X29: =IFERROR(VLOOKUP($O$6&$P29,'Landscaping Source'!$A:$H,4,FALSE)," ") | Z29: =IFERROR(VLOOKUP($O$6&$P29,'Landscaping Source'!$A:$H,5,FALSE)," ") | AB29: =IFERROR(VLOOKUP($O$6&$P29,'Landscaping Source'!$A:$H,6,FALSE)," ")
P30: If your campus/agency has existing, in progress or expected pollinator habitat efforts not listed above, please provide any available details below
B31: =IF(N29="yes","Please describe reduction strategies underway, if any","") | P31: Site/Location | T31: Strategy | X31: Est. Size (Acres) | Z31: Year Established | AB31: Implementation Status | AD31: Notes

Sheet Landscaping Source
A1: Agency# | B1: # | C1: Agency | D1: Site/Location | E1: Strategy | F1: Est. Size (Acres) | G1: Year | H1: Implementation Status
A2: =C2&B2 -> Bristol Community College1 | B2: 1 | C2: Bristol Community College | D2: Bristol Community College | E2: Managed Wildflower Meadows and Grasslands | F2: 0.057 | G2: 2019 | H2: Implemented
A3: =C3&B3 -> Bristol Community College2 | B3: 2 | C3: Bristol Community College | D3: Bristol Community College | E3: Limited Mow Zones | G3: 2016 | H3: Implemented
A4: =C4&B4 -> Cape Cod Community College1 | B4: 1 | C4: Cape Cod Community College | D4: Fruit Orchard Lower Field | E4: Pollinator Habitat | F4: 2 | G4: 2020 | H4: Implemented
B5: 2 | C5: Cape Cod Community College | D5: STEM Building - Meadow Area | E5: Pollinator Habitat | F5: 10 | G5: 2024 | H5: Implemented
A6: =C6&B6 -> Department of Conservation & Recreation1 | B6: 1 | C6: Department of Conservation & Recreation | D6: Alewife Brook Reservation | E6: Low Mow Zone | H6: Implemented
A7: =C7&B7 -> Department of Conservation & Recreation2 | B7: 2 | C7: Department of Conservation & Recreation | D7: Alewife Brook Reservation | E7: Low Mow Zone | H7: Implemented
A8: =C8&B8 -> Department of Conservation & Recreation3 | B8: 3 | C8: Department of Conservation & Recreation | D8: Bay Farm Conservation Area | E8: Low Mow Zone | H8: Implemented
A9: =C9&B9 -> Department of Conservation & Recreation4 | B9: 4 | C9: Department of Conservation & Recreation | D9: Blackberry River Flood Control Site | E9: Low Mow Zone | H9: Implemented
A10: =C10&B10 -> Department of Conservation & Recreation5 | B10: 5 | C10: Department of Conservation & Recreation | D10: Blackstone River and Canal Heritage State Park | E10: Pollinator Garden | H10: Implemented
A11: =C11&B11 -> Department of Conservation & Recreation6 | B11: 6 | C11: Department of Conservation & Recreation | D11: Blackstone River and Canal Heritage State Park | E11: Low Mow Zone | F11: 0.001 | H11: Implemented
A12: =C12&B12 -> Department of Conservation & Recreation7 | B12: 7 | C12: Department of Conservation & Recreation | D12: Blue Hills Reservation | E12: Pollinator Garden | H12: Implemented
A13: =C13&B13 -> Department of Conservation & Recreation8 | B13: 8 | C13: Department of Conservation & Recreation | D13: Blue Hills Reservation | E13: Low Mow Zone | H13: Implemented
A14: =C14&B14 -> Department of Conservation & Recreation9 | B14: 9 | C14: Department of Conservation & Recreation | D14: Blue Hills Reservation | E14: Low Mow Zone | H14: Implemented
A15: =C15&B15 -> Department of Conservation & Recreation10 | B15: 10 | C15: Department of Conservation & Recreation | D15: Blue Hills Reservation | E15: Managed Meadow | H15: Implemented
A16: =C16&B16 -> Department of Conservation & Recreation11 | B16: 11 | C16: Department of Conservation & Recreation | D16: Borderland State Park | E16: Pollinator Garden | H16: Implemented
A17: =C17&B17 -> Department of Conservation & Recreation12 | B17: 12 | C17: Department of Conservation & Recreation | D17: Borderland State Park | E17: Low Mow Zone | H17: Implemented
A18: =C18&B18 -> Department of Conservation & Recreation13 | B18: 13 | C18: Department of Conservation & Recreation | D18: Borderland State Park | E18: Low Mow Zone | H18: Implemented
A19: =C19&B19 -> Department of Conservation & Recreation14 | B19: 14 | C19: Department of Conservation & Recreation | D19: Boston Harbor Islands State Park | E19: Low Mow Zone | H19: Implemented
A20: =C20&B20 -> Department of Conservation & Recreation15 | B20: 15 | C20: Department of Conservation & Recreation | D20: Bradley Palmer State Park | E20: Low Mow Zone | H20: Implemented
A21: =C21&B21 -> Department of Conservation & Recreation16 | B21: 16 | C21: Department of Conservation & Recreation | D21: Brook Farm | E21: Low Mow Zone | H21: Implemented
A22: =C22&B22 -> Department of Conservation & Recreation17 | B22: 17 | C22: Department of Conservation & Recreation | D22: Clam Lake Flood Control Site | E22: Low Mow Zone | H22: Implemented
A23: =C23&B23 -> Department of Conservation & Recreation18 | B23: 18 | C23: Department of Conservation & Recreation | D23: Connecticut River Greenway State Park | E23: Pollinator Garden | F23: 0.02 | H23: Implemented
A24: =C24&B24 -> Department of Conservation & Recreation19 | B24: 19 | C24: Department of Conservation & Recreation | D24: Cookson State Forest | E24: Low Mow Zone | H24: Implemented
A25: =C25&B25 -> Department of Conservation & Recreation20 | B25: 20 | C25: Department of Conservation & Recreation | D25: Great Brook Farm State Park | E25: Low Mow Zone | F25: 2.2 | G25: 2001 | H25: Implemented
A26: =C26&B26 -> Department of Conservation & Recreation21 | B26: 21 | C26: Department of Conservation & Recreation | D26: Great Brook Farm State Park | E26: Pollinator Garden | H26: Implemented
A27: =C27&B27 -> Department of Conservation & Recreation22 | B27: 22 | C27: Department of Conservation & Recreation | D27: Greylock Glen | E27: Low Mow Zone | H27: Implemented
A28: =C28&B28 -> Department of Conservation & Recreation23 | B28: 23 | C28: Department of Conservation & Recreation | D28: Halibut Point State Park | E28: Pollinator Garden | H28: Implemented
A29: =C29&B29 -> Department of Conservation & Recreation24 | B29: 24 | C29: Department of Conservation & Recreation | D29: Jug End State Reservation and WMA | E29: Low Mow Zone | H29: Implemented
A30: =C30&B30 -> Department of Conservation & Recreation25 | B30: 25 | C30: Department of Conservation & Recreation | D30: Jug End State Reservation and WMA | E30: Low Mow Zone | F30: 60 | H30: Implemented
A31: =C31&B31 -> Department of Conservation & Recreation26 | B31: 26 | C31: Department of Conservation & Recreation | D31: Kenneth Dubuque Memorial State Forest | E31: Low Mow Zone | H31: Implemented
A32: =C32&B32 -> Department of Conservation & Recreation27 | B32: 27 | C32: Department of Conservation & Recreation | D32: Manuel F. Correllus State Forest | E32: Managed Meadow | H32: Implemented
A33: =C33&B33 -> Department of Conservation & Recreation28 | B33: 28 | C33: Department of Conservation & Recreation | D33: Massasoit State Park | E33: Low Mow Zone | H33: Implemented
A34: =C34&B34 -> Department of Conservation & Recreation29 | B34: 29 | C34: Department of Conservation & Recreation | D34: Maudslay State Park | E34: Low Mow Zone | F34: 6.5 | G34: 2010 | H34: Implemented
A35: =C35&B35 -> Department of Conservation & Recreation30 | B35: 30 | C35: Department of Conservation & Recreation | D35: Maudslay State Park | E35: Pollinator Garden | H35: Implemented
A36: =C36&B36 -> Department of Conservation & Recreation31 | B36: 31 | C36: Department of Conservation & Recreation | D36: Maudslay State Park | E36: Low Mow Zone | F36: 0.3 | H36: Implemented
A37: =C37&B37 -> Department of Conservation & Recreation32 | B37: 32 | C37: Department of Conservation & Recreation | D37: Middlefield State Forest | E37: Low Mow Zone | H37: Implemented
A38: =C38&B38 -> Department of Conservation & Recreation33 | B38: 33 | C38: Department of Conservation & Recreation | D38: Middlefield State Forest | E38: Low Mow Zone | H38: Implemented
A39: =C39&B39 -> Department of Conservation & Recreation34 | B39: 34 | C39: Department of Conservation & Recreation | D39: Middlesex Fells Reservation | E39: Low Mow Zone | H39: Implemented
A40: =C40&B40 -> Department of Conservation & Recreation35 | B40: 35 | C40: Department of Conservation & Recreation | D40: Middlesex Fells Reservation | E40: Pollinator Garden | F40: 0.02 | H40: Implemented
A41: =C41&B41 -> Department of Conservation & Recreation36 | B41: 36 | C41: Department of Conservation & Recreation | D41: Middlesex Fells Reservation | E41: Pollinator Garden | F41: 3.8 | H41: Implemented
A42: =C42&B42 -> Department of Conservation & Recreation37 | B42: 37 | C42: Department of Conservation & Recreation | D42: Mohawk Trail State Forest | E42: Low Mow Zone | H42: Implemented
A43: =C43&B43 -> Department of Conservation & Recreation38 | B43: 38 | C43: Department of Conservation & Recreation | D43: Mohawk Trail State Forest | E43: Low Mow Zone | H43: Implemented
A44: =C44&B44 -> Department of Conservation & Recreation39 | B44: 39 | C44: Department of Conservation & Recreation | D44: Mohawk Trail State Forest | E44: Low Mow Zone | H44: Implemented
A45: =C45&B45 -> Department of Conservation & Recreation40 | B45: 40 | C45: Department of Conservation & Recreation | D45: Moore State Park | E45: Low Mow Zone | H45: Implemented
A46: =C46&B46 -> Department of Conservation & Recreation41 | B46: 41 | C46: Department of Conservation & Recreation | D46: Moore State Park | E46: Low Mow Zone | H46: Implemented
A47: =C47&B47 -> Department of Conservation & Recreation42 | B47: 42 | C47: Department of Conservation & Recreation | D47: Mount Greylock State Reservation | E47: Managed Meadow | H47: Implemented
A48: =C48&B48 -> Department of Conservation & Recreation43 | B48: 43 | C48: Department of Conservation & Recreation | D48: Mount Greylock State Reservation | E48: Low Mow Zone | H48: Implemented
A49: =C49&B49 -> Department of Conservation & Recreation44 | B49: 44 | C49: Department of Conservation & Recreation | D49: Mount Greylock State Reservation | E49: Pollinator Garden | H49: Implemented
A50: =C50&B50 -> Department of Conservation & Recreation45 | B50: 45 | C50: Department of Conservation & Recreation | D50: Mount Greylock State Reservation | E50: Low Mow Zone | H50: Implemented
A51: =C51&B51 -> Department of Conservation & Recreation46 | B51: 46 | C51: Department of Conservation & Recreation | D51: Mount Greylock State Reservation | E51: Low Mow Zone | H51: Implemented
A52: =C52&B52 -> Department of Conservation & Recreation47 | B52: 47 | C52: Department of Conservation & Recreation | D52: Mount Greylock State Reservation | E52: Low Mow Zone | F52: 3.5 | H52: Implemented
A53: =C53&B53 -> Department of Conservation & Recreation48 | B53: 48 | C53: Department of Conservation & Recreation | D53: Mount Holyoke Range State Park | E53: Low Mow Zone | H53: Implemented
A54: =C54&B54 -> Department of Conservation & Recreation49 | B54: 49 | C54: Department of Conservation & Recreation | D54: Mount Tom State Reservation | E54: Pollinator Garden | H54: Implemented
A55: =C55&B55 -> Department of Conservation & Recreation50 | B55: 50 | C55: Department of Conservation & Recreation | D55: Mount Washington State Forest | E55: Low Mow Zone | F55: 21 | H55: Implemented
A56: =C56&B56 -> Department of Conservation & Recreation51 | B56: 51 | C56: Department of Conservation & Recreation | D56: Mount Washington State Forest | E56: Low Mow Zone | H56: Implemented
A57: =C57&B57 -> Department of Conservation & Recreation52 | B57: 52 | C57: Department of Conservation & Recreation | D57: Mount Washington State Forest | E57: Low Mow Zone | H57: Implemented
A58: =C58&B58 -> Department of Conservation & Recreation53 | B58: 53 | C58: Department of Conservation & Recreation | D58: Myles Standish State Forest | E58: Pollinator Garden | H58: Implemented
A59: =C59&B59 -> Department of Conservation & Recreation54 | B59: 54 | C59: Department of Conservation & Recreation | D59: Myles Standish State Forest | E59: Low Mow Zone | H59: Implemented
A60: =C60&B60 -> Department of Conservation & Recreation55 | B60: 55 | C60: Department of Conservation & Recreation | D60: Mystic River Reservation | E60: Managed Meadow | H60: Implemented
A61: =C61&B61 -> Department of Conservation & Recreation56 | B61: 56 | C61: Department of Conservation & Recreation | D61: Mystic River Reservation | E61: Low Mow Zone | H61: Implemented
A62: =C62&B62 -> Department of Conservation & Recreation57 | B62: 57 | C62: Department of Conservation & Recreation | D62: Nasketucket Bay State Reservation | E62: Low Mow Zone | H62: Implemented
A63: =C63&B63 -> Department of Conservation & Recreation58 | B63: 58 | C63: Department of Conservation & Recreation | D63: Natural Bridge State Park | E63: Pollinator Garden | H63: Implemented
A64: =C64&B64 -> Department of Conservation & Recreation59 | B64: 59 | C64: Department of Conservation & Recreation | D64: Neponset River Reservation | E64: Managed Meadow | H64: Implemented
A65: =C65&B65 -> Department of Conservation & Recreation60 | B65: 60 | C65: Department of Conservation & Recreation | D65: Neponset River Reservation | E65: Low Mow Zone | F65: 2 | H65: Implemented
A66: =C66&B66 -> Department of Conservation & Recreation61 | B66: 61 | C66: Department of Conservation & Recreation | D66: Otis State Forest | E66: Low Mow Zone | H66: Implemented
A67: =C67&B67 -> Department of Conservation & Recreation62 | B67: 62 | C67: Department of Conservation & Recreation | D67: Pilgrim Memorial State Park | E67: Pollinator Garden | H67: Implemented
A68: =C68&B68 -> Department of Conservation & Recreation63 | B68: 63 | C68: Department of Conservation & Recreation | D68: Pittsfield State Forest | E68: Managed Meadow | H68: Implemented
A69: =C69&B69 -> Department of Conservation & Recreation64 | B69: 64 | C69: Department of Conservation & Recreation | D69: Pittsfield State Forest | E69: Low Mow Zone | H69: Implemented
A70: =C70&B70 -> Department of Conservation & Recreation65 | B70: 65 | C70: Department of Conservation & Recreation | D70: Ponkapoag Golf Course | E70: Low Mow Zone | H70: Implemented
A71: =C71&B71 -> Department of Conservation & Recreation66 | B71: 66 | C71: Department of Conservation & Recreation | D71: Purgatory Chasm State Reservation | E71: Pollinator Garden | F71: 0.01 | G71: 2016 | H71: Implemented
A72: =C72&B72 -> Department of Conservation & Recreation67 | B72: 67 | C72: Department of Conservation & Recreation | D72: Quabbin Reservoir Watershed | E72: Managed Meadow | F72: 0.1 | H72: Implemented
A73: =C73&B73 -> Department of Conservation & Recreation68 | B73: 68 | C73: Department of Conservation & Recreation | D73: Savoy Mountain State Forest | E73: Low Mow Zone | H73: Implemented
A74: =C74&B74 -> Department of Conservation & Recreation69 | B74: 69 | C74: Department of Conservation & Recreation | D74: Silver Brook North Flood Control Site | E74: Low Mow Zone | H74: Implemented
A75: =C75&B75 -> Department of Conservation & Recreation70 | B75: 70 | C75: Department of Conservation & Recreation | D75: Silver Brook South Flood Control Site | E75: Low Mow Zone | H75: Implemented
A76: =C76&B76 -> Department of Conservation & Recreation71 | B76: 71 | C76: Department of Conservation & Recreation | D76: Southern New England Trunkline Trail | E76: Low Mow Zone | H76: Implemented
A77: =C77&B77 -> Department of Conservation & Recreation72 | B77: 72 | C77: Department of Conservation & Recreation | D77: Squantum Point Park | E77: Low Mow Zone | H77: Implemented
A78: =C78&B78 -> Department of Conservation & Recreation73 | B78: 73 | C78: Department of Conservation & Recreation | D78: Sweets Knoll State Park | E78: Low Mow Zone | H78: Implemented
A79: =C79&B79 -> Department of Conservation & Recreation74 | B79: 74 | C79: Department of Conservation & Recreation | D79: Taconic Trail State Park | E79: Managed Meadow | H79: Implemented
A80: =C80&B80 -> Department of Conservation & Recreation75 | B80: 75 | C80: Department of Conservation & Recreation | D80: Tolland State Forest | E80: Low Mow Zone | H80: Implemented
A81: =C81&B81 -> Department of Conservation & Recreation76 | B81: 76 | C81: Department of Conservation & Recreation | D81: Tolland State Forest | E81: Low Mow Zone | H81: Implemented
A82: =C82&B82 -> Department of Conservation & Recreation77 | B82: 77 | C82: Department of Conservation & Recreation | D82: Wachusett Mountain State Reservation | E82: Low Mow Zone | H82: Implemented
A83: =C83&B83 -> Department of Conservation & Recreation78 | B83: 78 | C83: Department of Conservation & Recreation | D83: Wachusett Mountain State Reservation | E83: Low Mow Zone | H83: Implemented
A84: =C84&B84 -> Department of Conservation & Recreation79 | B84: 79 | C84: Department of Conservation & Recreation | D84: Wachusett Mountain State Reservation | E84: Low Mow Zone | H84: Implemented
A85: =C85&B85 -> Department of Conservation & Recreation80 | B85: 80 | C85: Department of Conservation & Recreation | D85: Wachusett Reservoir Regional Office | E85: Managed Meadow | F85: 2.1 | G85: 2017 | H85: Implemented
A86: =C86&B86 -> Department of Conservation & Recreation81 | B86: 81 | C86: Department of Conservation & Recreation | D86: Wachusett Reservoir Regional Office | E86: Managed Meadow | H86: Implemented
A87: =C87&B87 -> Department of Conservation & Recreation82 | B87: 82 | C87: Department of Conservation & Recreation | D87: Wachusett Reservoir Watershed | E87: Managed Meadow | F87: 35 | G87: 2014 | H87: Implemented
A88: =C88&B88 -> Department of Conservation & Recreation83 | B88: 83 | C88: Department of Conservation & Recreation | D88: Wachusett Reservoir Watershed | E88: Low Mow Zone | G88: 2017 | H88: Implemented
A89: =C89&B89 -> Department of Conservation & Recreation84 | B89: 84 | C89: Department of Conservation & Recreation | D89: Walden Pond State Reservation | E89: Managed Meadow | H89: Implemented
A90: =C90&B90 -> Department of Conservation & Recreation85 | B90: 85 | C90: Department of Conservation & Recreation | D90: Walden Pond State Reservation | E90: Pollinator Garden | H90: Implemented
